Workbook
Name BAA_ID: resources!$E$2:$E$1733
Name bool: misc!$B$2:$B$3
Name cam_d1911016_vamo_pcia: misc!$R$2:$R$5
Name cap_areas: misc!$G$2:$G$51
Name cap_sub_areas: misc!$H$2:$H$31
Name contract_status: misc!$A$2:$A$6
Name csp_cat: misc!$N$2:$N$30
Name csp_table: CSPReportSheet!$B$4:$H$38
Name d1911016_tranches: misc!$J$2:$J$9
Name d2106035_tranche: misc!$K$2:$K$23
Name Days: misc!$E$3:$E$33
Name Days_na: misc!$E$2:$E$33
Name elcc_type: resources!$G$2:$G$1733
Name energy_capacity_from_resource: misc!$L$2:$L$4
Name generator_name: resources!$B$2:$B$1733
Name int_count: misc!$E$2:$E$33
Name IQ_CH: 110000
Name IQ_CQ: 5000
Name IQ_CY: 10000
Name IQ_DAILY: 500000
Name IQ_FH: 100000
Name IQ_FQ: 500
Name IQ_FY: 1000
Name IQ_LTM: 2000
Name IQ_MONTH: 15000
Name IQ_NTM: 6000
Name IQ_WEEK: 50000
Name IQ_YTD: 3000
Name is_hybrid: misc!$M$2:$M$22
Name MAXGEN: resources!$C$2:$C$1733
Name Months: misc!$E$3:$E$14
Name Months_na: misc!$E$2:$E$14
Name nqc_reporting_source: misc!$Q$2:$Q$3
Name resolve_final_group: resources!$D$2:$D$1733
Name resources: resources!$A$2:$A$1733
Name solar_Technology_sub_type: misc!$O$2:$O$5
Name state_county: misc!$I$2:$I$76
Name storage_technology_sub_type: misc!$P$2:$P$5
Name supertype: resources!$F$2:$F$1733
Name transact: misc!$F$2:$F$4
Name Year: misc!$D$3:$D$93
Name Year_na: misc!$D$2:$D$93
Name yes_no: misc!$C$2:$C$4

Sheet README
A1: ReleaseVersion | B1: rdtv3
A2: ReleaseDate | B2: 44827
D4: In order to run the macro, LSEs must FIRST enable macros. Then, they are instructed to complete the RDT data entry fully, then push the button on the README tab.

Sheet ReleaseNotes
A1: ReleaseVersion | B1: ReleaseDate | C1: ID | D1: Note
A2: RDTv3 beta | B2: 44718
A3: RDTv3 Release | B3: 44727
A4: RDTv3 Updated | B4: 44732 | D4: Minor updates in columns' names
A5: RDTv3 Updated | B5: 44757 | D5: Reliability tabs updates & some minor updates to the resource tab
A6: RDTv3 Updated | B6: 44771 | D6: 1)"misc" tab: updated with all ELCC % values and added MRN/TRN ratios 2)“Reliability” tab: added formulas to pull MRN/TRN ratios from the “misc” worksheet; updated formatting for cells H23:J50 and L23:P50 (previously greyed out since results weren’t available for those years) 3)“Calcs” tab: updated formulas in columns S:T so that battery contracts with durations greater than or equal to 9 hours will get “8hr_batteries” ELCC%; updated formulas in columns S:T and added formulas in column Y so that battery contracts with durations less than 4 hours will get (“4hr_batteries” ELCC%) * (contract duration) / 4hr
A7: RDTv3 Updated | B7: 44796 | D7: 1)"resources" tab: updated to include several new resource IDs, remove duplicates, adjust how baseline hybrid/paired resources are characterized, and update some project-specific information 2) "btm_pv_forecast" tab: Added an additional LSE 3)“ReportSheet” tab: new macro generated error flag, Rows with invalid buying_energy_capacity and csp_resource_category; flags contracts with non-storage CSP resources is marked as CapacityOnly and is marked as CSP. 4)“ReportSheet” tab: summation now includes contracts that ara both "Buy" and "Owned"
A8: RDTv3 Updated | B8: 44827 | D8: 1) corrects made to macro 2) fixes the ELCC type issues for a few generic resources

Sheet unique_contracts
A1: lse_unique_contract_id | B1: resource | C1: alternative_resource_name | D1: contract_status | E1: project_interconnection_position | F1: interconnection_substation | G1: marginal_addition | H1: marginal_addition_to | I1: total_nameplate_capacity | J1: contracted_nameplate_capacity | K1: sep_contracted_mw_nqc | L1: contract_gwh_annual | M1: is_hybrid_paired | N1: can_charge_from_grid | O1: total_generator_mw | P1: contracted_generator_mw | Q1: total_storage_mw | R1: contracted_storage_mw | S1: solar_technology_sub_type | T1: storage_technology_sub_type | U1: total_storage_depth_mwh | V1: contracted_storage_depth_mwh | W1: viability_cod_reasonableness | X1: viability_technical_feasibility | Y1: viability_financing_sitecontrol | Z1: resource_mix | AA1: cam_d1911016_vamo_ghgfreepcia | AB1: buy_sell_own | AC1: counterparty | AD1: generator_supplier | AE1: developer_name | AF1: capacity_area | AG1: capacity_sub_area | AH1: cpuc_approval_ref | AI1: county | AJ1: COD_year | AK1: COD_month | AL1: COD_day | AM1: contract_start_date_year | AN1: contract_start_date_month | AO1: contract_start_date_day | AP1: contract_end_date_year | AQ1: contract_end_date_month | AR1: contract_end_date_day | AS1: contract_execution_date_year | AT1: contract_execution_date_month | AU1: contract_execution_date_day | AV1: tx_upgrades | AW1: tx_upgrade_date_year | AX1: tx_upgrade_date_month | AY1: tx_upgrade_date_day | AZ1: tx_upgrade_description | BA1: d1911016_tranche | BB1: d2106035_procurement_cat | BC1: mtr_tranche1_NQC | BD1: mtr_tranche2_NQC | BE1: mtr_tranche3_NQC | BF1: mtr_tranche4_NQC_LDES | BG1: mtr_tranche4_NQC_firm_ZE | BH1: mtr_NQC_ZE_gen_paired_dr | BI1: previous_COD_year | BJ1: previous_COD_month | BK1: previous_COD_day | BL1: remediation_plan | BM1: signed_contract | BN1: notice_to_proceed | BO1: public_contract | BP1: buying_energy_capacity | BQ1: NQC_reporting_source | BR1: procurement_origin | BS1: csp_resource_category | BT1: csp_annual_2024 | BU1: csp_annual_2026 | BV1: csp_annual_2030 | BW1: csp_annual_2035 | BX1: macro_supertype | BY1: notes
A2: VCEA40001 | B2: INDVLY_1_UNITS | C2: Indian Valley Hydro Project | D2: Online | G2: NO | I2: 2.9 | J2: 2.9 | K2: 1.9 | L2: 6.448 | M2: NotHybrid | AF2: NorthCoastNorthBay | AJ2: 2020 | AK2: 1 | AL2: 1 | AM2: 2020 | AN2: 6 | AO2: 1 | AP2: 2025 | AQ2: 5 | AR2: 31 | AS2: 2020 | AT2: 5 | AU2: 22 | AV2: NA | BM2: YES | BO2: NO | BP2: EnergyCapacity | BQ2: Calculated | BS2: Small Hydro (GWh) | BT2: 6.448 | BU2: 0 | BV2: 0 | BW2: 0 | BX2: physical
A3: VCEA50005 | B3: PUTHCR_1_SOLAR1 | C3: Putah Creek Energy Farm | D3: Development | F3: Putah Creek Circuit #1105 | G3: NO | I3: 3 | J3: 3 | K3: 3 | L3: 6.649 | M3: NewSolarNewStorage | N3: NO | O3: 3 | P3: 3 | Q3: 3 | R3: 3 | S3: 1Axis | T3: Li | U3: 12 | V3: 12 | W3: 4 | X3: 3 | Y3: 5 | AF3: PacGE | AG3: No_sub_area | AI3: YoloCounty | AJ3: 2022 | AK3: 8 | AL3: 8 | AM3: 2022 | AN3: 7 | AO3: 16 | AP3: 2042 | AQ3: 7 | AR3: 5 | AS3: 2020 | AT3: 11 | AU3: 13 | AV3: NA | BI3: 2021 | BJ3: 10 | BK3: 15 | BM3: YES | BO3: NO | BP3: EnergyCapacity | BQ3: Calculated | BS3: Hybrid_or_Paired_Solar_and_Battery (GWh) | BT3: 7.3 | BU3: 7.2 | BV3: 7 | BW3: 6.8 | BX3: physical | BY3: Volumes adjusted for storage roundtrip losses
A4: VCEA50004 | B4: _NEW_GENERIC_SOLAR_1AXIS | C4: Gibson Solar | D4: Development | F4: WOODLD_1_B1 | G4: NO | I4: 20 | J4: 20 | K4: 6.5 | L4: 50.902 | M4: NewSolarNewStorage | N4: NO | O4: 20 | P4: 20 | Q4: 6.5 | R4: 6.5 | S4: 1Axis | T4: Li | U4: 26 | V4: 26 | W4: 1 | X4: 2 | Y4: 2 | AF4: PacGE | AG4: No_sub_area | AI4: YoloCounty | AJ4: 2024 | AK4: 6 | AL4: 1 | AM4: 2024 | AN4: 6 | AO4: 1 | AP4: 2044 | AQ4: 5 | AR4: 31 | AS4: 2020 | AT4: 11 | AU4: 13 | AV4: YES | BI4: 2023 | BJ4: 3 | BK4: 31 | BM4: YES | BO4: NO | BP4: EnergyCapacity | BQ4: Calculated | BS4: Hybrid_or_Paired_Solar_and_Battery (GWh) | BT4: 53 | BU4: 52 | BV4: 51 | BW4: 50 | BX4: newgeneric | BY4: Volumes adjusted for storage roundtrip losses
A5: VCEA50007 | B5: _NEW_GENERIC_SOLAR_1AXIS | C5: Willow Springs Solar 3 or Willy 9 Chap 2 | D5: Development | F5: WIRLWIND_2_B1 | G5: NO | I5: 72 | J5: 72 | K5: 36 | L5: 212.463 | M5: NewSolarNewStorage | N5: NO | O5: 72 | P5: 72 | Q5: 36 | R5: 36 | S5: 1Axis | T5: Li | U5: 144 | V5: 144 | W5: 4 | X5: 3 | Y5: 5 | AF5: SCE | AI5: KernCounty | AJ5: 2023 | AK5: 12 | AL5: 31 | AM5: 2023 | AN5: 12 | AO5: 31 | AP5: 2038 | AQ5: 12 | AR5: 30 | AS5: 2021 | AT5: 10 | AU5: 15 | AV5: YES | BM5: YES | BO5: NO | BP5: EnergyCapacity | BQ5: Calculated | BS5: Hybrid_or_Paired_Solar_and_Battery (GWh) | BT5: 209 | BU5: 207 | BV5: 205 | BW5: 202 | BX5: newgeneric | BY5: New Resource Name from CAISO: Willy 9 Chap 2; Volumes adjusted for storage roundtrip losses
A6: VCEA50002 | B6: AQUAWS_2_AQWSR1 | C6: Aquamarine Westside | D6: Online | E6: 1117 | F6: Gate 230 KV PG&E Substation | G6: NO | I6: 250 | J6: 50 | K6: 7 | L6: 130 | M6: NotHybrid | AA6: D.19-11-016 | AC6: non-LSE supplier | AE6: NA | AF6: PacGE | AI6: KingsCounty | AJ6: 2021 | AK6: 9 | AL6: 22 | AM6: 2021 | AN6: 9 | AO6: 22 | AP6: 2036 | AQ6: 9 | AR6: 21 | AS6: 2020 | AT6: 2 | AU6: 14 | AV6: NA | BA6: 2&3 | BI6: 2021 | BJ6: 9 | BK6: 24 | BL6: NA | BM6: YES | BN6: YES | BO6: YES, but aspects of contract are confidential | BP6: EnergyCapacity | BQ6: Calculated | BR6: D1911016 | BS6: Solar Existing California (GWh) | BT6: 130 | BU6: 127 | BV6: 121 | BW6: 114 | BX6: physical
A7: VESI10LLC | B7: _NEW_GENERIC_BATTERY_STORAGE | C7: Tierra Buena | D7: Online | E7: 2694-WD | F7: PG&E 12.47 kV Distribution | G7: NO | I7: 2.5 | J7: 2.5 | K7: 2.5 | L7: 0 | M7: NotHybrid | T7: Li | U7: 10 | V7: 10 | AA7: D.19-11-016 | AC7: non-LSE supplier | AE7: NA | AF7: Sierra | AG7: Sierra Pease | AI7: SutterCounty | AJ7: 2022 | AK7: 6 | AL7: 3 | AM7: 2022 | AN7: 6 | AO7: 3 | AP7: 2032 | AQ7: 6 | AR7: 2 | AS7: 2020 | AT7: 9 | AU7: 11 | AV7: NA | BA7: 2 | BI7: 2022 | BJ7: 6 | BK7: 1 | BL7: NA | BM7: YES | BN7: YES | BO7: YES, but aspects of contract are confidential | BP7: CapacityOnly | BQ7: In the contract | BR7: D1911016 | BS7: NA | BX7: newgeneric | BY7: Resource ID: PEASE_1_TBEBT1
A8: Leapfrog | B8: _EXISTING_GENERIC_DR | C8: Leapfrog Demand Reponse RA | D8: Online | G8: NO | I8: 7 | J8: 7 | K8: 7 | L8: 0 | M8: NotHybrid | AA8: D.19-11-016 | AC8: non-LSE supplier | AE8: NA | AF8: PacGE | AI8: California | AJ8: 2021 | AK8: 6 | AL8: 1 | AM8: 2021 | AN8: 6 | AO8: 1 | AP8: 2031 | AQ8: 5 | AR8: 31 | AS8: 2020 | AT8: 9 | AU8: 11 | AV8: NA | BA8: 1 | BI8: 2021 | BJ8: 6 | BK8: 1 | BL8: NA | BM8: YES | BN8: YES | BO8: YES, but aspects of contract are confidential | BP8: EnergyCapacity | BQ8: In the contract | BR8: D1911016 | BS8: Shed DR (MW) | BT8: 7 | BU8: 7 | BV8: 7 | BW8: 0 | BX8: existinggeneric
A9: VCEA50006_MTR_Tranche_1 | B9: _NEW_GENERIC_SOLAR_1AXIS | C9: Resurgence Solar | D9: Development | E9: repower project, no queue position | G9: NO | I9: 90 | J9: 90 | K9: 63.06 | L9: 265 | M9: NewSolarNewStorage | N9: NO | O9: 90 | P9: 90 | Q9: 75 | R9: 75 | S9: 1Axis | T9: Li | U9: 300 | V9: 300 | W9: 4 | X9: 2 | Y9: 5 | AC9: non-LSE supplier | AE9: NextEra Energy Capital Holdings, Inc. | AF9: SCE | AI9: SanBernardinoCounty | AJ9: 2023 | AK9: 5 | AL9: 15 | AM9: 2023 | AN9: 5 | AO9: 15 | AP9: 2043 | AQ9: 5 | AR9: 14 | AS9: 2021 | AT9: 1 | AU9: 21 | AV9: YES | AW9: 2022 | AX9: 11 | AY9: 15 | AZ9: SCE Facility Upgrade | BB9: general_&_ZE_gen_paired_dr | BC9: 44.03 | BD9: 24.66 | BE9: 6.85 | BH9: 57.8 | BM9: YES | BO9: YES, but aspects of contract are confidential | BP9: EnergyCapacity | BQ9: Calculated | BR9: D2106035 | BS9: Hybrid_or_Paired_Solar_and_Battery (GWh) | BT9: 250 | BU9: 248 | BV9: 242 | BW9: 236 | BX9: newgeneric | BY9: Volumes adjusted for storage roundtrip losses
A10: Tumbleweed_2026-2041 | B10: _NEW_GENERIC_BATTERY_STORAGE | C10: CC Power Tumbleweed | D10: Development | E10: Q-1217 | F10: N/A | G10: NO | I10: 69 | J10: 2.86 | K10: 2.86 | L10: 0 | M10: NotHybrid | T10: Li | U10: 552 | V10: 22.88 | W10: 4 | X10: 3 | Y10: 5 | AC10: non-LSE supplier | AE10: LS Power | AF10: SCE | AI10: KernCounty | AJ10: 2026 | AK10: 6 | AL10: 1 | AM10: 2026 | AN10: 6 | AO10: 1 | AP10: 2041 | AQ10: 5 | AR10: 31 | AS10: 2022 | AT10: 4 | AU10: 19 | AV10: YES | AW10: 2025 | AX10: 12 | AY10: 31 | AZ10: SCE Facility Upgrade | BB10: long_duration_storage | BF10: 2.24 | BM10: YES | BO10: YES, but aspects of contract are confidential | BP10: EnergyCapacity | BQ10: Calculated | BR10: D2106035 | BS10: Battery Storage (MWh Energy Capacity) | BT10: 22.88 | BU10: 22.88 | BV10: 22.88 | BW10: 22.88 | BX10: newgeneric
A11: Goal Line_2025-2040 | B11: _NEW_GENERIC_BATTERY_STORAGE | C11: CC Power Goal Line | D11: Development | E11: 1832 | G11: NO | I11: 50 | J11: 2.25 | K11: 2.25 | L11: 0 | M11: NotHybrid | T11: Li | U11: 400 | V11: 18 | W11: 3 | X11: 3 | Y11: 2 | AC11: non-LSE supplier | AE11: Onward Energy | AF11: SDGE | AI11: SanDiegoCounty | AJ11: 2025 | AK11: 6 | AL11: 1 | AM11: 2025 | AN11: 6 | AO11: 1 | AP11: 2040 | AQ11: 5 | AR11: 31 | AS11: 2022 | AT11: 5 | AU11: 18 | AV11: NA | BB11: long_duration_storage | BF11: 1.76 | BM11: YES | BO11: YES, but aspects of contract are confidential | BP11: EnergyCapacity | BQ11: Calculated | BR11: D2106035 | BS11: Battery Storage (MWh Energy Capacity) | BT11: 18 | BU11: 18 | BV11: 18 | BW11: 18 | BX11: newgeneric
A12: 20220531_CCPower_OME_FishLake_Geo_VCE​ | B12: _NEW_GENERIC_GEOTHERMAL | C12: Fish Lake Geothermal | D12: Development | E12: geothermal_import_planned | F12: NV Energy Silver Peak / CAISO delivery at MONAIPPDC_ITC | G12: NA | I12: 13 | J12: 0.416 | K12: 0.36187604 | L12: 3.5098762 | W12: 3 | X12: 3 | Y12: 4 | AB12: Buy | AC12: non-LSE supplier | AD12: Open_Mountain_Energy | AE12: Open_Mountain_Energy | AF12: NEVP | AI12: Nevada | AJ12: 2024 | AK12: 6 | AL12: 1 | AM12: 2024 | AN12: 6 | AO12: 1 | AP12: 2044 | AQ12: 5 | AR12: 31 | AS12: 2022 | AT12: 5 | AU12: 31 | AV12: NO | BA12: NA | BB12: firm_ZE | BG12: 0.36187604 | BM12: YES | BO12: YES | BP12: EnergyCapacity | BQ12: Calculated | BR12: D2106035 | BS12: Geothermal (GWh) | BT12: 1.9877641 | BU12: 3.5098762 | BV12: 3.5098762 | BW12: 3.5098762 | BX12: newgeneric | BY12: Represents share of CC Power contract for MTR
A13: 20220531_CCPower_Ormat_Portfolio_Geo_Project1_VCE​ | B13: _NEW_GENERIC_GEOTHERMAL | C13: Ormat Portfolio | D13: Development | E13: geothermal_import_planned | F13: NV Energy Indian Springs Switching Station 120 kV / CAISO delivery at MEAD_ITC, MERCHANT_ITC, SUMMIT_ITC, or GONDIPPDC_ITC | G13: NA | I13: 16.666667 | J13: 0.61666667 | K13: 0.55149578 | L13: 5.2918578 | W13: 2 | X13: 2 | Y13: 4 | AB13: Buy | AC13: non-LSE supplier | AD13: Ormat | AE13: Ormat | AF13: NEVP | AI13: Nevada | AJ13: 2024 | AK13: 10 | AL13: 1 | AM13: 2024 | AN13: 10 | AO13: 1 | AP13: 2044 | AQ13: 9 | AR13: 30 | AS13: 2022 | AT13: 5 | AU13: 31 | AV13: NO | BA13: NA | BB13: firm_ZE | BG13: 0.55149578 | BM13: YES | BO13: YES | BP13: EnergyCapacity | BQ13: Calculated | BR13: D2106035 | BS13: Geothermal (GWh) | BT13: 1.4782329 | BU13: 5.2918578 | BV13: 5.2918578 | BW13: 5.2918578 | BX13: newgeneric | BY13: Represents share of CC Power contract for MTR; representing candidate project in portfolio (not yet finalized and subject to flux); supplier indicating likely delay; dependent on MIC
A14: 20220531_CCPower_Ormat_Portfolio_Geo_Project2_VCE​ | B14: _NEW_GENERIC_GEOTHERMAL | C14: Ormat Portfolio | D14: Development | E14: geothermal_import_planned | F14: NV Energy Millers Substation 120 kV / CAISO delivery at MEAD_ITC, MERCHANT_ITC, SUMMIT_ITC, or GONDIPPDC_ITC | G14: NA | I14: 20.833333 | J14: 0.77083333 | K14: 0.6290852 | L14: 6.5983244 | W14: 2 | X14: 2 | Y14: 4 | AB14: Buy | AC14: non-LSE supplier | AD14: Ormat | AE14: Ormat | AF14: NEVP | AI14: Nevada | AJ14: 2025 | AK14: 1 | AL14: 1 | AM14: 2025 | AN14: 1 | AO14: 1 | AP14: 2044 | AQ14: 9 | AR14: 30 | AS14: 2022 | AT14: 5 | AU14: 31 | AV14: NO | BA14: NA | BB14: firm_ZE | BG14: 0.6290852 | BM14: YES | BO14: YES | BP14: EnergyCapacity | BQ14: Calculated | BR14: D2106035 | BS14: Geothermal (GWh) | BT14: 0 | BU14: 6.5983244 | BV14: 6.5983244 | BW14: 6.5983244 | BX14: newgeneric | BY14: Represents share of CC Power contract for MTR; representing candidate project in portfolio (not yet finalized and subject to flux); supplier indicating likely delay; dependent on MIC
A15: 20220531_CCPower_Ormat_Portfolio_Geo_Project3_VCE​ | B15: _NEW_GENERIC_GEOTHERMAL | C15: Ormat Portfolio | D15: Development | E15: geothermal_import_planned | F15: NV Energy Millers Substation 120 kV / CAISO delivery at MEAD_ITC, MERCHANT_ITC, SUMMIT_ITC, or GONDIPPDC_ITC | G15: NA | I15: 16.666667 | J15: 0.61666667 | K15: 0.42648667 | L15: 5.3015117 | W15: 2 | X15: 2 | Y15: 4 | AB15: Buy | AC15: non-LSE supplier | AD15: Ormat | AE15: Ormat | AF15: NEVP | AI15: Nevada | AJ15: 2025 | AK15: 6 | AL15: 1 | AM15: 2025 | AN15: 6 | AO15: 1 | AP15: 2044 | AQ15: 9 | AR15: 30 | AS15: 2022 | AT15: 5 | AU15: 31 | AV15: NO | BA15: NA | BB15: firm_ZE | BG15: 0.42648667 | BM15: YES | BO15: YES | BP15: EnergyCapacity | BQ15: Calculated | BR15: D2106035 | BS15: Geothermal (GWh) | BT15: 0 | BU15: 5.3015117 | BV15: 5.3015117 | BW15: 5.3015117 | BX15: newgeneric | BY15: Represents share of CC Power contract for MTR; representing candidate project in portfolio (not yet finalized and subject to flux); supplier indicating likely delay; dependent on MIC
A16: 20220531_CCPower_Ormat_Portfolio_Geo_Project4_VCE​ | B16: _NEW_GENERIC_GEOTHERMAL | C16: Ormat Portfolio | D16: Development | E16: geothermal_import_planned | F16: IID New Seaside SS 161 kV ("L" line) / CAISO delivery at IID-SDGE_ITC | G16: NA | I16: 16.666667 | J16: 0.61666667 | K16: 0.51021535 | L16: 5.3076948 | W16: 2 | X16: 2 | Y16: 4 | AB16: Buy | AC16: non-LSE supplier | AD16: Ormat | AE16: Ormat | AF16: IID | AI16: Imperial | AJ16: 2025 | AK16: 9 | AL16: 1 | AM16: 2025 | AN16: 9 | AO16: 1 | AP16: 2044 | AQ16: 9 | AR16: 30 | AS16: 2022 | AT16: 5 | AU16: 31 | AV16: NO | BA16: NA | BB16: firm_ZE | BG16: 0.51021535 | BM16: YES | BO16: YES | BP16: EnergyCapacity | BQ16: Calculated | BR16: D2106035 | BS16: Geothermal (GWh) | BT16: 0 | BU16: 5.3076948 | BV16: 5.3076948 | BW16: 5.3076948 | BX16: newgeneric | BY16: Represents share of CC Power contract for MTR; representing candidate project in portfolio (not yet finalized and subject to flux); supplier indicating likely delay; dependent on MIC
A17: 20220531_CCPower_Ormat_Portfolio_Geo_Project5_VCE​ | B17: _NEW_GENERIC_GEOTHERMAL | C17: Ormat Portfolio | D17: Development | E17: geothermal_import_planned | F17: IID New Seaside SS 161 kV ("L" line) / CAISO delivery at IID-SDGE_ITC | G17: NA | I17: 16.666667 | J17: 0.61666667 | K17: 0.51021535 | L17: 5.3076948 | W17: 2 | X17: 2 | Y17: 4 | AB17: Buy | AC17: non-LSE supplier | AD17: Ormat | AE17: Ormat | AF17: IID | AI17: Imperial | AJ17: 2025 | AK17: 10 | AL17: 1 | AM17: 2025 | AN17: 10 | AO17: 1 | AP17: 2044 | AQ17: 9 | AR17: 30 | AS17: 2022 | AT17: 5 | AU17: 31 | AV17: NO | BA17: NA | BB17: firm_ZE | BG17: 0.51021535 | BM17: YES | BO17: YES | BP17: EnergyCapacity | BQ17: Calculated | BR17: D2106035 | BS17: Geothermal (GWh) | BT17: 0 | BU17: 5.3076948 | BV17: 5.3076948 | BW17: 5.3076948 | BX17: newgeneric | BY17: Represents share of CC Power contract for MTR; representing candidate project in portfolio (not yet finalized and subject to flux); supplier indicating likely delay; dependent on MIC
A18: 20220531_CCPower_Ormat_Portfolio_Geo_Project6_VCE​ | B18: _NEW_GENERIC_GEOTHERMAL | C18: Ormat Portfolio | D18: Development | E18: geothermal_import_planned | F18: IID 92kV 'PW' Line Between El Centro and Pruett Sub / CAISO delivery at IID-SDGE_ITC or IID-SCE_ITC | G18: NA | I18: 16.666667 | J18: 0.61666667 | K18: 0.52899121 | L18: 5.2965152 | W18: 2 | X18: 2 | Y18: 4 | AB18: Buy | AC18: non-LSE supplier | AD18: Ormat | AE18: Ormat | AF18: IID | AI18: Imperial | AJ18: 2026 | AK18: 1 | AL18: 1 | AM18: 2026 | AN18: 1 | AO18: 1 | AP18: 2044 | AQ18: 9 | AR18: 30 | AS18: 2022 | AT18: 5 | AU18: 31 | AV18: NO | BA18: NA | BB18: firm_ZE | BG18: 0.52899121 | BM18: YES | BO18: YES | BP18: EnergyCapacity | BQ18: Calculated | BR18: D2106035 | BS18: Geothermal (GWh) | BT18: 0 | BU18: 5.2965152 | BV18: 5.2965152 | BW18: 5.2965152 | BX18: newgeneric | BY18: Represents share of CC Power contract for MTR; representing candidate project in portfolio (not yet finalized and subject to flux); supplier indicating likely delay; dependent on MIC
A19: 20220531_CCPower_Ormat_Portfolio_Geo_Project7_VCE​ | B19: _CREZ_GENERIC_SOLANO_GEOTHERMAL | C19: Ormat Portfolio | D19: Development | E19: 1859 | F19: Geysers #3- Cloverdale 115 kV | G19: NA | I19: 20.833333 | J19: 0.77083333 | K19: 0.6531533 | L19: 6.6550488 | W19: 2 | X19: 2 | Y19: 4 | AB19: Buy | AC19: non-LSE supplier | AD19: Ormat | AE19: Ormat | AF19: PacGE | AI19: SonomaCounty | AJ19: 2026 | AK19: 12 | AL19: 1 | AM19: 2026 | AN19: 12 | AO19: 1 | AP19: 2044 | AQ19: 9 | AR19: 30 | AS19: 2022 | AT19: 5 | AU19: 31 | AV19: YES | AW19: 2029 | AX19: 1 | AY19: 1 | AZ19: Cluter 14 Network Upgrade | BA19: NA | BB19: firm_ZE | BG19: 0.6531533 | BM19: YES | BO19: YES | BP19: EnergyCapacity | BQ19: Calculated | BR19: D2106035 | BS19: Geothermal (GWh) | BT19: 0 | BU19: 0.64134889 | BV19: 6.6550488 | BW19: 6.6550488 | BX19: newresolve | BY19: Represents share of CC Power contract for MTR; representing candidate project in portfolio (not yet finalized and subject to flux); supplier indicating likely delay; dependent on MIC
A20: VCEA_IRP2022_N_CA_wind_26 | B20: _CREZ_GENERIC_NORTHERN_CALIFORNIA_EX_WIND | C20: VCEA_IRP2022_N_CA_wind_26 | D20: PlannedNew | G20: NO | J20: 20 | K20: 6 | L20: 51.4 | M20: NotHybrid | W20: 1 | X20: 2 | Y20: 1 | AF20: PacGE | AJ20: 2026 | AK20: 1 | AL20: 1 | AM20: 2026 | AN20: 1 | AO20: 1 | AP20: 2050 | AQ20: 12 | AR20: 31 | AS20: 2026 | AT20: 1 | AU20: 1 | AV20: NA | BM20: NO | BO20: NO | BP20: EnergyCapacity | BQ20: Calculated | BS20: Wind New PG&E (GWh) | BT20: 0 | BU20: 51.4 | BV20: 51.4 | BW20: 51.4 | BX20: newresolve | BY20: new resource selected from portfolio optimization exercise
A21: VCEA_IRP2022_N_CA_wind_30 | B21: _CREZ_GENERIC_NORTHERN_CALIFORNIA_EX_WIND | C21: VCEA_IRP2022_N_CA_wind_30 | D21: PlannedNew | G21: NO | J21: 19 | K21: 5.7 | L21: 48.5 | M21: NotHybrid | W21: 1 | X21: 2 | Y21: 1 | AF21: PacGE | AJ21: 2030 | AK21: 1 | AL21: 1 | AM21: 2030 | AN21: 1 | AO21: 1 | AP21: 2050 | AQ21: 12 | AR21: 31 | AS21: 2030 | AT21: 1 | AU21: 1 | AV21: NA | BM21: NO | BO21: NO | BP21: EnergyCapacity | BQ21: Calculated | BS21: Wind New PG&E (GWh) | BT21: 0 | BU21: 0 | BV21: 48.5 | BW21: 48.5 | BX21: newresolve | BY21: new resource selected from portfolio optimization exercise
A22: VCEA_IRP2022_Offshore_wind_30 | B22: _CREZ_GENERIC_HUMBOLDT_BAY_OFFSHORE_WIND | C22: VCEA_IRP2022_Offshore_wind_30 | D22: PlannedNew | G22: NO | J22: 8.5 | K22: 2.89 | L22: 40.2 | M22: NotHybrid | W22: 1 | X22: 1 | Y22: 1 | AF22: PacGE | AJ22: 2030 | AK22: 1 | AL22: 1 | AM22: 2030 | AN22: 1 | AO22: 1 | AP22: 2050 | AQ22: 12 | AR22: 31 | AS22: 2030 | AT22: 1 | AU22: 1 | AV22: NA | BM22: NO | BO22: NO | BP22: EnergyCapacity | BQ22: Calculated | BS22: Wind Offshore Humboldt (GWh) | BT22: 0 | BU22: 0 | BV22: 40.2 | BW22: 40.2 | BX22: newresolve | BY22: new resource selected from portfolio optimization exercise
A23: VCEA_IRP2022_Offshore_wind_35 | B23: _CREZ_GENERIC_HUMBOLDT_BAY_OFFSHORE_WIND | C23: VCEA_IRP2022_Offshore_wind_35 | D23: PlannedNew | G23: NO | J23: 26.5 | K23: 9.01 | L23: 127.6 | M23: NotHybrid | W23: 1 | X23: 1 | Y23: 1 | AF23: PacGE | AJ23: 2035 | AK23: 1 | AL23: 1 | AM23: 2035 | AN23: 1 | AO23: 1 | AP23: 2050 | AQ23: 12 | AR23: 31 | AS23: 2035 | AT23: 1 | AU23: 1 | AV23: NA | BM23: NO | BO23: NO | BP23: EnergyCapacity | BQ23: Calculated | BS23: Wind Offshore Humboldt (GWh) | BT23: 0 | BU23: 0 | BV23: 0 | BW23: 127.6 | BX23: newresolve | BY23: new resource selected from portfolio optimization exercise
A24: VCEA_IRP2022_RA_Only_24 | B24: _EXISTING_GENERIC_COMBINED_CYCLE | C24: VCEA_IRP2022_RA_Only_24 | D24: PlannedExisting | G24: NO | J24: 33 | K24: 33 | L24: 0 | M24: NotHybrid | AF24: PacGE | AJ24: 2024 | AK24: 1 | AL24: 1 | AM24: 2024 | AN24: 1 | AO24: 1 | AP24: 2024 | AQ24: 12 | AR24: 31 | AS24: 2024 | AT24: 1 | AU24: 1 | AV24: NA | BM24: NO | BO24: NO | BP24: CapacityOnly | BQ24: Calculated | BS24: NA | BX24: existinggeneric | BY24: RA only commercial transaction; assigning elcc type of "unspecified_import" since contract will volume will be for guaranteed RA volume
A25: VCEA_IRP2022_RA_Only_25 | B25: _EXISTING_GENERIC_COMBINED_CYCLE | C25: VCEA_IRP2022_RA_Only_25 | D25: PlannedExisting | G25: NO | J25: 42.366866 | K25: 42.366866 | L25: 0 | M25: NotHybrid | AF25: PacGE | AJ25: 2025 | AK25: 1 | AL25: 1 | AM25: 2025 | AN25: 1 | AO25: 1 | AP25: 2025 | AQ25: 12 | AR25: 31 | AS25: 2025 | AT25: 1 | AU25: 1 | AV25: NA | BM25: NO | BO25: NO | BP25: CapacityOnly | BQ25: Calculated | BS25: NA | BX25: existinggeneric | BY25: RA only commercial transaction; assigning elcc type of "unspecified_import" since contract will volume will be for guaranteed RA volume
A26: VCEA_IRP2022_RA_Only_26 | B26: _EXISTING_GENERIC_COMBINED_CYCLE | C26: VCEA_IRP2022_RA_Only_26 | D26: PlannedExisting | G26: NO | J26: 42 | K26: 42 | L26: 0 | M26: NotHybrid | AF26: PacGE | AJ26: 2026 | AK26: 1 | AL26: 1 | AM26: 2026 | AN26: 1 | AO26: 1 | AP26: 2026 | AQ26: 12 | AR26: 31 | AS26: 2026 | AT26: 1 | AU26: 1 | AV26: NA | BM26: NO | BO26: NO | BP26: CapacityOnly | BQ26: Calculated | BS26: NA | BX26: existinggeneric | BY26: RA only commercial transaction; assigning elcc type of "unspecified_import" since contract will volume will be for guaranteed RA volume
A27: VCEA_IRP2022_RA_Only_27 | B27: _EXISTING_GENERIC_COMBINED_CYCLE | C27: VCEA_IRP2022_RA_Only_27 | D27: PlannedExisting | G27: NO | J27: 57.056491 | K27: 57.056491 | L27: 0 | M27: NotHybrid | AF27: PacGE | AJ27: 2027 | AK27: 1 | AL27: 1 | AM27: 2027 | AN27: 1 | AO27: 1 | AP27: 2027 | AQ27: 12 | AR27: 31 | AS27: 2027 | AT27: 1 | AU27: 1 | AV27: NA | BM27: NO | BO27: NO | BP27: CapacityOnly | BQ27: Calculated | BS27: NA | BX27: existinggeneric | BY27: RA only commercial transaction; assigning elcc type of "unspecified_import" since contract will volume will be for guaranteed RA volume
A28: VCEA_IRP2022_RA_Only_28 | B28: _EXISTING_GENERIC_COMBINED_CYCLE | C28: VCEA_IRP2022_RA_Only_28 | D28: PlannedExisting | G28: NO | J28: 69.719981 | K28: 69.719981 | L28: 0 | M28: NotHybrid | AF28: PacGE | AJ28: 2028 | AK28: 1 | AL28: 1 | AM28: 2028 | AN28: 1 | AO28: 1 | AP28: 2028 | AQ28: 12 | AR28: 31 | AS28: 2028 | AT28: 1 | AU28: 1 | AV28: NA | BM28: NO | BO28: NO | BP28: CapacityOnly | BQ28: Calculated | BS28: NA | BX28: existinggeneric | BY28: RA only commercial transaction; assigning elcc type of "unspecified_import" since contract will volume will be for guaranteed RA volume
A29: VCEA_IRP2022_RA_Only_29 | B29: _EXISTING_GENERIC_COMBINED_CYCLE | C29: VCEA_IRP2022_RA_Only_29 | D29: PlannedExisting | G29: NO | J29: 75.912029 | K29: 75.912029 | L29: 0 | M29: NotHybrid | AF29: PacGE | AJ29: 2029 | AK29: 1 | AL29: 1 | AM29: 2029 | AN29: 1 | AO29: 1 | AP29: 2029 | AQ29: 12 | AR29: 31 | AS29: 2029 | AT29: 1 | AU29: 1 | AV29: NA | BM29: NO | BO29: NO | BP29: CapacityOnly | BQ29: Calculated | BS29: NA | BX29: existinggeneric | BY29: RA only commercial transaction; assigning elcc type of "unspecified_import" since contract will volume will be for guaranteed RA volume
A30: VCEA_IRP2022_RA_Only_30 | B30: _EXISTING_GENERIC_COMBINED_CYCLE | C30: VCEA_IRP2022_RA_Only_30 | D30: PlannedExisting | G30: NO | J30: 26.707275 | K30: 26.707275 | L30: 0 | M30: NotHybrid | AF30: PacGE | AJ30: 2030 | AK30: 1 | AL30: 1 | AM30: 2030 | AN30: 1 | AO30: 1 | AP30: 2030 | AQ30: 12 | AR30: 31 | AS30: 2030 | AT30: 1 | AU30: 1 | AV30: NA | BM30: NO | BO30: NO | BP30: CapacityOnly | BQ30: Calculated | BS30: NA | BX30: existinggeneric | BY30: RA only commercial transaction; assigning elcc type of "unspecified_import" since contract will volume will be for guaranteed RA volume
A31: VCEA_IRP2022_RA_Only_31 | B31: _EXISTING_GENERIC_COMBINED_CYCLE | C31: VCEA_IRP2022_RA_Only_31 | D31: PlannedExisting | G31: NO | J31: 44.165806 | K31: 44.165806 | L31: 0 | M31: NotHybrid | AF31: PacGE | AJ31: 2031 | AK31: 1 | AL31: 1 | AM31: 2031 | AN31: 1 | AO31: 1 | AP31: 2031 | AQ31: 12 | AR31: 31 | AS31: 2031 | AT31: 1 | AU31: 1 | AV31: NA | BM31: NO | BO31: NO | BP31: CapacityOnly | BQ31: Calculated | BS31: NA | BX31: existinggeneric | BY31: RA only commercial transaction; assigning elcc type of "unspecified_import" since contract will volume will be for guaranteed RA volume
A32: VCEA_IRP2022_RA_Only_32 | B32: _EXISTING_GENERIC_COMBINED_CYCLE | C32: VCEA_IRP2022_RA_Only_32 | D32: PlannedExisting | G32: NO | J32: 59.701232 | K32: 59.701232 | L32: 0 | M32: NotHybrid | AF32: PacGE | AJ32: 2032 | AK32: 1 | AL32: 1 | AM32: 2032 | AN32: 1 | AO32: 1 | AP32: 2032 | AQ32: 12 | AR32: 31 | AS32: 2032 | AT32: 1 | AU32: 1 | AV32: NA | BM32: NO | BO32: NO | BP32: CapacityOnly | BQ32: Calculated | BS32: NA | BX32: existinggeneric | BY32: RA only commercial transaction; assigning elcc type of "unspecified_import" since contract will volume will be for guaranteed RA volume
A33: VCEA_IRP2022_RA_Only_33 | B33: _EXISTING_GENERIC_COMBINED_CYCLE | C33: VCEA_IRP2022_RA_Only_33 | D33: PlannedExisting | G33: NO | J33: 70.938671 | K33: 70.938671 | L33: 0 | M33: NotHybrid | AF33: PacGE | AJ33: 2033 | AK33: 1 | AL33: 1 | AM33: 2033 | AN33: 1 | AO33: 1 | AP33: 2033 | AQ33: 12 | AR33: 31 | AS33: 2033 | AT33: 1 | AU33: 1 | AV33: NA | BM33: NO | BO33: NO | BP33: CapacityOnly | BQ33: Calculated | BS33: NA | BX33: existinggeneric | BY33: RA only commercial transaction; assigning elcc type of "unspecified_import" since contract will volume will be for guaranteed RA volume
A34: VCEA_IRP2022_RA_Only_34 | B34: _EXISTING_GENERIC_COMBINED_CYCLE | C34: VCEA_IRP2022_RA_Only_34 | D34: PlannedExisting | G34: NO | J34: 93.558151 | K34: 93.558151 | L34: 0 | M34: NotHybrid | AF34: PacGE | AJ34: 2034 | AK34: 1 | AL34: 1 | AM34: 2034 | AN34: 1 | AO34: 1 | AP34: 2034 | AQ34: 12 | AR34: 31 | AS34: 2034 | AT34: 1 | AU34: 1 | AV34: NA | BM34: NO | BO34: NO | BP34: CapacityOnly | BQ34: Calculated | BS34: NA | BX34: existinggeneric | BY34: RA only commercial transaction; assigning elcc type of "unspecified_import" since contract will volume will be for guaranteed RA volume
A35: VCEA_IRP2022_RA_Only_35 | B35: _EXISTING_GENERIC_COMBINED_CYCLE | C35: VCEA_IRP2022_RA_Only_35 | D35: PlannedExisting | G35: NO | J35: 79.619657 | K35: 79.619657 | L35: 0 | M35: NotHybrid | AF35: PacGE | AJ35: 2035 | AK35: 1 | AL35: 1 | AM35: 2035 | AN35: 1 | AO35: 1 | AP35: 2035 | AQ35: 12 | AR35: 31 | AS35: 2035 | AT35: 1 | AU35: 1 | AV35: NA | BM35: NO | BO35: NO | BP35: CapacityOnly | BQ35: Calculated | BS35: NA | BX35: existinggeneric | BY35: RA only commercial transaction; assigning elcc type of "unspecified_import" since contract will volume will be for guaranteed RA volume
A36: VCEA_IRP2022_4_NorCA_2024 | B36: _NEW_GENERIC_BATTERY_STORAGE | C36: VCEA_IRP2022_4_NorCA_2024 | D36: PlannedNew | G36: NO | J36: 6.5 | K36: 6.5 | L36: 0 | M36: NotHybrid | T36: Li | U36: 26 | V36: 26 | W36: 1 | X36: 2 | Y36: 1 | AF36: PacGE | AJ36: 2024 | AK36: 1 | AL36: 1 | AM36: 2024 | AN36: 1 | AO36: 1 | AP36: 2033 | AQ36: 12 | AR36: 31 | AS36: 2024 | AT36: 1 | AU36: 1 | AV36: NA | BM36: NO | BO36: NO | BP36: EnergyCapacity | BQ36: Calculated | BS36: Battery Storage (MWh Energy Capacity) | BT36: 26 | BU36: 26 | BV36: 26 | BW36: 0 | BX36: newgeneric | BY36: new resource selected from portfolio optimization exercise
A37: VCEA_IRP2022_4_SorCA_2024 | B37: _NEW_GENERIC_BATTERY_STORAGE | C37: VCEA_IRP2022_4_SorCA_2024 | D37: PlannedNew | G37: NO | J37: 13.5 | K37: 13.5 | L37: 0 | M37: NotHybrid | T37: Li | U37: 54 | V37: 54 | W37: 1 | X37: 2 | Y37: 1 | AF37: PacGE | AJ37: 2024 | AK37: 1 | AL37: 1 | AM37: 2024 | AN37: 1 | AO37: 1 | AP37: 2033 | AQ37: 12 | AR37: 31 | AS37: 2024 | AT37: 1 | AU37: 1 | AV37: NA | BM37: NO | BO37: NO | BP37: EnergyCapacity | BQ37: Calculated | BS37: Battery Storage (MWh Energy Capacity) | BT37: 54 | BU37: 54 | BV37: 54 | BW37: 0 | BX37: newgeneric | BY37: new resource selected from portfolio optimization exercise
A38: VCEA_IRP2022_6_LiBatt_2030 | B38: _NEW_GENERIC_BATTERY_STORAGE | C38: VCEA_IRP2022_6_LiBatt_2030 | D38: PlannedNew | G38: NO | J38: 53 | K38: 53 | L38: 0 | M38: NotHybrid | T38: Li | U38: 318 | V38: 318 | W38: 1 | X38: 2 | Y38: 1 | AF38: PacGE | AJ38: 2030 | AK38: 1 | AL38: 1 | AM38: 2030 | AN38: 1 | AO38: 1 | AP38: 2045 | AQ38: 12 | AR38: 31 | AS38: 2035 | AT38: 1 | AU38: 1 | AV38: NA | BM38: NO | BO38: NO | BP38: EnergyCapacity | BQ38: Calculated | BS38: Battery Storage (MWh Energy Capacity) | BT38: 0 | BU38: 0 | BV38: 318 | BW38: 318 | BX38: newgeneric | BY38: new resource selected from portfolio optimization exercise
A39: VCEA_IRP2022_8_LiBatt_2035 | B39: _NEW_GENERIC_BATTERY_STORAGE | C39: VCEA_IRP2022_8_LiBatt_2035 | D39: PlannedNew | G39: NO | J39: 17 | K39: 17 | L39: 0 | M39: NotHybrid | T39: Li | U39: 136 | V39: 136 | W39: 1 | X39: 2 | Y39: 1 | AF39: PacGE | AJ39: 2035 | AK39: 1 | AL39: 1 | AM39: 2035 | AN39: 1 | AO39: 1 | AP39: 2045 | AQ39: 12 | AR39: 31 | AS39: 2035 | AT39: 1 | AU39: 1 | AV39: NA | BM39: NO | BO39: NO | BP39: EnergyCapacity | BQ39: Calculated | BS39: Battery Storage (MWh Energy Capacity) | BT39: 0 | BU39: 0 | BV39: 0 | BW39: 136 | BX39: newgeneric | BY39: new resource selected from portfolio optimization exercise
A40: VCEA_CAM_DR_RA | B40: _EXISTING_GENERIC_DR | C40: VCEA_CAM_DR_RA | D40: Online | G40: NO | J40: 2.2 | K40: 2.2 | L40: 0 | M40: NotHybrid | AA40: CAM | AB40: Buy | AC40: Pacific Gas & Electric | AF40: PacGE | AJ40: 2023 | AK40: 1 | AL40: 1 | AM40: 2023 | AN40: 1 | AO40: 1 | AP40: 2035 | AQ40: 12 | AR40: 31 | AS40: 2023 | AT40: 1 | AU40: 1 | AV40: NA | BM40: YES | BO40: NO | BP40: CapacityOnly | BQ40: Calculated | BS40: NA | BX40: existinggeneric | BY40: VCEA DR_RA allocation for 2023 assumed constrant through 2035;
A41: PGE_Online_ccgt_1 | B41: _EXISTING_GENERIC_COMBINED_CYCLE | C41: PGE_Online_ccgt_1 | D41: Online | G41: NO | J41: 6.0363 | K41: 6.0397947 | L41: 0 | M41: NotHybrid | AA41: CAM | AB41: Buy | AC41: Pacific Gas & Electric | AF41: PacGE | AJ41: 2018 | AK41: 1 | AL41: 1 | AM41: 2024 | AN41: 1 | AO41: 1 | AP41: 2026 | AQ41: 12 | AR41: 31 | AS41: 2017 | AT41: 1 | AU41: 1 | AV41: NA | BM41: YES | BO41: NO | BP41: EnergyCapacity | BQ41: Calculated | BS41: NA | BX41: existinggeneric | BY41: CAM
A42: PGE_Online_ccgt_2 | B42: _EXISTING_GENERIC_COMBINED_CYCLE | C42: PGE_Online_ccgt_2 | D42: Online | G42: NO | J42: 5.34795 | K42: 5.3512329 | L42: 0 | M42: NotHybrid | AA42: CAM | AB42: Buy | AC42: Pacific Gas & Electric | AF42: PacGE | AJ42: 2018 | AK42: 1 | AL42: 1 | AM42: 2024 | AN42: 1 | AO42: 1 | AP42: 2025 | AQ42: 12 | AR42: 31 | AS42: 2017 | AT42: 1 | AU42: 1 | AV42: NA | BM42: YES | BO42: NO | BP42: EnergyCapacity | BQ42: Calculated | BS42: NA | BX42: existinggeneric | BY42: CAM
A43: PGE_Online_ccgt_3 | B43: _EXISTING_GENERIC_COMBINED_CYCLE | C43: PGE_Online_ccgt_3 | D43: Online | G43: NO | J43: 8.34492 | K43: 8.3416371 | L43: 0 | M43: NotHybrid | AA43: CAM | AB43: Buy | AC43: Pacific Gas & Electric | AF43: PacGE | AJ43: 2018 | AK43: 1 | AL43: 1 | AM43: 2024 | AN43: 1 | AO43: 1 | AP43: 2024 | AQ43: 12 | AR43: 31 | AS43: 2017 | AT43: 1 | AU43: 1 | AV43: NA | BM43: YES | BO43: NO | BP43: EnergyCapacity | BQ43: Calculated | BS43: NA | BX43: existinggeneric | BY43: CAM
A44: PGE_Online_chp | B44: _EXISTING_GENERIC_COGEN | C44: PGE_Online_chp | D44: Online | G44: NO | J44: 0.49773 | K44: 0.49773 | L44: 0 | M44: NotHybrid | AA44: CAM | AB44: Buy | AC44: Pacific Gas & Electric | AF44: PacGE | AJ44: 2018 | AK44: 1 | AL44: 1 | AM44: 2024 | AN44: 1 | AO44: 1 | AP44: 2024 | AQ44: 12 | AR44: 31 | AS44: 2017 | AT44: 1 | AU44: 1 | AV44: NA | BM44: YES | BO44: NO | BP44: EnergyCapacity | BQ44: Calculated | BS44: NA | BX44: existinggeneric | BY44: CAM
A45: PGE_Online_chp_1 | B45: _EXISTING_GENERIC_COGEN | C45: PGE_Online_chp_1 | D45: Online | G45: NO | J45: 0.4236 | K45: 0.0014826 | L45: 0.67776 | M45: NotHybrid | AA45: CAM | AB45: Buy | AC45: Pacific Gas & Electric | AF45: PacGE | AJ45: 2018 | AK45: 1 | AL45: 1 | AM45: 2024 | AN45: 1 | AO45: 1 | AP45: 2025 | AQ45: 12 | AR45: 31 | AS45: 2017 | AT45: 1 | AU45: 1 | AV45: NA | BM45: YES | BO45: NO | BP45: EnergyCapacity | BQ45: Calculated | BS45: NA | BX45: existinggeneric | BY45: CAM
A46: PGE_Online_chp_2 | B46: _EXISTING_GENERIC_COGEN | C46: PGE_Online_chp_2 | D46: Online | G46: NO | J46: 0.185325 | K46: 0.1183962 | L46: 1.01664 | M46: NotHybrid | AA46: CAM | AB46: Buy | AC46: Pacific Gas & Electric | AF46: PacGE | AJ46: 2018 | AK46: 1 | AL46: 1 | AM46: 2024 | AN46: 1 | AO46: 1 | AP46: 2026 | AQ46: 12 | AR46: 31 | AS46: 2017 | AT46: 1 | AU46: 1 | AV46: NA | BM46: YES | BO46: NO | BP46: EnergyCapacity | BQ46: Calculated | BS46: NA | BX46: existinggeneric | BY46: CAM
A47: PGE_Online_battery | B47: _EXISTING_GENERIC_BATTERY_STORAGE | C47: PGE_Online_battery | D47: Online | G47: NO | J47: 3.177 | K47: 3.177 | L47: 0 | M47: NotHybrid | T47: Li | V47: 12.72 | AA47: CAM | AB47: Buy | AC47: Pacific Gas & Electric | AF47: PacGE | AJ47: 2018 | AK47: 1 | AL47: 1 | AM47: 2024 | AN47: 1 | AO47: 1 | AP47: 2035 | AQ47: 12 | AR47: 31 | AS47: 2017 | AT47: 1 | AU47: 1 | AV47: NA | BM47: YES | BO47: NO | BP47: CapacityOnly | BQ47: Calculated | BS47: Battery Storage (MWh Energy Capacity) | BT47: 12.708 | BU47: 12.708 | BV47: 12.708 | BW47: 12.708 | BX47: existinggeneric | BY47: CPE
A48: PGE_Development_battery_1 | B48: _NEW_GENERIC_BATTERY_STORAGE | C48: PGE_Development_battery_1 | D48: Development | G48: NO | J48: 0.79425 | K48: 0.72038475 | L48: 0 | M48: NotHybrid | T48: Li | V48: 3.18 | W48: 1 | X48: 2 | Y48: 1 | AA48: CAM | AB48: Buy | AC48: Pacific Gas & Electric | AF48: PacGE | AJ48: 2024 | AK48: 1 | AL48: 1 | AM48: 2025 | AN48: 1 | AO48: 1 | AP48: 2035 | AQ48: 12 | AR48: 31 | AS48: 2022 | AT48: 1 | AU48: 1 | AV48: NA | BM48: YES | BO48: NO | BP48: CapacityOnly | BQ48: Calculated | BS48: Battery Storage (MWh Energy Capacity) | BT48: 3.177 | BU48: 3.177 | BV48: 3.177 | BW48: 3.177 | BX48: newgeneric | BY48: CPE
A49: PGE_Development_battery_2 | B49: _NEW_GENERIC_BATTERY_STORAGE | C49: PGE_Development_battery_2 | D49: Development | G49: NO | J49: 0.01059 | K49: 0.01059 | L49: 0 | M49: NotHybrid | T49: Li | V49: 0.052576 | W49: 1 | X49: 2 | Y49: 1 | AA49: CAM | AB49: Buy | AC49: Pacific Gas & Electric | AF49: PacGE | AJ49: 2024 | AK49: 1 | AL49: 1 | AM49: 2024 | AN49: 1 | AO49: 1 | AP49: 2035 | AQ49: 12 | AR49: 31 | AS49: 2022 | AT49: 1 | AU49: 1 | AV49: NA | BM49: YES | BO49: NO | BP49: CapacityOnly | BQ49: Calculated | BS49: Battery Storage (MWh Energy Capacity) | BT49: 0.0525264 | BU49: 0.0525264 | BV49: 0.0525264 | BW49: 0.0525264 | BX49: newgeneric | BY49: CPE

Sheet Calcs
A1: Instruction: This worksheet consists of formulas only. LSEs should extend formulas in columns B:AK to cover all contracts entered in the "unique_contracts" worksheet (i.e. the last row that has formulas in this worksheet should have a row number that is greater than or equal to that of the last row in the "unique_contracts" worksheet). To extend formulas in this worksheet, please select one row (e.g. B500:AK500) and drag down the formulas vertically. PLEASE DO NOT DRAG FORMULAS HORIZONTALLY. Please do not hard-code values in this worksheet. All contract information should be entered in the "unique_contracts" tab. | B1: resource | C1: contract_status | D1: contracted_nameplate_capacity | E1: is_hybrid_paired | F1: can_charge_from_grid | G1: contracted_generator_mw | H1: contracted_storage_mw | I1: contracted_storage_depth_mwh | J1: buy_sell_own | K1: contract_start_date_year | L1: contract_start_date_month | M1: contract_start_date_day | N1: contract_end_date_year | O1: contract_end_date_month | P1: contract_end_date_day | Q1: buying_energy_capacity | R1: multiplier | S1: resource elcc type | T1: hybrid/paired storage elcc type | U1: elcc type (for summary tables and charts) | V1: start year | W1: end year | X1: hybrid storage derate (100% means no derates) | Y1: short duration derate | Z1: 2024 | AA1: 2025 | AB1: 2026 | AC1: 2027 | AD1: 2028 | AE1: 2029 | AF1: 2030 | AG1: 2031 | AH1: 2032 | AI1: 2033 | AJ1: 2034 | AK1: 2035 | AM1: Sum | AN1: Project
B2: =unique_contracts!B2 -> INDVLY_1_UNITS | C2: =unique_contracts!D2 -> Online | D2: =unique_contracts!J2 -> 2.9 | E2: =unique_contracts!M2 -> NotHybrid | F2: =unique_contracts!N2 -> 0 | G2: =unique_contracts!P2 -> 0 | H2: =unique_contracts!R2 -> 0 | I2: =unique_contracts!V2 -> 0 | J2: =unique_contracts!AB2 -> 0 | K2: =unique_contracts!AM2 -> 2020 | L2: =unique_contracts!AN2 -> 6 | M2: =unique_contracts!AO2 -> 1 | N2: =unique_contracts!AP2 -> 2025 | O2: =unique_contracts!AQ2 -> 5 | P2: =unique_contracts!AR2 -> 31 | Q2: =unique_contracts!BP2 -> EnergyCapacity | R2: =IF(AND(J2="Sell",ISNUMBER(SEARCH("Capacity",Q2))),-1,IF(AND(NOT(J2="Sell"),ISNUMBER(SEARCH("Capacity",Q2))),1,0)) -> 1 | S2: =IFERROR(IF(AND(I2>0,E2="NotHybrid"),_xlfn.CONCAT(MAX(MIN(ROUNDDOWN(I2/D2,0),8),4),INDEX(resources!$G:$G,MATCH(B2,resources!$A:$A,0))),INDEX(resources!$G:$G,MATCH(B2,resources!$A:$A,0))),"n/a") -> small_hydro | T2: =IFERROR(IF(NOT(E2="NotHybrid"),_xlfn.CONCAT(MAX(MIN(ROUNDDOWN(I2/H2,0),8),4),"hr_batteries"),"n/a"),"n/a") -> n/a | U2: =IF(T2="n/a",S2,"hybrid") -> small_hydro | V2: =IFERROR(IF(DATE(K2,L2,M2)<=DATE(K2,6,1),K2,K2+1),0) -> 2020 | W2: =IFERROR(IF(DATE(N2,O2,P2)>=DATE(N2,10,1),N2,N2-1),0) -> 2024 | X2: =IF(OR(T2="n/a",NOT(F2="NO")),100%,IF(ISNUMBER(SEARCH("pv",S2)),MIN(G2/(1*(ROUNDDOWN(I2/H2,0)/4)),H2)/H2,IF(ISNUMBER(SEARCH("wind",S2)),MIN(G2/(2*(ROUNDDOWN(I2/H2,0)/4)),H2)/H2,1))) -> 1 | Y2: =IF(ISNUMBER(SEARCH("batteries",S2)),MIN(ROUNDDOWN(I2/D2,0)/4,1), IF(ISNUMBER(SEARCH("batteries",T2)),MIN(ROUNDDOWN(I2/H2,0)/4,1),1)) -> 1 | Z2: =MIN((IFERROR(IF(AND($V2<=Z$1,$W2>=Z$1),INDEX(Reliability!E$23:E$50,MATCH($S2,Reliability!$C$23:$C$50,0)),0),0)*IF($T2="n/a",$D2*$Y2,$G2)+IFERROR(IF(AND($V2<=Z$1,$W2>=Z$1),INDEX(Reliability!E$23:E$50,MATCH($T2,Reliability!$C$23:$C$50,0)),0),0)*$H2*$X2*$Y2),$D2)*$R2 -> 1.1784608 | AA2: =MIN((IFERROR(IF(AND($V2<=AA$1,$W2>=AA$1),INDEX(Reliability!F$23:F$50,MATCH($S2,Reliability!$C$23:$C$50,0)),0),0)*IF($T2="n/a",$D2*$Y2,$G2)+IFERROR(IF(AND($V2<=AA$1,$W2>=AA$1),INDEX(Reliability!F$23:F$50,MATCH($T2,Reliability!$C$23:$C$50,0)),0),0)*$H2*$X2*$Y2),$D2)*$R2 -> 0 | AB2: =MIN((IFERROR(IF(AND($V2<=AB$1,$W2>=AB$1),INDEX(Reliability!G$23:G$50,MATCH($S2,Reliability!$C$23:$C$50,0)),0),0)*IF($T2="n/a",$D2*$Y2,$G2)+IFERROR(IF(AND($V2<=AB$1,$W2>=AB$1),INDEX(Reliability!G$23:G$50,MATCH($T2,Reliability!$C$23:$C$50,0)),0),0)*$H2*$X2*$Y2),$D2)*$R2 -> 0 | AC2: =MIN((IFERROR(IF(AND($V2<=AC$1,$W2>=AC$1),INDEX(Reliability!H$23:H$50,MATCH($S2,Reliability!$C$23:$C$50,0)),0),0)*IF($T2="n/a",$D2*$Y2,$G2)+IFERROR(IF(AND($V2<=AC$1,$W2>=AC$1),INDEX(Reliability!H$23:H$50,MATCH($T2,Reliability!$C$23:$C$50,0)),0),0)*$H2*$X2*$Y2),$D2)*$R2 -> 0 | AD2: =MIN((IFERROR(IF(AND($V2<=AD$1,$W2>=AD$1),INDEX(Reliability!I$23:I$50,MATCH($S2,Reliability!$C$23:$C$50,0)),0),0)*IF($T2="n/a",$D2*$Y2,$G2)+IFERROR(IF(AND($V2<=AD$1,$W2>=AD$1),INDEX(Reliability!I$23:I$50,MATCH($T2,Reliability!$C$23:$C$50,0)),0),0)*$H2*$X2*$Y2),$D2)*$R2 -> 0 | AE2: =MIN((IFERROR(IF(AND($V2<=AE$1,$W2>=AE$1),INDEX(Reliability!J$23:J$50,MATCH($S2,Reliability!$C$23:$C$50,0)),0),0)*IF($T2="n/a",$D2*$Y2,$G2)+IFERROR(IF(AND($V2<=AE$1,$W2>=AE$1),INDEX(Reliability!J$23:J$50,MATCH($T2,Reliability!$C$23:$C$50,0)),0),0)*$H2*$X2*$Y2),$D2)*$R2 -> 0 | AF2: =MIN((IFERROR(IF(AND($V2<=AF$1,$W2>=AF$1),INDEX(Reliability!K$23:K$50,MATCH($S2,Reliability!$C$23:$C$50,0)),0),0)*IF($T2="n/a",$D2*$Y2,$G2)+IFERROR(IF(AND($V2<=AF$1,$W2>=AF$1),INDEX(Reliability!K$23:K$50,MATCH($T2,Reliability!$C$23:$C$50,0)),0),0)*$H2*$X2*$Y2),$D2)*$R2 -> 0 | AG2: =MIN((IFERROR(IF(AND($V2<=AG$1,$W2>=AG$1),INDEX(Reliability!L$23:L$50,MATCH($S2,Reliability!$C$23:$C$50,0)),0),0)*IF($T2="n/a",$D2*$Y2,$G2)+IFERROR(IF(AND($V2<=AG$1,$W2>=AG$1),INDEX(Reliability!L$23:L$50,MATCH($T2,Reliability!$C$23:$C$50,0)),0),0)*$H2*$X2*$Y2),$D2)*$R2 -> 0 | ... AK2: =MIN((IFERROR(IF(AND($V2<=AK$1,$W2>=AK$1),INDEX(Reliability!P$23:P$50,MATCH($S2,Reliability!$C$23:$C$50,0)),0),0)*IF($T2="n/a",$D2*$Y2,$G2)+IFERROR(IF(AND($V2<=AK$1,$W2>=AK$1),INDEX(Reliability!P$23:P$50,MATCH($T2,Reliability!$C$23:$C$50,0)),0),0)*$H2*$X2*$Y2),$D2)*$R2 -> 0 | AM2: =ROUND(SUM(Z2:AK2),1) -> 1.2 | AN2: =unique_contracts!C2 -> Indian Valley Hydro Project
B3: =unique_contracts!B3 -> PUTHCR_1_SOLAR1 | C3: =unique_contracts!D3 -> Development | D3: =unique_contracts!J3 -> 3 | E3: =unique_contracts!M3 -> NewSolarNewStorage | F3: =unique_contracts!N3 -> NO | G3: =unique_contracts!P3 -> 3 | H3: =unique_contracts!R3 -> 3 | I3: =unique_contracts!V3 -> 12 | J3: =unique_contracts!AB3 -> 0 | K3: =unique_contracts!AM3 -> 2022 | L3: =unique_contracts!AN3 -> 7 | M3: =unique_contracts!AO3 -> 16 | N3: =unique_contracts!AP3 -> 2042 | O3: =unique_contracts!AQ3 -> 7 | P3: =unique_contracts!AR3 -> 5 | Q3: =unique_contracts!BP3 -> EnergyCapacity | R3: =IF(AND(J3="Sell",ISNUMBER(SEARCH("Capacity",Q3))),-1,IF(AND(NOT(J3="Sell"),ISNUMBER(SEARCH("Capacity",Q3))),1,0)) -> 1 | S3: =IFERROR(IF(AND(I3>0,E3="NotHybrid"),_xlfn.CONCAT(MAX(MIN(ROUNDDOWN(I3/D3,0),8),4),INDEX(resources!$G:$G,MATCH(B3,resources!$A:$A,0))),INDEX(resources!$G:$G,MATCH(B3,resources!$A:$A,0))),"n/a") -> utility_pv | T3: =IFERROR(IF(NOT(E3="NotHybrid"),_xlfn.CONCAT(MAX(MIN(ROUNDDOWN(I3/H3,0),8),4),"hr_batteries"),"n/a"),"n/a") -> 4hr_batteries | U3: =IF(T3="n/a",S3,"hybrid") -> hybrid | V3: =IFERROR(IF(DATE(K3,L3,M3)<=DATE(K3,6,1),K3,K3+1),0) -> 2023 | W3: =IFERROR(IF(DATE(N3,O3,P3)>=DATE(N3,10,1),N3,N3-1),0) -> 2041 | X3: =IF(OR(T3="n/a",NOT(F3="NO")),100%,IF(ISNUMBER(SEARCH("pv",S3)),MIN(G3/(1*(ROUNDDOWN(I3/H3,0)/4)),H3)/H3,IF(ISNUMBER(SEARCH("wind",S3)),MIN(G3/(2*(ROUNDDOWN(I3/H3,0)/4)),H3)/H3,1))) -> 1 | Y3: =IF(ISNUMBER(SEARCH("batteries",S3)),MIN(ROUNDDOWN(I3/D3,0)/4,1), IF(ISNUMBER(SEARCH("batteries",T3)),MIN(ROUNDDOWN(I3/H3,0)/4,1),1)) -> 1 | Z3: =MIN((IFERROR(IF(AND($V3<=Z$1,$W3>=Z$1),INDEX(Reliability!E$23:E$50,MATCH($S3,Reliability!$C$23:$C$50,0)),0),0)*IF($T3="n/a",$D3*$Y3,$G3)+IFERROR(IF(AND($V3<=Z$1,$W3>=Z$1),INDEX(Reliability!E$23:E$50,MATCH($T3,Reliability!$C$23:$C$50,0)),0),0)*$H3*$X3*$Y3),$D3)*$R3 -> 2.943 | AA3: =MIN((IFERROR(IF(AND($V3<=AA$1,$W3>=AA$1),INDEX(Reliability!F$23:F$50,MATCH($S3,Reliability!$C$23:$C$50,0)),0),0)*IF($T3="n/a",$D3*$Y3,$G3)+IFERROR(IF(AND($V3<=AA$1,$W3>=AA$1),INDEX(Reliability!F$23:F$50,MATCH($T3,Reliability!$C$23:$C$50,0)),0),0)*$H3*$X3*$Y3),$D3)*$R3 -> 3 | AB3: =MIN((IFERROR(IF(AND($V3<=AB$1,$W3>=AB$1),INDEX(Reliability!G$23:G$50,MATCH($S3,Reliability!$C$23:$C$50,0)),0),0)*IF($T3="n/a",$D3*$Y3,$G3)+IFERROR(IF(AND($V3<=AB$1,$W3>=AB$1),INDEX(Reliability!G$23:G$50,MATCH($T3,Reliability!$C$23:$C$50,0)),0),0)*$H3*$X3*$Y3),$D3)*$R3 -> 3 | AC3: =MIN((IFERROR(IF(AND($V3<=AC$1,$W3>=AC$1),INDEX(Reliability!H$23:H$50,MATCH($S3,Reliability!$C$23:$C$50,0)),0),0)*IF($T3="n/a",$D3*$Y3,$G3)+IFERROR(IF(AND($V3<=AC$1,$W3>=AC$1),INDEX(Reliability!H$23:H$50,MATCH($T3,Reliability!$C$23:$C$50,0)),0),0)*$H3*$X3*$Y3),$D3)*$R3 -> 2.841541 | AD3: =MIN((IFERROR(IF(AND($V3<=AD$1,$W3>=AD$1),INDEX(Reliability!I$23:I$50,MATCH($S3,Reliability!$C$23:$C$50,0)),0),0)*IF($T3="n/a",$D3*$Y3,$G3)+IFERROR(IF(AND($V3<=AD$1,$W3>=AD$1),INDEX(Reliability!I$23:I$50,MATCH($T3,Reliability!$C$23:$C$50,0)),0),0)*$H3*$X3*$Y3),$D3)*$R3 -> 2.6038781 | AE3: =MIN((IFERROR(IF(AND($V3<=AE$1,$W3>=AE$1),INDEX(Reliability!J$23:J$50,MATCH($S3,Reliability!$C$23:$C$50,0)),0),0)*IF($T3="n/a",$D3*$Y3,$G3)+IFERROR(IF(AND($V3<=AE$1,$W3>=AE$1),INDEX(Reliability!J$23:J$50,MATCH($T3,Reliability!$C$23:$C$50,0)),0),0)*$H3*$X3*$Y3),$D3)*$R3 -> 2.509439 | AF3: =MIN((IFERROR(IF(AND($V3<=AF$1,$W3>=AF$1),INDEX(Reliability!K$23:K$50,MATCH($S3,Reliability!$C$23:$C$50,0)),0),0)*IF($T3="n/a",$D3*$Y3,$G3)+IFERROR(IF(AND($V3<=AF$1,$W3>=AF$1),INDEX(Reliability!K$23:K$50,MATCH($T3,Reliability!$C$23:$C$50,0)),0),0)*$H3*$X3*$Y3),$D3)*$R3 -> 2.415 | AG3: =MIN((IFERROR(IF(AND($V3<=AG$1,$W3>=AG$1),INDEX(Reliability!L$23:L$50,MATCH($S3,Reliability!$C$23:$C$50,0)),0),0)*IF($T3="n/a",$D3*$Y3,$G3)+IFERROR(IF(AND($V3<=AG$1,$W3>=AG$1),INDEX(Reliability!L$23:L$50,MATCH($T3,Reliability!$C$23:$C$50,0)),0),0)*$H3*$X3*$Y3),$D3)*$R3 -> 2.211 | ... AK3: =MIN((IFERROR(IF(AND($V3<=AK$1,$W3>=AK$1),INDEX(Reliability!P$23:P$50,MATCH($S3,Reliability!$C$23:$C$50,0)),0),0)*IF($T3="n/a",$D3*$Y3,$G3)+IFERROR(IF(AND($V3<=AK$1,$W3>=AK$1),INDEX(Reliability!P$23:P$50,MATCH($T3,Reliability!$C$23:$C$50,0)),0),0)*$H3*$X3*$Y3),$D3)*$R3 -> 1.395 | AM3: =ROUND(SUM(Z3:AK3),1) -> 28.3 | AN3: =unique_contracts!C3 -> Putah Creek Energy Farm
B4: =unique_contracts!B4 -> _NEW_GENERIC_SOLAR_1AXIS | C4: =unique_contracts!D4 -> Development | D4: =unique_contracts!J4 -> 20 | E4: =unique_contracts!M4 -> NewSolarNewStorage | F4: =unique_contracts!N4 -> NO | G4: =unique_contracts!P4 -> 20 | H4: =unique_contracts!R4 -> 6.5 | I4: =unique_contracts!V4 -> 26 | J4: =unique_contracts!AB4 -> 0 | K4: =unique_contracts!AM4 -> 2024 | L4: =unique_contracts!AN4 -> 6 | M4: =unique_contracts!AO4 -> 1 | N4: =unique_contracts!AP4 -> 2044 | O4: =unique_contracts!AQ4 -> 5 | P4: =unique_contracts!AR4 -> 31 | Q4: =unique_contracts!BP4 -> EnergyCapacity | R4: =IF(AND(J4="Sell",ISNUMBER(SEARCH("Capacity",Q4))),-1,IF(AND(NOT(J4="Sell"),ISNUMBER(SEARCH("Capacity",Q4))),1,0)) -> 1 | S4: =IFERROR(IF(AND(I4>0,E4="NotHybrid"),_xlfn.CONCAT(MAX(MIN(ROUNDDOWN(I4/D4,0),8),4),INDEX(resources!$G:$G,MATCH(B4,resources!$A:$A,0))),INDEX(resources!$G:$G,MATCH(B4,resources!$A:$A,0))),"n/a") -> utility_pv | T4: =IFERROR(IF(NOT(E4="NotHybrid"),_xlfn.CONCAT(MAX(MIN(ROUNDDOWN(I4/H4,0),8),4),"hr_batteries"),"n/a"),"n/a") -> 4hr_batteries | U4: =IF(T4="n/a",S4,"hybrid") -> hybrid | V4: =IFERROR(IF(DATE(K4,L4,M4)<=DATE(K4,6,1),K4,K4+1),0) -> 2024 | W4: =IFERROR(IF(DATE(N4,O4,P4)>=DATE(N4,10,1),N4,N4-1),0) -> 2043 | X4: =IF(OR(T4="n/a",NOT(F4="NO")),100%,IF(ISNUMBER(SEARCH("pv",S4)),MIN(G4/(1*(ROUNDDOWN(I4/H4,0)/4)),H4)/H4,IF(ISNUMBER(SEARCH("wind",S4)),MIN(G4/(2*(ROUNDDOWN(I4/H4,0)/4)),H4)/H4,1))) -> 1 | Y4: =IF(ISNUMBER(SEARCH("batteries",S4)),MIN(ROUNDDOWN(I4/D4,0)/4,1), IF(ISNUMBER(SEARCH("batteries",T4)),MIN(ROUNDDOWN(I4/H4,0)/4,1),1)) -> 1 | Z4: =MIN((IFERROR(IF(AND($V4<=Z$1,$W4>=Z$1),INDEX(Reliability!E$23:E$50,MATCH($S4,Reliability!$C$23:$C$50,0)),0),0)*IF($T4="n/a",$D4*$Y4,$G4)+IFERROR(IF(AND($V4<=Z$1,$W4>=Z$1),INDEX(Reliability!E$23:E$50,MATCH($T4,Reliability!$C$23:$C$50,0)),0),0)*$H4*$X4*$Y4),$D4)*$R4 -> 7.6725 | AA4: =MIN((IFERROR(IF(AND($V4<=AA$1,$W4>=AA$1),INDEX(Reliability!F$23:F$50,MATCH($S4,Reliability!$C$23:$C$50,0)),0),0)*IF($T4="n/a",$D4*$Y4,$G4)+IFERROR(IF(AND($V4<=AA$1,$W4>=AA$1),INDEX(Reliability!F$23:F$50,MATCH($T4,Reliability!$C$23:$C$50,0)),0),0)*$H4*$X4*$Y4),$D4)*$R4 -> 7.9037629 | AB4: =MIN((IFERROR(IF(AND($V4<=AB$1,$W4>=AB$1),INDEX(Reliability!G$23:G$50,MATCH($S4,Reliability!$C$23:$C$50,0)),0),0)*IF($T4="n/a",$D4*$Y4,$G4)+IFERROR(IF(AND($V4<=AB$1,$W4>=AB$1),INDEX(Reliability!G$23:G$50,MATCH($T4,Reliability!$C$23:$C$50,0)),0),0)*$H4*$X4*$Y4),$D4)*$R4 -> 8.1350257 | AC4: =MIN((IFERROR(IF(AND($V4<=AC$1,$W4>=AC$1),INDEX(Reliability!H$23:H$50,MATCH($S4,Reliability!$C$23:$C$50,0)),0),0)*IF($T4="n/a",$D4*$Y4,$G4)+IFERROR(IF(AND($V4<=AC$1,$W4>=AC$1),INDEX(Reliability!H$23:H$50,MATCH($T4,Reliability!$C$23:$C$50,0)),0),0)*$H4*$X4*$Y4),$D4)*$R4 -> 7.5293564 | AD4: =MIN((IFERROR(IF(AND($V4<=AD$1,$W4>=AD$1),INDEX(Reliability!I$23:I$50,MATCH($S4,Reliability!$C$23:$C$50,0)),0),0)*IF($T4="n/a",$D4*$Y4,$G4)+IFERROR(IF(AND($V4<=AD$1,$W4>=AD$1),INDEX(Reliability!I$23:I$50,MATCH($T4,Reliability!$C$23:$C$50,0)),0),0)*$H4*$X4*$Y4),$D4)*$R4 -> 6.9236871 | AE4: =MIN((IFERROR(IF(AND($V4<=AE$1,$W4>=AE$1),INDEX(Reliability!J$23:J$50,MATCH($S4,Reliability!$C$23:$C$50,0)),0),0)*IF($T4="n/a",$D4*$Y4,$G4)+IFERROR(IF(AND($V4<=AE$1,$W4>=AE$1),INDEX(Reliability!J$23:J$50,MATCH($T4,Reliability!$C$23:$C$50,0)),0),0)*$H4*$X4*$Y4),$D4)*$R4 -> 6.4830936 | AF4: =MIN((IFERROR(IF(AND($V4<=AF$1,$W4>=AF$1),INDEX(Reliability!K$23:K$50,MATCH($S4,Reliability!$C$23:$C$50,0)),0),0)*IF($T4="n/a",$D4*$Y4,$G4)+IFERROR(IF(AND($V4<=AF$1,$W4>=AF$1),INDEX(Reliability!K$23:K$50,MATCH($T4,Reliability!$C$23:$C$50,0)),0),0)*$H4*$X4*$Y4),$D4)*$R4 -> 6.0425 | AG4: =MIN((IFERROR(IF(AND($V4<=AG$1,$W4>=AG$1),INDEX(Reliability!L$23:L$50,MATCH($S4,Reliability!$C$23:$C$50,0)),0),0)*IF($T4="n/a",$D4*$Y4,$G4)+IFERROR(IF(AND($V4<=AG$1,$W4>=AG$1),INDEX(Reliability!L$23:L$50,MATCH($T4,Reliability!$C$23:$C$50,0)),0),0)*$H4*$X4*$Y4),$D4)*$R4 -> 5.6113 | ... AK4: =MIN((IFERROR(IF(AND($V4<=AK$1,$W4>=AK$1),INDEX(Reliability!P$23:P$50,MATCH($S4,Reliability!$C$23:$C$50,0)),0),0)*IF($T4="n/a",$D4*$Y4,$G4)+IFERROR(IF(AND($V4<=AK$1,$W4>=AK$1),INDEX(Reliability!P$23:P$50,MATCH($T4,Reliability!$C$23:$C$50,0)),0),0)*$H4*$X4*$Y4),$D4)*$R4 -> 3.8865 | AM4: =ROUND(SUM(Z4:AK4),1) -> 74.4 | AN4: =unique_contracts!C4 -> Gibson Solar
B5: =unique_contracts!B5 -> _NEW_GENERIC_SOLAR_1AXIS | C5: =unique_contracts!D5 -> Development | D5: =unique_contracts!J5 -> 72 | E5: =unique_contracts!M5 -> NewSolarNewStorage | F5: =unique_contracts!N5 -> NO | G5: =unique_contracts!P5 -> 72 | H5: =unique_contracts!R5 -> 36 | I5: =unique_contracts!V5 -> 144 | J5: =unique_contracts!AB5 -> 0 | K5: =unique_contracts!AM5 -> 2023 | L5: =unique_contracts!AN5 -> 12 | M5: =unique_contracts!AO5 -> 31 | N5: =unique_contracts!AP5 -> 2038 | O5: =unique_contracts!AQ5 -> 12 | P5: =unique_contracts!AR5 -> 30 | Q5: =unique_contracts!BP5 -> EnergyCapacity | R5: =IF(AND(J5="Sell",ISNUMBER(SEARCH("Capacity",Q5))),-1,IF(AND(NOT(J5="Sell"),ISNUMBER(SEARCH("Capacity",Q5))),1,0)) -> 1 | S5: =IFERROR(IF(AND(I5>0,E5="NotHybrid"),_xlfn.CONCAT(MAX(MIN(ROUNDDOWN(I5/D5,0),8),4),INDEX(resources!$G:$G,MATCH(B5,resources!$A:$A,0))),INDEX(resources!$G:$G,MATCH(B5,resources!$A:$A,0))),"n/a") -> utility_pv | T5: =IFERROR(IF(NOT(E5="NotHybrid"),_xlfn.CONCAT(MAX(MIN(ROUNDDOWN(I5/H5,0),8),4),"hr_batteries"),"n/a"),"n/a") -> 4hr_batteries | U5: =IF(T5="n/a",S5,"hybrid") -> hybrid | V5: =IFERROR(IF(DATE(K5,L5,M5)<=DATE(K5,6,1),K5,K5+1),0) -> 2024 | W5: =IFERROR(IF(DATE(N5,O5,P5)>=DATE(N5,10,1),N5,N5-1),0) -> 2038 | X5: =IF(OR(T5="n/a",NOT(F5="NO")),100%,IF(ISNUMBER(SEARCH("pv",S5)),MIN(G5/(1*(ROUNDDOWN(I5/H5,0)/4)),H5)/H5,IF(ISNUMBER(SEARCH("wind",S5)),MIN(G5/(2*(ROUNDDOWN(I5/H5,0)/4)),H5)/H5,1))) -> 1 | Y5: =IF(ISNUMBER(SEARCH("batteries",S5)),MIN(ROUNDDOWN(I5/D5,0)/4,1), IF(ISNUMBER(SEARCH("batteries",T5)),MIN(ROUNDDOWN(I5/H5,0)/4,1),1)) -> 1 | Z5: =MIN((IFERROR(IF(AND($V5<=Z$1,$W5>=Z$1),INDEX(Reliability!E$23:E$50,MATCH($S5,Reliability!$C$23:$C$50,0)),0),0)*IF($T5="n/a",$D5*$Y5,$G5)+IFERROR(IF(AND($V5<=Z$1,$W5>=Z$1),INDEX(Reliability!E$23:E$50,MATCH($T5,Reliability!$C$23:$C$50,0)),0),0)*$H5*$X5*$Y5),$D5)*$R5 -> 38.772 | AA5: =MIN((IFERROR(IF(AND($V5<=AA$1,$W5>=AA$1),INDEX(Reliability!F$23:F$50,MATCH($S5,Reliability!$C$23:$C$50,0)),0),0)*IF($T5="n/a",$D5*$Y5,$G5)+IFERROR(IF(AND($V5<=AA$1,$W5>=AA$1),INDEX(Reliability!F$23:F$50,MATCH($T5,Reliability!$C$23:$C$50,0)),0),0)*$H5*$X5*$Y5),$D5)*$R5 -> 39.812446 | AB5: =MIN((IFERROR(IF(AND($V5<=AB$1,$W5>=AB$1),INDEX(Reliability!G$23:G$50,MATCH($S5,Reliability!$C$23:$C$50,0)),0),0)*IF($T5="n/a",$D5*$Y5,$G5)+IFERROR(IF(AND($V5<=AB$1,$W5>=AB$1),INDEX(Reliability!G$23:G$50,MATCH($T5,Reliability!$C$23:$C$50,0)),0),0)*$H5*$X5*$Y5),$D5)*$R5 -> 40.852893 | AC5: =MIN((IFERROR(IF(AND($V5<=AC$1,$W5>=AC$1),INDEX(Reliability!H$23:H$50,MATCH($S5,Reliability!$C$23:$C$50,0)),0),0)*IF($T5="n/a",$D5*$Y5,$G5)+IFERROR(IF(AND($V5<=AC$1,$W5>=AC$1),INDEX(Reliability!H$23:H$50,MATCH($T5,Reliability!$C$23:$C$50,0)),0),0)*$H5*$X5*$Y5),$D5)*$R5 -> 37.758983 | AD5: =MIN((IFERROR(IF(AND($V5<=AD$1,$W5>=AD$1),INDEX(Reliability!I$23:I$50,MATCH($S5,Reliability!$C$23:$C$50,0)),0),0)*IF($T5="n/a",$D5*$Y5,$G5)+IFERROR(IF(AND($V5<=AD$1,$W5>=AD$1),INDEX(Reliability!I$23:I$50,MATCH($T5,Reliability!$C$23:$C$50,0)),0),0)*$H5*$X5*$Y5),$D5)*$R5 -> 34.665074 | AE5: =MIN((IFERROR(IF(AND($V5<=AE$1,$W5>=AE$1),INDEX(Reliability!J$23:J$50,MATCH($S5,Reliability!$C$23:$C$50,0)),0),0)*IF($T5="n/a",$D5*$Y5,$G5)+IFERROR(IF(AND($V5<=AE$1,$W5>=AE$1),INDEX(Reliability!J$23:J$50,MATCH($T5,Reliability!$C$23:$C$50,0)),0),0)*$H5*$X5*$Y5),$D5)*$R5 -> 32.902537 | AF5: =MIN((IFERROR(IF(AND($V5<=AF$1,$W5>=AF$1),INDEX(Reliability!K$23:K$50,MATCH($S5,Reliability!$C$23:$C$50,0)),0),0)*IF($T5="n/a",$D5*$Y5,$G5)+IFERROR(IF(AND($V5<=AF$1,$W5>=AF$1),INDEX(Reliability!K$23:K$50,MATCH($T5,Reliability!$C$23:$C$50,0)),0),0)*$H5*$X5*$Y5),$D5)*$R5 -> 31.14 | AG5: =MIN((IFERROR(IF(AND($V5<=AG$1,$W5>=AG$1),INDEX(Reliability!L$23:L$50,MATCH($S5,Reliability!$C$23:$C$50,0)),0),0)*IF($T5="n/a",$D5*$Y5,$G5)+IFERROR(IF(AND($V5<=AG$1,$W5>=AG$1),INDEX(Reliability!L$23:L$50,MATCH($T5,Reliability!$C$23:$C$50,0)),0),0)*$H5*$X5*$Y5),$D5)*$R5 -> 28.7208 | ... AK5: =MIN((IFERROR(IF(AND($V5<=AK$1,$W5>=AK$1),INDEX(Reliability!P$23:P$50,MATCH($S5,Reliability!$C$23:$C$50,0)),0),0)*IF($T5="n/a",$D5*$Y5,$G5)+IFERROR(IF(AND($V5<=AK$1,$W5>=AK$1),INDEX(Reliability!P$23:P$50,MATCH($T5,Reliability!$C$23:$C$50,0)),0),0)*$H5*$X5*$Y5),$D5)*$R5 -> 19.044 | AM5: =ROUND(SUM(Z5:AK5),1) -> 375.3 | AN5: =unique_contracts!C5 -> Willow Springs Solar 3 or Willy 9 Chap 2
B6: =unique_contracts!B6 -> AQUAWS_2_AQWSR1 | C6: =unique_contracts!D6 -> Online | D6: =unique_contracts!J6 -> 50 | E6: =unique_contracts!M6 -> NotHybrid | F6: =unique_contracts!N6 -> 0 | G6: =unique_contracts!P6 -> 0 | H6: =unique_contracts!R6 -> 0 | I6: =unique_contracts!V6 -> 0 | J6: =unique_contracts!AB6 -> 0 | K6: =unique_contracts!AM6 -> 2021 | L6: =unique_contracts!AN6 -> 9 | M6: =unique_contracts!AO6 -> 22 | N6: =unique_contracts!AP6 -> 2036 | O6: =unique_contracts!AQ6 -> 9 | P6: =unique_contracts!AR6 -> 21 | Q6: =unique_contracts!BP6 -> EnergyCapacity | R6: =IF(AND(J6="Sell",ISNUMBER(SEARCH("Capacity",Q6))),-1,IF(AND(NOT(J6="Sell"),ISNUMBER(SEARCH("Capacity",Q6))),1,0)) -> 1 | S6: =IFERROR(IF(AND(I6>0,E6="NotHybrid"),_xlfn.CONCAT(MAX(MIN(ROUNDDOWN(I6/D6,0),8),4),INDEX(resources!$G:$G,MATCH(B6,resources!$A:$A,0))),INDEX(resources!$G:$G,MATCH(B6,resources!$A:$A,0))),"n/a") -> utility_pv | T6: =IFERROR(IF(NOT(E6="NotHybrid"),_xlfn.CONCAT(MAX(MIN(ROUNDDOWN(I6/H6,0),8),4),"hr_batteries"),"n/a"),"n/a") -> n/a | U6: =IF(T6="n/a",S6,"hybrid") -> utility_pv | V6: =IFERROR(IF(DATE(K6,L6,M6)<=DATE(K6,6,1),K6,K6+1),0) -> 2022 | W6: =IFERROR(IF(DATE(N6,O6,P6)>=DATE(N6,10,1),N6,N6-1),0) -> 2035 | X6: =IF(OR(T6="n/a",NOT(F6="NO")),100%,IF(ISNUMBER(SEARCH("pv",S6)),MIN(G6/(1*(ROUNDDOWN(I6/H6,0)/4)),H6)/H6,IF(ISNUMBER(SEARCH("wind",S6)),MIN(G6/(2*(ROUNDDOWN(I6/H6,0)/4)),H6)/H6,1))) -> 1 | Y6: =IF(ISNUMBER(SEARCH("batteries",S6)),MIN(ROUNDDOWN(I6/D6,0)/4,1), IF(ISNUMBER(SEARCH("batteries",T6)),MIN(ROUNDDOWN(I6/H6,0)/4,1),1)) -> 1 | Z6: =MIN((IFERROR(IF(AND($V6<=Z$1,$W6>=Z$1),INDEX(Reliability!E$23:E$50,MATCH($S6,Reliability!$C$23:$C$50,0)),0),0)*IF($T6="n/a",$D6*$Y6,$G6)+IFERROR(IF(AND($V6<=Z$1,$W6>=Z$1),INDEX(Reliability!E$23:E$50,MATCH($T6,Reliability!$C$23:$C$50,0)),0),0)*$H6*$X6*$Y6),$D6)*$R6 -> 4.8 | AA6: =MIN((IFERROR(IF(AND($V6<=AA$1,$W6>=AA$1),INDEX(Reliability!F$23:F$50,MATCH($S6,Reliability!$C$23:$C$50,0)),0),0)*IF($T6="n/a",$D6*$Y6,$G6)+IFERROR(IF(AND($V6<=AA$1,$W6>=AA$1),INDEX(Reliability!F$23:F$50,MATCH($T6,Reliability!$C$23:$C$50,0)),0),0)*$H6*$X6*$Y6),$D6)*$R6 -> 5.1100322 | AB6: =MIN((IFERROR(IF(AND($V6<=AB$1,$W6>=AB$1),INDEX(Reliability!G$23:G$50,MATCH($S6,Reliability!$C$23:$C$50,0)),0),0)*IF($T6="n/a",$D6*$Y6,$G6)+IFERROR(IF(AND($V6<=AB$1,$W6>=AB$1),INDEX(Reliability!G$23:G$50,MATCH($T6,Reliability!$C$23:$C$50,0)),0),0)*$H6*$X6*$Y6),$D6)*$R6 -> 5.4200644 | AC6: =MIN((IFERROR(IF(AND($V6<=AC$1,$W6>=AC$1),INDEX(Reliability!H$23:H$50,MATCH($S6,Reliability!$C$23:$C$50,0)),0),0)*IF($T6="n/a",$D6*$Y6,$G6)+IFERROR(IF(AND($V6<=AC$1,$W6>=AC$1),INDEX(Reliability!H$23:H$50,MATCH($T6,Reliability!$C$23:$C$50,0)),0),0)*$H6*$X6*$Y6),$D6)*$R6 -> 5.0840161 | AD6: =MIN((IFERROR(IF(AND($V6<=AD$1,$W6>=AD$1),INDEX(Reliability!I$23:I$50,MATCH($S6,Reliability!$C$23:$C$50,0)),0),0)*IF($T6="n/a",$D6*$Y6,$G6)+IFERROR(IF(AND($V6<=AD$1,$W6>=AD$1),INDEX(Reliability!I$23:I$50,MATCH($T6,Reliability!$C$23:$C$50,0)),0),0)*$H6*$X6*$Y6),$D6)*$R6 -> 4.7479679 | AE6: =MIN((IFERROR(IF(AND($V6<=AE$1,$W6>=AE$1),INDEX(Reliability!J$23:J$50,MATCH($S6,Reliability!$C$23:$C$50,0)),0),0)*IF($T6="n/a",$D6*$Y6,$G6)+IFERROR(IF(AND($V6<=AE$1,$W6>=AE$1),INDEX(Reliability!J$23:J$50,MATCH($T6,Reliability!$C$23:$C$50,0)),0),0)*$H6*$X6*$Y6),$D6)*$R6 -> 3.8739839 | AF6: =MIN((IFERROR(IF(AND($V6<=AF$1,$W6>=AF$1),INDEX(Reliability!K$23:K$50,MATCH($S6,Reliability!$C$23:$C$50,0)),0),0)*IF($T6="n/a",$D6*$Y6,$G6)+IFERROR(IF(AND($V6<=AF$1,$W6>=AF$1),INDEX(Reliability!K$23:K$50,MATCH($T6,Reliability!$C$23:$C$50,0)),0),0)*$H6*$X6*$Y6),$D6)*$R6 -> 3 | AG6: =MIN((IFERROR(IF(AND($V6<=AG$1,$W6>=AG$1),INDEX(Reliability!L$23:L$50,MATCH($S6,Reliability!$C$23:$C$50,0)),0),0)*IF($T6="n/a",$D6*$Y6,$G6)+IFERROR(IF(AND($V6<=AG$1,$W6>=AG$1),INDEX(Reliability!L$23:L$50,MATCH($T6,Reliability!$C$23:$C$50,0)),0),0)*$H6*$X6*$Y6),$D6)*$R6 -> 3.04 | ... AK6: =MIN((IFERROR(IF(AND($V6<=AK$1,$W6>=AK$1),INDEX(Reliability!P$23:P$50,MATCH($S6,Reliability!$C$23:$C$50,0)),0),0)*IF($T6="n/a",$D6*$Y6,$G6)+IFERROR(IF(AND($V6<=AK$1,$W6>=AK$1),INDEX(Reliability!P$23:P$50,MATCH($T6,Reliability!$C$23:$C$50,0)),0),0)*$H6*$X6*$Y6),$D6)*$R6 -> 3.2 | AM6: =ROUND(SUM(Z6:AK6),1) -> 47.6 | AN6: =unique_contracts!C6 -> Aquamarine Westside
B7: =unique_contracts!B7 -> _NEW_GENERIC_BATTERY_STORAGE | C7: =unique_contracts!D7 -> Online | D7: =unique_contracts!J7 -> 2.5 | E7: =unique_contracts!M7 -> NotHybrid | F7: =unique_contracts!N7 -> 0 | G7: =unique_contracts!P7 -> 0 | H7: =unique_contracts!R7 -> 0 | I7: =unique_contracts!V7 -> 10 | J7: =unique_contracts!AB7 -> 0 | K7: =unique_contracts!AM7 -> 2022 | L7: =unique_contracts!AN7 -> 6 | M7: =unique_contracts!AO7 -> 3 | N7: =unique_contracts!AP7 -> 2032 | O7: =unique_contracts!AQ7 -> 6 | P7: =unique_contracts!AR7 -> 2 | Q7: =unique_contracts!BP7 -> CapacityOnly | R7: =IF(AND(J7="Sell",ISNUMBER(SEARCH("Capacity",Q7))),-1,IF(AND(NOT(J7="Sell"),ISNUMBER(SEARCH("Capacity",Q7))),1,0)) -> 1 | S7: =IFERROR(IF(AND(I7>0,E7="NotHybrid"),_xlfn.CONCAT(MAX(MIN(ROUNDDOWN(I7/D7,0),8),4),INDEX(resources!$G:$G,MATCH(B7,resources!$A:$A,0))),INDEX(resources!$G:$G,MATCH(B7,resources!$A:$A,0))),"n/a") -> 4hr_batteries | T7: =IFERROR(IF(NOT(E7="NotHybrid"),_xlfn.CONCAT(MAX(MIN(ROUNDDOWN(I7/H7,0),8),4),"hr_batteries"),"n/a"),"n/a") -> n/a | U7: =IF(T7="n/a",S7,"hybrid") -> 4hr_batteries | V7: =IFERROR(IF(DATE(K7,L7,M7)<=DATE(K7,6,1),K7,K7+1),0) -> 2023 | W7: =IFERROR(IF(DATE(N7,O7,P7)>=DATE(N7,10,1),N7,N7-1),0) -> 2031 | X7: =IF(OR(T7="n/a",NOT(F7="NO")),100%,IF(ISNUMBER(SEARCH("pv",S7)),MIN(G7/(1*(ROUNDDOWN(I7/H7,0)/4)),H7)/H7,IF(ISNUMBER(SEARCH("wind",S7)),MIN(G7/(2*(ROUNDDOWN(I7/H7,0)/4)),H7)/H7,1))) -> 1 | Y7: =IF(ISNUMBER(SEARCH("batteries",S7)),MIN(ROUNDDOWN(I7/D7,0)/4,1), IF(ISNUMBER(SEARCH("batteries",T7)),MIN(ROUNDDOWN(I7/H7,0)/4,1),1)) -> 1 | Z7: =MIN((IFERROR(IF(AND($V7<=Z$1,$W7>=Z$1),INDEX(Reliability!E$23:E$50,MATCH($S7,Reliability!$C$23:$C$50,0)),0),0)*IF($T7="n/a",$D7*$Y7,$G7)+IFERROR(IF(AND($V7<=Z$1,$W7>=Z$1),INDEX(Reliability!E$23:E$50,MATCH($T7,Reliability!$C$23:$C$50,0)),0),0)*$H7*$X7*$Y7),$D7)*$R7 -> 2.2125 | AA7: =MIN((IFERROR(IF(AND($V7<=AA$1,$W7>=AA$1),INDEX(Reliability!F$23:F$50,MATCH($S7,Reliability!$C$23:$C$50,0)),0),0)*IF($T7="n/a",$D7*$Y7,$G7)+IFERROR(IF(AND($V7<=AA$1,$W7>=AA$1),INDEX(Reliability!F$23:F$50,MATCH($T7,Reliability!$C$23:$C$50,0)),0),0)*$H7*$X7*$Y7),$D7)*$R7 -> 2.25375 | AB7: =MIN((IFERROR(IF(AND($V7<=AB$1,$W7>=AB$1),INDEX(Reliability!G$23:G$50,MATCH($S7,Reliability!$C$23:$C$50,0)),0),0)*IF($T7="n/a",$D7*$Y7,$G7)+IFERROR(IF(AND($V7<=AB$1,$W7>=AB$1),INDEX(Reliability!G$23:G$50,MATCH($T7,Reliability!$C$23:$C$50,0)),0),0)*$H7*$X7*$Y7),$D7)*$R7 -> 2.295 | AC7: =MIN((IFERROR(IF(AND($V7<=AC$1,$W7>=AC$1),INDEX(Reliability!H$23:H$50,MATCH($S7,Reliability!$C$23:$C$50,0)),0),0)*IF($T7="n/a",$D7*$Y7,$G7)+IFERROR(IF(AND($V7<=AC$1,$W7>=AC$1),INDEX(Reliability!H$23:H$50,MATCH($T7,Reliability!$C$23:$C$50,0)),0),0)*$H7*$X7*$Y7),$D7)*$R7 -> 2.11375 | AD7: =MIN((IFERROR(IF(AND($V7<=AD$1,$W7>=AD$1),INDEX(Reliability!I$23:I$50,MATCH($S7,Reliability!$C$23:$C$50,0)),0),0)*IF($T7="n/a",$D7*$Y7,$G7)+IFERROR(IF(AND($V7<=AD$1,$W7>=AD$1),INDEX(Reliability!I$23:I$50,MATCH($T7,Reliability!$C$23:$C$50,0)),0),0)*$H7*$X7*$Y7),$D7)*$R7 -> 1.9325 | AE7: =MIN((IFERROR(IF(AND($V7<=AE$1,$W7>=AE$1),INDEX(Reliability!J$23:J$50,MATCH($S7,Reliability!$C$23:$C$50,0)),0),0)*IF($T7="n/a",$D7*$Y7,$G7)+IFERROR(IF(AND($V7<=AE$1,$W7>=AE$1),INDEX(Reliability!J$23:J$50,MATCH($T7,Reliability!$C$23:$C$50,0)),0),0)*$H7*$X7*$Y7),$D7)*$R7 -> 1.8975 | AF7: =MIN((IFERROR(IF(AND($V7<=AF$1,$W7>=AF$1),INDEX(Reliability!K$23:K$50,MATCH($S7,Reliability!$C$23:$C$50,0)),0),0)*IF($T7="n/a",$D7*$Y7,$G7)+IFERROR(IF(AND($V7<=AF$1,$W7>=AF$1),INDEX(Reliability!K$23:K$50,MATCH($T7,Reliability!$C$23:$C$50,0)),0),0)*$H7*$X7*$Y7),$D7)*$R7 -> 1.8625 | AG7: =MIN((IFERROR(IF(AND($V7<=AG$1,$W7>=AG$1),INDEX(Reliability!L$23:L$50,MATCH($S7,Reliability!$C$23:$C$50,0)),0),0)*IF($T7="n/a",$D7*$Y7,$G7)+IFERROR(IF(AND($V7<=AG$1,$W7>=AG$1),INDEX(Reliability!L$23:L$50,MATCH($T7,Reliability!$C$23:$C$50,0)),0),0)*$H7*$X7*$Y7),$D7)*$R7 -> 1.6905 | ... AK7: =MIN((IFERROR(IF(AND($V7<=AK$1,$W7>=AK$1),INDEX(Reliability!P$23:P$50,MATCH($S7,Reliability!$C$23:$C$50,0)),0),0)*IF($T7="n/a",$D7*$Y7,$G7)+IFERROR(IF(AND($V7<=AK$1,$W7>=AK$1),INDEX(Reliability!P$23:P$50,MATCH($T7,Reliability!$C$23:$C$50,0)),0),0)*$H7*$X7*$Y7),$D7)*$R7 -> 0 | AM7: =ROUND(SUM(Z7:AK7),1) -> 16.3 | AN7: =unique_contracts!C7 -> Tierra Buena
B8: =unique_contracts!B8 -> _EXISTING_GENERIC_DR | C8: =unique_contracts!D8 -> Online | D8: =unique_contracts!J8 -> 7 | E8: =unique_contracts!M8 -> NotHybrid | F8: =unique_contracts!N8 -> 0 | G8: =unique_contracts!P8 -> 0 | H8: =unique_contracts!R8 -> 0 | I8: =unique_contracts!V8 -> 0 | J8: =unique_contracts!AB8 -> 0 | K8: =unique_contracts!AM8 -> 2021 | L8: =unique_contracts!AN8 -> 6 | M8: =unique_contracts!AO8 -> 1 | N8: =unique_contracts!AP8 -> 2031 | O8: =unique_contracts!AQ8 -> 5 | P8: =unique_contracts!AR8 -> 31 | Q8: =unique_contracts!BP8 -> EnergyCapacity | R8: =IF(AND(J8="Sell",ISNUMBER(SEARCH("Capacity",Q8))),-1,IF(AND(NOT(J8="Sell"),ISNUMBER(SEARCH("Capacity",Q8))),1,0)) -> 1 | S8: =IFERROR(IF(AND(I8>0,E8="NotHybrid"),_xlfn.CONCAT(MAX(MIN(ROUNDDOWN(I8/D8,0),8),4),INDEX(resources!$G:$G,MATCH(B8,resources!$A:$A,0))),INDEX(resources!$G:$G,MATCH(B8,resources!$A:$A,0))),"n/a") -> demand_response | T8: =IFERROR(IF(NOT(E8="NotHybrid"),_xlfn.CONCAT(MAX(MIN(ROUNDDOWN(I8/H8,0),8),4),"hr_batteries"),"n/a"),"n/a") -> n/a | U8: =IF(T8="n/a",S8,"hybrid") -> demand_response | V8: =IFERROR(IF(DATE(K8,L8,M8)<=DATE(K8,6,1),K8,K8+1),0) -> 2021 | W8: =IFERROR(IF(DATE(N8,O8,P8)>=DATE(N8,10,1),N8,N8-1),0) -> 2030 | X8: =IF(OR(T8="n/a",NOT(F8="NO")),100%,IF(ISNUMBER(SEARCH("pv",S8)),MIN(G8/(1*(ROUNDDOWN(I8/H8,0)/4)),H8)/H8,IF(ISNUMBER(SEARCH("wind",S8)),MIN(G8/(2*(ROUNDDOWN(I8/H8,0)/4)),H8)/H8,1))) -> 1 | Y8: =IF(ISNUMBER(SEARCH("batteries",S8)),MIN(ROUNDDOWN(I8/D8,0)/4,1), IF(ISNUMBER(SEARCH("batteries",T8)),MIN(ROUNDDOWN(I8/H8,0)/4,1),1)) -> 1 | Z8: =MIN((IFERROR(IF(AND($V8<=Z$1,$W8>=Z$1),INDEX(Reliability!E$23:E$50,MATCH($S8,Reliability!$C$23:$C$50,0)),0),0)*IF($T8="n/a",$D8*$Y8,$G8)+IFERROR(IF(AND($V8<=Z$1,$W8>=Z$1),INDEX(Reliability!E$23:E$50,MATCH($T8,Reliability!$C$23:$C$50,0)),0),0)*$H8*$X8*$Y8),$D8)*$R8 -> 6.251 | AA8: =MIN((IFERROR(IF(AND($V8<=AA$1,$W8>=AA$1),INDEX(Reliability!F$23:F$50,MATCH($S8,Reliability!$C$23:$C$50,0)),0),0)*IF($T8="n/a",$D8*$Y8,$G8)+IFERROR(IF(AND($V8<=AA$1,$W8>=AA$1),INDEX(Reliability!F$23:F$50,MATCH($T8,Reliability!$C$23:$C$50,0)),0),0)*$H8*$X8*$Y8),$D8)*$R8 -> 6.3584588 | AB8: =MIN((IFERROR(IF(AND($V8<=AB$1,$W8>=AB$1),INDEX(Reliability!G$23:G$50,MATCH($S8,Reliability!$C$23:$C$50,0)),0),0)*IF($T8="n/a",$D8*$Y8,$G8)+IFERROR(IF(AND($V8<=AB$1,$W8>=AB$1),INDEX(Reliability!G$23:G$50,MATCH($T8,Reliability!$C$23:$C$50,0)),0),0)*$H8*$X8*$Y8),$D8)*$R8 -> 6.4659177 | AC8: =MIN((IFERROR(IF(AND($V8<=AC$1,$W8>=AC$1),INDEX(Reliability!H$23:H$50,MATCH($S8,Reliability!$C$23:$C$50,0)),0),0)*IF($T8="n/a",$D8*$Y8,$G8)+IFERROR(IF(AND($V8<=AC$1,$W8>=AC$1),INDEX(Reliability!H$23:H$50,MATCH($T8,Reliability!$C$23:$C$50,0)),0),0)*$H8*$X8*$Y8),$D8)*$R8 -> 5.4064588 | AD8: =MIN((IFERROR(IF(AND($V8<=AD$1,$W8>=AD$1),INDEX(Reliability!I$23:I$50,MATCH($S8,Reliability!$C$23:$C$50,0)),0),0)*IF($T8="n/a",$D8*$Y8,$G8)+IFERROR(IF(AND($V8<=AD$1,$W8>=AD$1),INDEX(Reliability!I$23:I$50,MATCH($T8,Reliability!$C$23:$C$50,0)),0),0)*$H8*$X8*$Y8),$D8)*$R8 -> 4.347 | AE8: =MIN((IFERROR(IF(AND($V8<=AE$1,$W8>=AE$1),INDEX(Reliability!J$23:J$50,MATCH($S8,Reliability!$C$23:$C$50,0)),0),0)*IF($T8="n/a",$D8*$Y8,$G8)+IFERROR(IF(AND($V8<=AE$1,$W8>=AE$1),INDEX(Reliability!J$23:J$50,MATCH($T8,Reliability!$C$23:$C$50,0)),0),0)*$H8*$X8*$Y8),$D8)*$R8 -> 4.242 | AF8: =MIN((IFERROR(IF(AND($V8<=AF$1,$W8>=AF$1),INDEX(Reliability!K$23:K$50,MATCH($S8,Reliability!$C$23:$C$50,0)),0),0)*IF($T8="n/a",$D8*$Y8,$G8)+IFERROR(IF(AND($V8<=AF$1,$W8>=AF$1),INDEX(Reliability!K$23:K$50,MATCH($T8,Reliability!$C$23:$C$50,0)),0),0)*$H8*$X8*$Y8),$D8)*$R8 -> 4.137 | AG8: =MIN((IFERROR(IF(AND($V8<=AG$1,$W8>=AG$1),INDEX(Reliability!L$23:L$50,MATCH($S8,Reliability!$C$23:$C$50,0)),0),0)*IF($T8="n/a",$D8*$Y8,$G8)+IFERROR(IF(AND($V8<=AG$1,$W8>=AG$1),INDEX(Reliability!L$23:L$50,MATCH($T8,Reliability!$C$23:$C$50,0)),0),0)*$H8*$X8*$Y8),$D8)*$R8 -> 0 | ... AK8: =MIN((IFERROR(IF(AND($V8<=AK$1,$W8>=AK$1),INDEX(Reliability!P$23:P$50,MATCH($S8,Reliability!$C$23:$C$50,0)),0),0)*IF($T8="n/a",$D8*$Y8,$G8)+IFERROR(IF(AND($V8<=AK$1,$W8>=AK$1),INDEX(Reliability!P$23:P$50,MATCH($T8,Reliability!$C$23:$C$50,0)),0),0)*$H8*$X8*$Y8),$D8)*$R8 -> 0 | AM8: =ROUND(SUM(Z8:AK8),1) -> 37.2 | AN8: =unique_contracts!C8 -> Leapfrog Demand Reponse RA
B9: =unique_contracts!B9 -> _NEW_GENERIC_SOLAR_1AXIS | C9: =unique_contracts!D9 -> Development | D9: =unique_contracts!J9 -> 90 | E9: =unique_contracts!M9 -> NewSolarNewStorage | F9: =unique_contracts!N9 -> NO | G9: =unique_contracts!P9 -> 90 | H9: =unique_contracts!R9 -> 75 | I9: =unique_contracts!V9 -> 300 | J9: =unique_contracts!AB9 -> 0 | K9: =unique_contracts!AM9 -> 2023 | L9: =unique_contracts!AN9 -> 5 | M9: =unique_contracts!AO9 -> 15 | N9: =unique_contracts!AP9 -> 2043 | O9: =unique_contracts!AQ9 -> 5 | P9: =unique_contracts!AR9 -> 14 | Q9: =unique_contracts!BP9 -> EnergyCapacity | R9: =IF(AND(J9="Sell",ISNUMBER(SEARCH("Capacity",Q9))),-1,IF(AND(NOT(J9="Sell"),ISNUMBER(SEARCH("Capacity",Q9))),1,0)) -> 1 | S9: =IFERROR(IF(AND(I9>0,E9="NotHybrid"),_xlfn.CONCAT(MAX(MIN(ROUNDDOWN(I9/D9,0),8),4),INDEX(resources!$G:$G,MATCH(B9,resources!$A:$A,0))),INDEX(resources!$G:$G,MATCH(B9,resources!$A:$A,0))),"n/a") -> utility_pv | T9: =IFERROR(IF(NOT(E9="NotHybrid"),_xlfn.CONCAT(MAX(MIN(ROUNDDOWN(I9/H9,0),8),4),"hr_batteries"),"n/a"),"n/a") -> 4hr_batteries | U9: =IF(T9="n/a",S9,"hybrid") -> hybrid | V9: =IFERROR(IF(DATE(K9,L9,M9)<=DATE(K9,6,1),K9,K9+1),0) -> 2023 | W9: =IFERROR(IF(DATE(N9,O9,P9)>=DATE(N9,10,1),N9,N9-1),0) -> 2042 | X9: =IF(OR(T9="n/a",NOT(F9="NO")),100%,IF(ISNUMBER(SEARCH("pv",S9)),MIN(G9/(1*(ROUNDDOWN(I9/H9,0)/4)),H9)/H9,IF(ISNUMBER(SEARCH("wind",S9)),MIN(G9/(2*(ROUNDDOWN(I9/H9,0)/4)),H9)/H9,1))) -> 1 | Y9: =IF(ISNUMBER(SEARCH("batteries",S9)),MIN(ROUNDDOWN(I9/D9,0)/4,1), IF(ISNUMBER(SEARCH("batteries",T9)),MIN(ROUNDDOWN(I9/H9,0)/4,1),1)) -> 1 | Z9: =MIN((IFERROR(IF(AND($V9<=Z$1,$W9>=Z$1),INDEX(Reliability!E$23:E$50,MATCH($S9,Reliability!$C$23:$C$50,0)),0),0)*IF($T9="n/a",$D9*$Y9,$G9)+IFERROR(IF(AND($V9<=Z$1,$W9>=Z$1),INDEX(Reliability!E$23:E$50,MATCH($T9,Reliability!$C$23:$C$50,0)),0),0)*$H9*$X9*$Y9),$D9)*$R9 -> 75.015 | AA9: =MIN((IFERROR(IF(AND($V9<=AA$1,$W9>=AA$1),INDEX(Reliability!F$23:F$50,MATCH($S9,Reliability!$C$23:$C$50,0)),0),0)*IF($T9="n/a",$D9*$Y9,$G9)+IFERROR(IF(AND($V9<=AA$1,$W9>=AA$1),INDEX(Reliability!F$23:F$50,MATCH($T9,Reliability!$C$23:$C$50,0)),0),0)*$H9*$X9*$Y9),$D9)*$R9 -> 76.810558 | AB9: =MIN((IFERROR(IF(AND($V9<=AB$1,$W9>=AB$1),INDEX(Reliability!G$23:G$50,MATCH($S9,Reliability!$C$23:$C$50,0)),0),0)*IF($T9="n/a",$D9*$Y9,$G9)+IFERROR(IF(AND($V9<=AB$1,$W9>=AB$1),INDEX(Reliability!G$23:G$50,MATCH($T9,Reliability!$C$23:$C$50,0)),0),0)*$H9*$X9*$Y9),$D9)*$R9 -> 78.606116 | AC9: =MIN((IFERROR(IF(AND($V9<=AC$1,$W9>=AC$1),INDEX(Reliability!H$23:H$50,MATCH($S9,Reliability!$C$23:$C$50,0)),0),0)*IF($T9="n/a",$D9*$Y9,$G9)+IFERROR(IF(AND($V9<=AC$1,$W9>=AC$1),INDEX(Reliability!H$23:H$50,MATCH($T9,Reliability!$C$23:$C$50,0)),0),0)*$H9*$X9*$Y9),$D9)*$R9 -> 72.563729 | AD9: =MIN((IFERROR(IF(AND($V9<=AD$1,$W9>=AD$1),INDEX(Reliability!I$23:I$50,MATCH($S9,Reliability!$C$23:$C$50,0)),0),0)*IF($T9="n/a",$D9*$Y9,$G9)+IFERROR(IF(AND($V9<=AD$1,$W9>=AD$1),INDEX(Reliability!I$23:I$50,MATCH($T9,Reliability!$C$23:$C$50,0)),0),0)*$H9*$X9*$Y9),$D9)*$R9 -> 66.521342 | AE9: =MIN((IFERROR(IF(AND($V9<=AE$1,$W9>=AE$1),INDEX(Reliability!J$23:J$50,MATCH($S9,Reliability!$C$23:$C$50,0)),0),0)*IF($T9="n/a",$D9*$Y9,$G9)+IFERROR(IF(AND($V9<=AE$1,$W9>=AE$1),INDEX(Reliability!J$23:J$50,MATCH($T9,Reliability!$C$23:$C$50,0)),0),0)*$H9*$X9*$Y9),$D9)*$R9 -> 63.898171 | AF9: =MIN((IFERROR(IF(AND($V9<=AF$1,$W9>=AF$1),INDEX(Reliability!K$23:K$50,MATCH($S9,Reliability!$C$23:$C$50,0)),0),0)*IF($T9="n/a",$D9*$Y9,$G9)+IFERROR(IF(AND($V9<=AF$1,$W9>=AF$1),INDEX(Reliability!K$23:K$50,MATCH($T9,Reliability!$C$23:$C$50,0)),0),0)*$H9*$X9*$Y9),$D9)*$R9 -> 61.275 | AG9: =MIN((IFERROR(IF(AND($V9<=AG$1,$W9>=AG$1),INDEX(Reliability!L$23:L$50,MATCH($S9,Reliability!$C$23:$C$50,0)),0),0)*IF($T9="n/a",$D9*$Y9,$G9)+IFERROR(IF(AND($V9<=AG$1,$W9>=AG$1),INDEX(Reliability!L$23:L$50,MATCH($T9,Reliability!$C$23:$C$50,0)),0),0)*$H9*$X9*$Y9),$D9)*$R9 -> 56.187 | ... AK9: =MIN((IFERROR(IF(AND($V9<=AK$1,$W9>=AK$1),INDEX(Reliability!P$23:P$50,MATCH($S9,Reliability!$C$23:$C$50,0)),0),0)*IF($T9="n/a",$D9*$Y9,$G9)+IFERROR(IF(AND($V9<=AK$1,$W9>=AK$1),INDEX(Reliability!P$23:P$50,MATCH($T9,Reliability!$C$23:$C$50,0)),0),0)*$H9*$X9*$Y9),$D9)*$R9 -> 35.835 | AM9: =ROUND(SUM(Z9:AK9),1) -> 724.7 | AN9: =unique_contracts!C9 -> Resurgence Solar
B10: =unique_contracts!B10 -> _NEW_GENERIC_BATTERY_STORAGE | C10: =unique_contracts!D10 -> Development | D10: =unique_contracts!J10 -> 2.86 | E10: =unique_contracts!M10 -> NotHybrid | F10: =unique_contracts!N10 -> 0 | G10: =unique_contracts!P10 -> 0 | H10: =unique_contracts!R10 -> 0 | I10: =unique_contracts!V10 -> 22.88 | J10: =unique_contracts!AB10 -> 0 | K10: =unique_contracts!AM10 -> 2026 | L10: =unique_contracts!AN10 -> 6 | M10: =unique_contracts!AO10 -> 1 | N10: =unique_contracts!AP10 -> 2041 | O10: =unique_contracts!AQ10 -> 5 | P10: =unique_contracts!AR10 -> 31 | Q10: =unique_contracts!BP10 -> EnergyCapacity | R10: =IF(AND(J10="Sell",ISNUMBER(SEARCH("Capacity",Q10))),-1,IF(AND(NOT(J10="Sell"),ISNUMBER(SEARCH("Capacity",Q10))),1,0)) -> 1 | S10: =IFERROR(IF(AND(I10>0,E10="NotHybrid"),_xlfn.CONCAT(MAX(MIN(ROUNDDOWN(I10/D10,0),8),4),INDEX(resources!$G:$G,MATCH(B10,resources!$A:$A,0))),INDEX(resources!$G:$G,MATCH(B10,resources!$A:$A,0))),"n/a") -> 8hr_batteries | T10: =IFERROR(IF(NOT(E10="NotHybrid"),_xlfn.CONCAT(MAX(MIN(ROUNDDOWN(I10/H10,0),8),4),"hr_batteries"),"n/a"),"n/a") -> n/a | U10: =IF(T10="n/a",S10,"hybrid") -> 8hr_batteries | V10: =IFERROR(IF(DATE(K10,L10,M10)<=DATE(K10,6,1),K10,K10+1),0) -> 2026 | W10: =IFERROR(IF(DATE(N10,O10,P10)>=DATE(N10,10,1),N10,N10-1),0) -> 2040 | X10: =IF(OR(T10="n/a",NOT(F10="NO")),100%,IF(ISNUMBER(SEARCH("pv",S10)),MIN(G10/(1*(ROUNDDOWN(I10/H10,0)/4)),H10)/H10,IF(ISNUMBER(SEARCH("wind",S10)),MIN(G10/(2*(ROUNDDOWN(I10/H10,0)/4)),H10)/H10,1))) -> 1 | Y10: =IF(ISNUMBER(SEARCH("batteries",S10)),MIN(ROUNDDOWN(I10/D10,0)/4,1), IF(ISNUMBER(SEARCH("batteries",T10)),MIN(ROUNDDOWN(I10/H10,0)/4,1),1)) -> 1 | Z10: =MIN((IFERROR(IF(AND($V10<=Z$1,$W10>=Z$1),INDEX(Reliability!E$23:E$50,MATCH($S10,Reliability!$C$23:$C$50,0)),0),0)*IF($T10="n/a",$D10*$Y10,$G10)+IFERROR(IF(AND($V10<=Z$1,$W10>=Z$1),INDEX(Reliability!E$23:E$50,MATCH($T10,Reliability!$C$23:$C$50,0)),0),0)*$H10*$X10*$Y10),$D10)*$R10 -> 0 | AA10: =MIN((IFERROR(IF(AND($V10<=AA$1,$W10>=AA$1),INDEX(Reliability!F$23:F$50,MATCH($S10,Reliability!$C$23:$C$50,0)),0),0)*IF($T10="n/a",$D10*$Y10,$G10)+IFERROR(IF(AND($V10<=AA$1,$W10>=AA$1),INDEX(Reliability!F$23:F$50,MATCH($T10,Reliability!$C$23:$C$50,0)),0),0)*$H10*$X10*$Y10),$D10)*$R10 -> 0 | AB10: =MIN((IFERROR(IF(AND($V10<=AB$1,$W10>=AB$1),INDEX(Reliability!G$23:G$50,MATCH($S10,Reliability!$C$23:$C$50,0)),0),0)*IF($T10="n/a",$D10*$Y10,$G10)+IFERROR(IF(AND($V10<=AB$1,$W10>=AB$1),INDEX(Reliability!G$23:G$50,MATCH($T10,Reliability!$C$23:$C$50,0)),0),0)*$H10*$X10*$Y10),$D10)*$R10 -> 2.6598 | AC10: =MIN((IFERROR(IF(AND($V10<=AC$1,$W10>=AC$1),INDEX(Reliability!H$23:H$50,MATCH($S10,Reliability!$C$23:$C$50,0)),0),0)*IF($T10="n/a",$D10*$Y10,$G10)+IFERROR(IF(AND($V10<=AC$1,$W10>=AC$1),INDEX(Reliability!H$23:H$50,MATCH($T10,Reliability!$C$23:$C$50,0)),0),0)*$H10*$X10*$Y10),$D10)*$R10 -> 2.57114 | AD10: =MIN((IFERROR(IF(AND($V10<=AD$1,$W10>=AD$1),INDEX(Reliability!I$23:I$50,MATCH($S10,Reliability!$C$23:$C$50,0)),0),0)*IF($T10="n/a",$D10*$Y10,$G10)+IFERROR(IF(AND($V10<=AD$1,$W10>=AD$1),INDEX(Reliability!I$23:I$50,MATCH($T10,Reliability!$C$23:$C$50,0)),0),0)*$H10*$X10*$Y10),$D10)*$R10 -> 2.48248 | AE10: =MIN((IFERROR(IF(AND($V10<=AE$1,$W10>=AE$1),INDEX(Reliability!J$23:J$50,MATCH($S10,Reliability!$C$23:$C$50,0)),0),0)*IF($T10="n/a",$D10*$Y10,$G10)+IFERROR(IF(AND($V10<=AE$1,$W10>=AE$1),INDEX(Reliability!J$23:J$50,MATCH($T10,Reliability!$C$23:$C$50,0)),0),0)*$H10*$X10*$Y10),$D10)*$R10 -> 2.45245 | AF10: =MIN((IFERROR(IF(AND($V10<=AF$1,$W10>=AF$1),INDEX(Reliability!K$23:K$50,MATCH($S10,Reliability!$C$23:$C$50,0)),0),0)*IF($T10="n/a",$D10*$Y10,$G10)+IFERROR(IF(AND($V10<=AF$1,$W10>=AF$1),INDEX(Reliability!K$23:K$50,MATCH($T10,Reliability!$C$23:$C$50,0)),0),0)*$H10*$X10*$Y10),$D10)*$R10 -> 2.42242 | AG10: =MIN((IFERROR(IF(AND($V10<=AG$1,$W10>=AG$1),INDEX(Reliability!L$23:L$50,MATCH($S10,Reliability!$C$23:$C$50,0)),0),0)*IF($T10="n/a",$D10*$Y10,$G10)+IFERROR(IF(AND($V10<=AG$1,$W10>=AG$1),INDEX(Reliability!L$23:L$50,MATCH($T10,Reliability!$C$23:$C$50,0)),0),0)*$H10*$X10*$Y10),$D10)*$R10 -> 2.336048 | ... AK10: =MIN((IFERROR(IF(AND($V10<=AK$1,$W10>=AK$1),INDEX(Reliability!P$23:P$50,MATCH($S10,Reliability!$C$23:$C$50,0)),0),0)*IF($T10="n/a",$D10*$Y10,$G10)+IFERROR(IF(AND($V10<=AK$1,$W10>=AK$1),INDEX(Reliability!P$23:P$50,MATCH($T10,Reliability!$C$23:$C$50,0)),0),0)*$H10*$X10*$Y10),$D10)*$R10 -> 1.99056 | AM10: =ROUND(SUM(Z10:AK10),1) -> 23.4 | AN10: =unique_contracts!C10 -> CC Power Tumbleweed
B11: =unique_contracts!B11 -> _NEW_GENERIC_BATTERY_STORAGE | C11: =unique_contracts!D11 -> Development | D11: =unique_contracts!J11 -> 2.25 | E11: =unique_contracts!M11 -> NotHybrid | F11: =unique_contracts!N11 -> 0 | G11: =unique_contracts!P11 -> 0 | H11: =unique_contracts!R11 -> 0 | I11: =unique_contracts!V11 -> 18 | J11: =unique_contracts!AB11 -> 0 | K11: =unique_contracts!AM11 -> 2025 | L11: =unique_contracts!AN11 -> 6 | M11: =unique_contracts!AO11 -> 1 | N11: =unique_contracts!AP11 -> 2040 | O11: =unique_contracts!AQ11 -> 5 | P11: =unique_contracts!AR11 -> 31 | Q11: =unique_contracts!BP11 -> EnergyCapacity | R11: =IF(AND(J11="Sell",ISNUMBER(SEARCH("Capacity",Q11))),-1,IF(AND(NOT(J11="Sell"),ISNUMBER(SEARCH("Capacity",Q11))),1,0)) -> 1 | S11: =IFERROR(IF(AND(I11>0,E11="NotHybrid"),_xlfn.CONCAT(MAX(MIN(ROUNDDOWN(I11/D11,0),8),4),INDEX(resources!$G:$G,MATCH(B11,resources!$A:$A,0))),INDEX(resources!$G:$G,MATCH(B11,resources!$A:$A,0))),"n/a") -> 8hr_batteries | T11: =IFERROR(IF(NOT(E11="NotHybrid"),_xlfn.CONCAT(MAX(MIN(ROUNDDOWN(I11/H11,0),8),4),"hr_batteries"),"n/a"),"n/a") -> n/a | U11: =IF(T11="n/a",S11,"hybrid") -> 8hr_batteries | V11: =IFERROR(IF(DATE(K11,L11,M11)<=DATE(K11,6,1),K11,K11+1),0) -> 2025 | W11: =IFERROR(IF(DATE(N11,O11,P11)>=DATE(N11,10,1),N11,N11-1),0) -> 2039 | X11: =IF(OR(T11="n/a",NOT(F11="NO")),100%,IF(ISNUMBER(SEARCH("pv",S11)),MIN(G11/(1*(ROUNDDOWN(I11/H11,0)/4)),H11)/H11,IF(ISNUMBER(SEARCH("wind",S11)),MIN(G11/(2*(ROUNDDOWN(I11/H11,0)/4)),H11)/H11,1))) -> 1 | Y11: =IF(ISNUMBER(SEARCH("batteries",S11)),MIN(ROUNDDOWN(I11/D11,0)/4,1), IF(ISNUMBER(SEARCH("batteries",T11)),MIN(ROUNDDOWN(I11/H11,0)/4,1),1)) -> 1 | Z11: =MIN((IFERROR(IF(AND($V11<=Z$1,$W11>=Z$1),INDEX(Reliability!E$23:E$50,MATCH($S11,Reliability!$C$23:$C$50,0)),0),0)*IF($T11="n/a",$D11*$Y11,$G11)+IFERROR(IF(AND($V11<=Z$1,$W11>=Z$1),INDEX(Reliability!E$23:E$50,MATCH($T11,Reliability!$C$23:$C$50,0)),0),0)*$H11*$X11*$Y11),$D11)*$R11 -> 0 | AA11: =MIN((IFERROR(IF(AND($V11<=AA$1,$W11>=AA$1),INDEX(Reliability!F$23:F$50,MATCH($S11,Reliability!$C$23:$C$50,0)),0),0)*IF($T11="n/a",$D11*$Y11,$G11)+IFERROR(IF(AND($V11<=AA$1,$W11>=AA$1),INDEX(Reliability!F$23:F$50,MATCH($T11,Reliability!$C$23:$C$50,0)),0),0)*$H11*$X11*$Y11),$D11)*$R11 -> 2.04975 | AB11: =MIN((IFERROR(IF(AND($V11<=AB$1,$W11>=AB$1),INDEX(Reliability!G$23:G$50,MATCH($S11,Reliability!$C$23:$C$50,0)),0),0)*IF($T11="n/a",$D11*$Y11,$G11)+IFERROR(IF(AND($V11<=AB$1,$W11>=AB$1),INDEX(Reliability!G$23:G$50,MATCH($T11,Reliability!$C$23:$C$50,0)),0),0)*$H11*$X11*$Y11),$D11)*$R11 -> 2.0925 | AC11: =MIN((IFERROR(IF(AND($V11<=AC$1,$W11>=AC$1),INDEX(Reliability!H$23:H$50,MATCH($S11,Reliability!$C$23:$C$50,0)),0),0)*IF($T11="n/a",$D11*$Y11,$G11)+IFERROR(IF(AND($V11<=AC$1,$W11>=AC$1),INDEX(Reliability!H$23:H$50,MATCH($T11,Reliability!$C$23:$C$50,0)),0),0)*$H11*$X11*$Y11),$D11)*$R11 -> 2.02275 | AD11: =MIN((IFERROR(IF(AND($V11<=AD$1,$W11>=AD$1),INDEX(Reliability!I$23:I$50,MATCH($S11,Reliability!$C$23:$C$50,0)),0),0)*IF($T11="n/a",$D11*$Y11,$G11)+IFERROR(IF(AND($V11<=AD$1,$W11>=AD$1),INDEX(Reliability!I$23:I$50,MATCH($T11,Reliability!$C$23:$C$50,0)),0),0)*$H11*$X11*$Y11),$D11)*$R11 -> 1.953 | AE11: =MIN((IFERROR(IF(AND($V11<=AE$1,$W11>=AE$1),INDEX(Reliability!J$23:J$50,MATCH($S11,Reliability!$C$23:$C$50,0)),0),0)*IF($T11="n/a",$D11*$Y11,$G11)+IFERROR(IF(AND($V11<=AE$1,$W11>=AE$1),INDEX(Reliability!J$23:J$50,MATCH($T11,Reliability!$C$23:$C$50,0)),0),0)*$H11*$X11*$Y11),$D11)*$R11 -> 1.929375 | AF11: =MIN((IFERROR(IF(AND($V11<=AF$1,$W11>=AF$1),INDEX(Reliability!K$23:K$50,MATCH($S11,Reliability!$C$23:$C$50,0)),0),0)*IF($T11="n/a",$D11*$Y11,$G11)+IFERROR(IF(AND($V11<=AF$1,$W11>=AF$1),INDEX(Reliability!K$23:K$50,MATCH($T11,Reliability!$C$23:$C$50,0)),0),0)*$H11*$X11*$Y11),$D11)*$R11 -> 1.90575 | AG11: =MIN((IFERROR(IF(AND($V11<=AG$1,$W11>=AG$1),INDEX(Reliability!L$23:L$50,MATCH($S11,Reliability!$C$23:$C$50,0)),0),0)*IF($T11="n/a",$D11*$Y11,$G11)+IFERROR(IF(AND($V11<=AG$1,$W11>=AG$1),INDEX(Reliability!L$23:L$50,MATCH($T11,Reliability!$C$23:$C$50,0)),0),0)*$H11*$X11*$Y11),$D11)*$R11 -> 1.8378 | ... AK11: =MIN((IFERROR(IF(AND($V11<=AK$1,$W11>=AK$1),INDEX(Reliability!P$23:P$50,MATCH($S11,Reliability!$C$23:$C$50,0)),0),0)*IF($T11="n/a",$D11*$Y11,$G11)+IFERROR(IF(AND($V11<=AK$1,$W11>=AK$1),INDEX(Reliability!P$23:P$50,MATCH($T11,Reliability!$C$23:$C$50,0)),0),0)*$H11*$X11*$Y11),$D11)*$R11 -> 1.566 | AM11: =ROUND(SUM(Z11:AK11),1) -> 20.5 | AN11: =unique_contracts!C11 -> CC Power Goal Line
B12: =unique_contracts!B12 -> _NEW_GENERIC_GEOTHERMAL | C12: =unique_contracts!D12 -> Development | D12: =unique_contracts!J12 -> 0.416 | E12: =unique_contracts!M12 -> 0 | F12: =unique_contracts!N12 -> 0 | G12: =unique_contracts!P12 -> 0 | H12: =unique_contracts!R12 -> 0 | I12: =unique_contracts!V12 -> 0 | J12: =unique_contracts!AB12 -> Buy | K12: =unique_contracts!AM12 -> 2024 | L12: =unique_contracts!AN12 -> 6 | M12: =unique_contracts!AO12 -> 1 | N12: =unique_contracts!AP12 -> 2044 | O12: =unique_contracts!AQ12 -> 5 | P12: =unique_contracts!AR12 -> 31 | Q12: =unique_contracts!BP12 -> EnergyCapacity | R12: =IF(AND(J12="Sell",ISNUMBER(SEARCH("Capacity",Q12))),-1,IF(AND(NOT(J12="Sell"),ISNUMBER(SEARCH("Capacity",Q12))),1,0)) -> 1 | S12: =IFERROR(IF(AND(I12>0,E12="NotHybrid"),_xlfn.CONCAT(MAX(MIN(ROUNDDOWN(I12/D12,0),8),4),INDEX(resources!$G:$G,MATCH(B12,resources!$A:$A,0))),INDEX(resources!$G:$G,MATCH(B12,resources!$A:$A,0))),"n/a") -> geothermal | T12: =IFERROR(IF(NOT(E12="NotHybrid"),_xlfn.CONCAT(MAX(MIN(ROUNDDOWN(I12/H12,0),8),4),"hr_batteries"),"n/a"),"n/a") -> n/a | U12: =IF(T12="n/a",S12,"hybrid") -> geothermal | V12: =IFERROR(IF(DATE(K12,L12,M12)<=DATE(K12,6,1),K12,K12+1),0) -> 2024 | W12: =IFERROR(IF(DATE(N12,O12,P12)>=DATE(N12,10,1),N12,N12-1),0) -> 2043 | X12: =IF(OR(T12="n/a",NOT(F12="NO")),100%,IF(ISNUMBER(SEARCH("pv",S12)),MIN(G12/(1*(ROUNDDOWN(I12/H12,0)/4)),H12)/H12,IF(ISNUMBER(SEARCH("wind",S12)),MIN(G12/(2*(ROUNDDOWN(I12/H12,0)/4)),H12)/H12,1))) -> 1 | Y12: =IF(ISNUMBER(SEARCH("batteries",S12)),MIN(ROUNDDOWN(I12/D12,0)/4,1), IF(ISNUMBER(SEARCH("batteries",T12)),MIN(ROUNDDOWN(I12/H12,0)/4,1),1)) -> 1 | Z12: =MIN((IFERROR(IF(AND($V12<=Z$1,$W12>=Z$1),INDEX(Reliability!E$23:E$50,MATCH($S12,Reliability!$C$23:$C$50,0)),0),0)*IF($T12="n/a",$D12*$Y12,$G12)+IFERROR(IF(AND($V12<=Z$1,$W12>=Z$1),INDEX(Reliability!E$23:E$50,MATCH($T12,Reliability!$C$23:$C$50,0)),0),0)*$H12*$X12*$Y12),$D12)*$R12 -> 0.35942552 | AA12: =MIN((IFERROR(IF(AND($V12<=AA$1,$W12>=AA$1),INDEX(Reliability!F$23:F$50,MATCH($S12,Reliability!$C$23:$C$50,0)),0),0)*IF($T12="n/a",$D12*$Y12,$G12)+IFERROR(IF(AND($V12<=AA$1,$W12>=AA$1),INDEX(Reliability!F$23:F$50,MATCH($T12,Reliability!$C$23:$C$50,0)),0),0)*$H12*$X12*$Y12),$D12)*$R12 -> 0.36535701 | AB12: =MIN((IFERROR(IF(AND($V12<=AB$1,$W12>=AB$1),INDEX(Reliability!G$23:G$50,MATCH($S12,Reliability!$C$23:$C$50,0)),0),0)*IF($T12="n/a",$D12*$Y12,$G12)+IFERROR(IF(AND($V12<=AB$1,$W12>=AB$1),INDEX(Reliability!G$23:G$50,MATCH($T12,Reliability!$C$23:$C$50,0)),0),0)*$H12*$X12*$Y12),$D12)*$R12 -> 0.3712885 | AC12: =MIN((IFERROR(IF(AND($V12<=AC$1,$W12>=AC$1),INDEX(Reliability!H$23:H$50,MATCH($S12,Reliability!$C$23:$C$50,0)),0),0)*IF($T12="n/a",$D12*$Y12,$G12)+IFERROR(IF(AND($V12<=AC$1,$W12>=AC$1),INDEX(Reliability!H$23:H$50,MATCH($T12,Reliability!$C$23:$C$50,0)),0),0)*$H12*$X12*$Y12),$D12)*$R12 -> 0.37856764 | AD12: =MIN((IFERROR(IF(AND($V12<=AD$1,$W12>=AD$1),INDEX(Reliability!I$23:I$50,MATCH($S12,Reliability!$C$23:$C$50,0)),0),0)*IF($T12="n/a",$D12*$Y12,$G12)+IFERROR(IF(AND($V12<=AD$1,$W12>=AD$1),INDEX(Reliability!I$23:I$50,MATCH($T12,Reliability!$C$23:$C$50,0)),0),0)*$H12*$X12*$Y12),$D12)*$R12 -> 0.38584678 | AE12: =MIN((IFERROR(IF(AND($V12<=AE$1,$W12>=AE$1),INDEX(Reliability!J$23:J$50,MATCH($S12,Reliability!$C$23:$C$50,0)),0),0)*IF($T12="n/a",$D12*$Y12,$G12)+IFERROR(IF(AND($V12<=AE$1,$W12>=AE$1),INDEX(Reliability!J$23:J$50,MATCH($T12,Reliability!$C$23:$C$50,0)),0),0)*$H12*$X12*$Y12),$D12)*$R12 -> 0.38388725 | AF12: =MIN((IFERROR(IF(AND($V12<=AF$1,$W12>=AF$1),INDEX(Reliability!K$23:K$50,MATCH($S12,Reliability!$C$23:$C$50,0)),0),0)*IF($T12="n/a",$D12*$Y12,$G12)+IFERROR(IF(AND($V12<=AF$1,$W12>=AF$1),INDEX(Reliability!K$23:K$50,MATCH($T12,Reliability!$C$23:$C$50,0)),0),0)*$H12*$X12*$Y12),$D12)*$R12 -> 0.38192773 | AG12: =MIN((IFERROR(IF(AND($V12<=AG$1,$W12>=AG$1),INDEX(Reliability!L$23:L$50,MATCH($S12,Reliability!$C$23:$C$50,0)),0),0)*IF($T12="n/a",$D12*$Y12,$G12)+IFERROR(IF(AND($V12<=AG$1,$W12>=AG$1),INDEX(Reliability!L$23:L$50,MATCH($T12,Reliability!$C$23:$C$50,0)),0),0)*$H12*$X12*$Y12),$D12)*$R12 -> 0.38496004 | ... AK12: =MIN((IFERROR(IF(AND($V12<=AK$1,$W12>=AK$1),INDEX(Reliability!P$23:P$50,MATCH($S12,Reliability!$C$23:$C$50,0)),0),0)*IF($T12="n/a",$D12*$Y12,$G12)+IFERROR(IF(AND($V12<=AK$1,$W12>=AK$1),INDEX(Reliability!P$23:P$50,MATCH($T12,Reliability!$C$23:$C$50,0)),0),0)*$H12*$X12*$Y12),$D12)*$R12 -> 0.39708929 | AM12: =ROUND(SUM(Z12:AK12),1) -> 4.6 | AN12: =unique_contracts!C12 -> Fish Lake Geothermal
B13: =unique_contracts!B13 -> _NEW_GENERIC_GEOTHERMAL | C13: =unique_contracts!D13 -> Development | D13: =unique_contracts!J13 -> 0.61666667 | E13: =unique_contracts!M13 -> 0 | F13: =unique_contracts!N13 -> 0 | G13: =unique_contracts!P13 -> 0 | H13: =unique_contracts!R13 -> 0 | I13: =unique_contracts!V13 -> 0 | J13: =unique_contracts!AB13 -> Buy | K13: =unique_contracts!AM13 -> 2024 | L13: =unique_contracts!AN13 -> 10 | M13: =unique_contracts!AO13 -> 1 | N13: =unique_contracts!AP13 -> 2044 | O13: =unique_contracts!AQ13 -> 9 | P13: =unique_contracts!AR13 -> 30 | Q13: =unique_contracts!BP13 -> EnergyCapacity | R13: =IF(AND(J13="Sell",ISNUMBER(SEARCH("Capacity",Q13))),-1,IF(AND(NOT(J13="Sell"),ISNUMBER(SEARCH("Capacity",Q13))),1,0)) -> 1 | S13: =IFERROR(IF(AND(I13>0,E13="NotHybrid"),_xlfn.CONCAT(MAX(MIN(ROUNDDOWN(I13/D13,0),8),4),INDEX(resources!$G:$G,MATCH(B13,resources!$A:$A,0))),INDEX(resources!$G:$G,MATCH(B13,resources!$A:$A,0))),"n/a") -> geothermal | T13: =IFERROR(IF(NOT(E13="NotHybrid"),_xlfn.CONCAT(MAX(MIN(ROUNDDOWN(I13/H13,0),8),4),"hr_batteries"),"n/a"),"n/a") -> n/a | U13: =IF(T13="n/a",S13,"hybrid") -> geothermal | V13: =IFERROR(IF(DATE(K13,L13,M13)<=DATE(K13,6,1),K13,K13+1),0) -> 2025 | W13: =IFERROR(IF(DATE(N13,O13,P13)>=DATE(N13,10,1),N13,N13-1),0) -> 2043 | X13: =IF(OR(T13="n/a",NOT(F13="NO")),100%,IF(ISNUMBER(SEARCH("pv",S13)),MIN(G13/(1*(ROUNDDOWN(I13/H13,0)/4)),H13)/H13,IF(ISNUMBER(SEARCH("wind",S13)),MIN(G13/(2*(ROUNDDOWN(I13/H13,0)/4)),H13)/H13,1))) -> 1 | Y13: =IF(ISNUMBER(SEARCH("batteries",S13)),MIN(ROUNDDOWN(I13/D13,0)/4,1), IF(ISNUMBER(SEARCH("batteries",T13)),MIN(ROUNDDOWN(I13/H13,0)/4,1),1)) -> 1 | Z13: =MIN((IFERROR(IF(AND($V13<=Z$1,$W13>=Z$1),INDEX(Reliability!E$23:E$50,MATCH($S13,Reliability!$C$23:$C$50,0)),0),0)*IF($T13="n/a",$D13*$Y13,$G13)+IFERROR(IF(AND($V13<=Z$1,$W13>=Z$1),INDEX(Reliability!E$23:E$50,MATCH($T13,Reliability!$C$23:$C$50,0)),0),0)*$H13*$X13*$Y13),$D13)*$R13 -> 0 | AA13: =MIN((IFERROR(IF(AND($V13<=AA$1,$W13>=AA$1),INDEX(Reliability!F$23:F$50,MATCH($S13,Reliability!$C$23:$C$50,0)),0),0)*IF($T13="n/a",$D13*$Y13,$G13)+IFERROR(IF(AND($V13<=AA$1,$W13>=AA$1),INDEX(Reliability!F$23:F$50,MATCH($T13,Reliability!$C$23:$C$50,0)),0),0)*$H13*$X13*$Y13),$D13)*$R13 -> 0.54159493 | AB13: =MIN((IFERROR(IF(AND($V13<=AB$1,$W13>=AB$1),INDEX(Reliability!G$23:G$50,MATCH($S13,Reliability!$C$23:$C$50,0)),0),0)*IF($T13="n/a",$D13*$Y13,$G13)+IFERROR(IF(AND($V13<=AB$1,$W13>=AB$1),INDEX(Reliability!G$23:G$50,MATCH($T13,Reliability!$C$23:$C$50,0)),0),0)*$H13*$X13*$Y13),$D13)*$R13 -> 0.5503876 | AC13: =MIN((IFERROR(IF(AND($V13<=AC$1,$W13>=AC$1),INDEX(Reliability!H$23:H$50,MATCH($S13,Reliability!$C$23:$C$50,0)),0),0)*IF($T13="n/a",$D13*$Y13,$G13)+IFERROR(IF(AND($V13<=AC$1,$W13>=AC$1),INDEX(Reliability!H$23:H$50,MATCH($T13,Reliability!$C$23:$C$50,0)),0),0)*$H13*$X13*$Y13),$D13)*$R13 -> 0.56117799 | AD13: =MIN((IFERROR(IF(AND($V13<=AD$1,$W13>=AD$1),INDEX(Reliability!I$23:I$50,MATCH($S13,Reliability!$C$23:$C$50,0)),0),0)*IF($T13="n/a",$D13*$Y13,$G13)+IFERROR(IF(AND($V13<=AD$1,$W13>=AD$1),INDEX(Reliability!I$23:I$50,MATCH($T13,Reliability!$C$23:$C$50,0)),0),0)*$H13*$X13*$Y13),$D13)*$R13 -> 0.57196838 | AE13: =MIN((IFERROR(IF(AND($V13<=AE$1,$W13>=AE$1),INDEX(Reliability!J$23:J$50,MATCH($S13,Reliability!$C$23:$C$50,0)),0),0)*IF($T13="n/a",$D13*$Y13,$G13)+IFERROR(IF(AND($V13<=AE$1,$W13>=AE$1),INDEX(Reliability!J$23:J$50,MATCH($T13,Reliability!$C$23:$C$50,0)),0),0)*$H13*$X13*$Y13),$D13)*$R13 -> 0.56906364 | AF13: =MIN((IFERROR(IF(AND($V13<=AF$1,$W13>=AF$1),INDEX(Reliability!K$23:K$50,MATCH($S13,Reliability!$C$23:$C$50,0)),0),0)*IF($T13="n/a",$D13*$Y13,$G13)+IFERROR(IF(AND($V13<=AF$1,$W13>=AF$1),INDEX(Reliability!K$23:K$50,MATCH($T13,Reliability!$C$23:$C$50,0)),0),0)*$H13*$X13*$Y13),$D13)*$R13 -> 0.5661589 | AG13: =MIN((IFERROR(IF(AND($V13<=AG$1,$W13>=AG$1),INDEX(Reliability!L$23:L$50,MATCH($S13,Reliability!$C$23:$C$50,0)),0),0)*IF($T13="n/a",$D13*$Y13,$G13)+IFERROR(IF(AND($V13<=AG$1,$W13>=AG$1),INDEX(Reliability!L$23:L$50,MATCH($T13,Reliability!$C$23:$C$50,0)),0),0)*$H13*$X13*$Y13),$D13)*$R13 -> 0.57065391 | ... AK13: =MIN((IFERROR(IF(AND($V13<=AK$1,$W13>=AK$1),INDEX(Reliability!P$23:P$50,MATCH($S13,Reliability!$C$23:$C$50,0)),0),0)*IF($T13="n/a",$D13*$Y13,$G13)+IFERROR(IF(AND($V13<=AK$1,$W13>=AK$1),INDEX(Reliability!P$23:P$50,MATCH($T13,Reliability!$C$23:$C$50,0)),0),0)*$H13*$X13*$Y13),$D13)*$R13 -> 0.58863397 | AM13: =ROUND(SUM(Z13:AK13),1) -> 6.3 | AN13: =unique_contracts!C13 -> Ormat Portfolio
... B497: =unique_contracts!B497 -> 0 | C497: =unique_contracts!D497 -> 0 | D497: =unique_contracts!J497 -> 0 | E497: =unique_contracts!M497 -> 0 | F497: =unique_contracts!N497 -> 0 | G497: =unique_contracts!P497 -> 0 | H497: =unique_contracts!R497 -> 0 | I497: =unique_contracts!V497 -> 0 | J497: =unique_contracts!AB497 -> 0 | K497: =unique_contracts!AM497 -> 0 | L497: =unique_contracts!AN497 -> 0 | M497: =unique_contracts!AO497 -> 0 | N497: =unique_contracts!AP497 -> 0 | O497: =unique_contracts!AQ497 -> 0 | P497: =unique_contracts!AR497 -> 0 | Q497: =unique_contracts!BP497 -> 0 | R497: =IF(AND(J497="Sell",ISNUMBER(SEARCH("Capacity",Q497))),-1,IF(AND(NOT(J497="Sell"),ISNUMBER(SEARCH("Capacity",Q497))),1,0)) -> 0 | S497: =IFERROR(IF(AND(I497>0,E497="NotHybrid"),_xlfn.CONCAT(MAX(MIN(ROUNDDOWN(I497/D497,0),8),4),INDEX(resources!$G:$G,MATCH(B497,resources!$A:$A,0))),INDEX(resources!$G:$G,MATCH(B497,resources!$A:$A,0))),"n/a") -> n/a | T497: =IFERROR(IF(NOT(E497="NotHybrid"),_xlfn.CONCAT(MAX(MIN(ROUNDDOWN(I497/H497,0),8),4),"hr_batteries"),"n/a"),"n/a") -> n/a | U497: =IF(T497="n/a",S497,"hybrid") -> n/a | V497: =IFERROR(IF(DATE(K497,L497,M497)<=DATE(K497,6,1),K497,K497+1),0) -> 0 | W497: =IFERROR(IF(DATE(N497,O497,P497)>=DATE(N497,10,1),N497,N497-1),0) -> 0 | X497: =IF(OR(T497="n/a",NOT(F497="NO")),100%,IF(ISNUMBER(SEARCH("pv",S497)),MIN(G497/(1*(ROUNDDOWN(I497/H497,0)/4)),H497)/H497,IF(ISNUMBER(SEARCH("wind",S497)),MIN(G497/(2*(ROUNDDOWN(I497/H497,0)/4)),H497)/H497,1))) -> 1 | Y497: =IF(ISNUMBER(SEARCH("batteries",S497)),MIN(ROUNDDOWN(I497/D497,0)/4,1), IF(ISNUMBER(SEARCH("batteries",T497)),MIN(ROUNDDOWN(I497/H497,0)/4,1),1)) -> 1 | Z497: =MIN((IFERROR(IF(AND($V497<=Z$1,$W497>=Z$1),INDEX(Reliability!E$23:E$50,MATCH($S497,Reliability!$C$23:$C$50,0)),0),0)*IF($T497="n/a",$D497*$Y497,$G497)+IFERROR(IF(AND($V497<=Z$1,$W497>=Z$1),INDEX(Reliability!E$23:E$50,MATCH($T497,Reliability!$C$23:$C$50,0)),0),0)*$H497*$X497*$Y497),$D497)*$R497 -> 0 | AA497: =MIN((IFERROR(IF(AND($V497<=AA$1,$W497>=AA$1),INDEX(Reliability!F$23:F$50,MATCH($S497,Reliability!$C$23:$C$50,0)),0),0)*IF($T497="n/a",$D497*$Y497,$G497)+IFERROR(IF(AND($V497<=AA$1,$W497>=AA$1),INDEX(Reliability!F$23:F$50,MATCH($T497,Reliability!$C$23:$C$50,0)),0),0)*$H497*$X497*$Y497),$D497)*$R497 -> 0 | AB497: =MIN((IFERROR(IF(AND($V497<=AB$1,$W497>=AB$1),INDEX(Reliability!G$23:G$50,MATCH($S497,Reliability!$C$23:$C$50,0)),0),0)*IF($T497="n/a",$D497*$Y497,$G497)+IFERROR(IF(AND($V497<=AB$1,$W497>=AB$1),INDEX(Reliability!G$23:G$50,MATCH($T497,Reliability!$C$23:$C$50,0)),0),0)*$H497*$X497*$Y497),$D497)*$R497 -> 0 | AC497: =MIN((IFERROR(IF(AND($V497<=AC$1,$W497>=AC$1),INDEX(Reliability!H$23:H$50,MATCH($S497,Reliability!$C$23:$C$50,0)),0),0)*IF($T497="n/a",$D497*$Y497,$G497)+IFERROR(IF(AND($V497<=AC$1,$W497>=AC$1),INDEX(Reliability!H$23:H$50,MATCH($T497,Reliability!$C$23:$C$50,0)),0),0)*$H497*$X497*$Y497),$D497)*$R497 -> 0 | AD497: =MIN((IFERROR(IF(AND($V497<=AD$1,$W497>=AD$1),INDEX(Reliability!I$23:I$50,MATCH($S497,Reliability!$C$23:$C$50,0)),0),0)*IF($T497="n/a",$D497*$Y497,$G497)+IFERROR(IF(AND($V497<=AD$1,$W497>=AD$1),INDEX(Reliability!I$23:I$50,MATCH($T497,Reliability!$C$23:$C$50,0)),0),0)*$H497*$X497*$Y497),$D497)*$R497 -> 0 | AE497: =MIN((IFERROR(IF(AND($V497<=AE$1,$W497>=AE$1),INDEX(Reliability!J$23:J$50,MATCH($S497,Reliability!$C$23:$C$50,0)),0),0)*IF($T497="n/a",$D497*$Y497,$G497)+IFERROR(IF(AND($V497<=AE$1,$W497>=AE$1),INDEX(Reliability!J$23:J$50,MATCH($T497,Reliability!$C$23:$C$50,0)),0),0)*$H497*$X497*$Y497),$D497)*$R497 -> 0 | AF497: =MIN((IFERROR(IF(AND($V497<=AF$1,$W497>=AF$1),INDEX(Reliability!K$23:K$50,MATCH($S497,Reliability!$C$23:$C$50,0)),0),0)*IF($T497="n/a",$D497*$Y497,$G497)+IFERROR(IF(AND($V497<=AF$1,$W497>=AF$1),INDEX(Reliability!K$23:K$50,MATCH($T497,Reliability!$C$23:$C$50,0)),0),0)*$H497*$X497*$Y497),$D497)*$R497 -> 0 | AG497: =MIN((IFERROR(IF(AND($V497<=AG$1,$W497>=AG$1),INDEX(Reliability!L$23:L$50,MATCH($S497,Reliability!$C$23:$C$50,0)),0),0)*IF($T497="n/a",$D497*$Y497,$G497)+IFERROR(IF(AND($V497<=AG$1,$W497>=AG$1),INDEX(Reliability!L$23:L$50,MATCH($T497,Reliability!$C$23:$C$50,0)),0),0)*$H497*$X497*$Y497),$D497)*$R497 -> 0 | ... AK497: =MIN((IFERROR(IF(AND($V497<=AK$1,$W497>=AK$1),INDEX(Reliability!P$23:P$50,MATCH($S497,Reliability!$C$23:$C$50,0)),0),0)*IF($T497="n/a",$D497*$Y497,$G497)+IFERROR(IF(AND($V497<=AK$1,$W497>=AK$1),INDEX(Reliability!P$23:P$50,MATCH($T497,Reliability!$C$23:$C$50,0)),0),0)*$H497*$X497*$Y497),$D497)*$R497 -> 0 | AM497: =ROUND(SUM(Z497:AK497),1) -> 0 | AN497: =unique_contracts!C497 -> 0

Sheet resources
A1: resource | B1: generator_name | C1: MAXGEN | D1: resolve_final_group | E1: BAA_ID | F1: supertype | G1: elcc_type
A2: 7STDRD_1_SOLAR1 | B2: SHAFTER_SOLAR | C2: 20 | D2: caiso_solar | E2: CISO | F2: physical | G2: utility_pv
A3: ACACIA_6_SOLAR | B3: WEST_ANTELOPE_SOLAR | C3: 20 | D3: caiso_solar | E3: CISO | F3: physical | G3: utility_pv
A4: ADELANTO_SOLAR | B4: NAN | C4: 10 | D4: ldwp_solar | E4: LADWP | F4: physical | G4: utility_pv
A5: ADERA_1_SOLAR1 | B5: ADERA_SOLAR | C5: 20 | D5: caiso_solar | E5: CISO | F5: physical | G5: utility_pv
A6: ADLIN_1_UNITS | B6: GEYSERS_AIDLIN_AGGREGATE | C6: 22 | D6: caiso_geothermal | E6: CISO | F6: physical | G6: geothermal
A7: ADMEST_6_SOLAR | B7: ADAMS_EAST | C7: 19 | D7: caiso_solar | E7: CISO | F7: physical | G7: utility_pv
A8: ADOBEE_1_SOLAR | B8: ADOBE_SOLAR | C8: 20 | D8: caiso_solar | E8: CISO | F8: physical | G8: utility_pv
A9: AGCANA_X_HOOVER | B9: HOOVER_POWER_PLANT | C9: 40 | D9: caiso_hydro | E9: WALC | F9: specifiedimport | G9: hydro
A10: AGRICO_6_PL3N5 | B10: FRESNO_PEAKER | C10: 22.69 | D10: caiso_peaker1 | E10: CISO | F10: physical | G10: gas_ct
A11: AGRICO_7_UNIT | B11: FRESNO_COGEN | C11: 49.9 | D11: caiso_ccgt2 | E11: CISO | F11: physical | G11: gas_cc
A12: AGUCAL_5_SOLAR1 | B12: AGUA_CALIENTE_SOLAR | C12: 290 | D12: caiso_solar | E12: CISO | F12: physical | G12: utility_pv
A13: AKINGS_6_AMESR1 | B13: AMERICAN_KINGS_SOLAR | C13: 123 | D13: caiso_solar | E13: CISO | F13: physical | G13: utility_pv
... A1540: ZOND_6_UNIT | B1540: ZOND WINDSYSTEMS INC. | C1540: 17.1 | D1540: caiso_wind | E1540: CISO | F1540: physical | G1540: in_state_wind_north
A1541: _BRANCH_GENERIC_AMARGO_ITC | B1541: AMARGOSA230 | D1541: nan | E1541: NAN | F1541: unspecifiedimport | G1541: n/a
A1542: _BRANCH_GENERIC_BLYTHE_ITC | B1542: BLYTHE161 | D1542: nan | E1542: NAN | F1542: unspecifiedimport | G1542: n/a
A1543: _BRANCH_GENERIC_CASCADE_ITC | B1543: CRAG | D1543: nan | E1543: NAN | F1543: unspecifiedimport | G1543: n/a
A1544: _BRANCH_GENERIC_CFE_ITC | B1544: CFETIJ & CFEROA | D1544: nan | E1544: NAN | F1544: unspecifiedimport | G1544: n/a
A1545: _BRANCH_GENERIC_COTPISO_ITC | B1545: TRCYCOTPISO | D1545: nan | E1545: NAN | F1545: unspecifiedimport | G1545: n/a
A1546: _BRANCH_GENERIC_CTW230_ITC | B1546: CTW230 | D1546: nan | E1546: NAN | F1546: unspecifiedimport | G1546: n/a
A1547: _BRANCH_GENERIC_ELDORADO_ITC | B1547: WILLOWBEACH | D1547: nan | E1547: NAN | F1547: unspecifiedimport | G1547: n/a
A1548: _BRANCH_GENERIC_GONDIPPDC_ITC | B1548: GONIPP | D1548: nan | E1548: NAN | F1548: unspecifiedimport | G1548: n/a
A1549: _BRANCH_GENERIC_IID-SCE_ITC | B1549: MIR2 | D1549: nan | E1549: NAN | F1549: unspecifiedimport | G1549: n/a
A1550: _BRANCH_GENERIC_IID-SDGE_ITC | B1550: IVLY2 | D1550: nan | E1550: NAN | F1550: unspecifiedimport | G1550: n/a
A1551: _BRANCH_GENERIC_IPPDCADLN_ITC | B1551: IPP & IPPUTAH | D1551: nan | E1551: NAN | F1551: unspecifiedimport | G1551: n/a
A1552: _BRANCH_GENERIC_LAUGHLIN_ITC | B1552: MOHAVE500 | D1552: nan | E1552: NAN | F1552: unspecifiedimport | G1552: n/a
... A1778: _UNSPECIFIED_NON_IMPORT | B1778: NAN | D1778: unspecified_non_import | E1778: NAN | F1778: unspecifiednonimport | G1778: n/a

Sheet lse_names
A1: lse | B1: NAME | C1: lse_type
A2: 3PR | B2: 3 Phases Renewables | C2: ESP
A3: APN | B3: American PowerNet Management | C3: ESP
A4: AVCE | B4: Apple Valley Choice Energy | C4: CCA
A5: CEI | B5: Just Energy Solutions | C5: ESP
A6: CES | B6: Commercial Energy of Montana | C6: ESP
A7: CNE | B7: Constellation New Energy | C7: ESP
A8: COBP | B8: City of Baldwin Park | C8: CCA
A9: COSB | B9: City of Solana Beach | C9: CCA
A10: CPA | B10: Calpine Power America | C10: ESP
A11: CPASC | B11: Clean Power Alliance of Southern California | C11: CCA
A12: CPSF | B12: CleanPowerSF | C12: CCA
... A100: WEPA | B100: Eastside Power Authority | C100: CAISOPOU
A101: _OTHER | B101: Multiple non-IOU LSEs
A102: _OTHER | B102: Multiple LSEs
A103: _OTHER | B103: Multiple IOUs
A104: _OTHER | B104: non-LSE supplier | C104: _OTHER

Sheet misc
A1: contract_status | B1: bool | C1: yes_no | D1: Year | E1: int_count | F1: transact | G1: cap_areas | H1: cap_sub_areas | I1: state_county | J1: d1911016_tranches | K1: d2106035_tranche | L1: energy_capacity_from_resource | M1: is_hybrid_paired | N1: csp_cat | O1: solar_Technology_sub_type | P1: storage_Technology_sub_type | Q1: nqc_reporting_source | R1: cam_d1911016_vamo_pcia | T1: 25MMT ELCC (%) | AH1: 30MMT ELCC (%) | AV1: 25MMT MRN/TRN ratio | BJ1: 30MMT MRN/TRN ratio
A2: Online | B2: 0 | C2: YES | D2: NA | E2: NA | F2: Buy | G2: Humboldt | H2: North Coast Eagle Rock | I2: NA | J2: NA | K2: NA | L2: EnergyCapacity | M2: NotHybrid | N2: NA | O2: Fixed | P2: Li | Q2: In the contract | R2: CAM | T2: elcc_type | U2: 2024 | V2: 2025 | W2: 2026 | X2: 2027 | Y2: 2028 | Z2: 2029 | AA2: 2030 | AB2: 2031 | AC2: 2032 | AD2: 2033 | AE2: 2034 | AF2: 2035 | AH2: elcc_type | AI2: 2024 | AJ2: 2025 | AK2: 2026 | AL2: 2027 | AM2: 2028 | AN2: 2029 | AO2: 2030 | AP2: 2031 | AQ2: 2032 | AR2: 2033 | AS2: 2034 | AT2: 2035 | AW2: 2024 | AX2: 2025 | AY2: 2026 | AZ2: 2027 | BA2: 2028 | BB2: 2029 | BC2: 2030 | BD2: 2031 | BE2: 2032 | BF2: 2033 | BG2: 2034 | BH2: 2035 | BK2: 2024 | BL2: 2025 | BM2: 2026 | BN2: 2027 | BO2: 2028 | BP2: 2029 | BQ2: 2030 | BR2: 2031 | BS2: 2032 | BT2: 2033 | BU2: 2034 | BV2: 2035
A3: Review | B3: 1 | C3: NO | D3: 1970 | E3: 1 | F3: Sell | G3: NorthCoastNorthBay | H3: North Coast Fulton | I3: AlpineCounty | J3: 1 | K3: firm_ZE | L3: EnergyOnly | M3: ExistingBiomassExistingStorage | N3: Large Hydro (GWh) | O3: SolarThermal | P3: Flow | Q3: Calculated | R3: D.19-11-016 | T3: in_state_wind_south | U3: 0.11841355 | V3: 0.13636071 | W3: 0.15430786 | X3: 0.10693659 | Y3: 0.059565322 | Z3: 0.077201443 | AA3: 0.094837564 | AB3: 0.084644753 | AC3: 0.074451943 | AD3: 0.064259132 | AE3: 0.054066321 | AF3: 0.043873511 | AH3: in_state_wind_south | AI3: 0.15102941 | AJ3: 0.15178847 | AK3: 0.15254752 | AL3: 0.11848326 | AM3: 0.084418998 | AN3: 0.083416883 | AO3: 0.082414767 | AP3: 0.074829691 | AQ3: 0.067244615 | AR3: 0.059659539 | AS3: 0.052074463 | AT3: 0.044489388 | AW3: 0.77201871 | AX3: 0.78867471 | AY3: 0.8039027 | AZ3: 0.77610409 | BA3: 0.75027695 | BB3: 0.76246521 | BC3: 0.7745706 | BD3: 0.74274626 | BE3: 0.71261163 | BF3: 0.68273288 | BG3: 0.65390251 | BH3: 0.62577079 | BK3: 0.80029848 | BL3: 0.81896334 | BM3: 0.83611438 | BN3: 0.79544567 | BO3: 0.75709177 | BP3: 0.73673304 | BQ3: 0.71703757 | BR3: 0.69918926 | BS3: 0.68264893 | BT3: 0.6660776 | BU3: 0.65025016 | BV3: 0.6348446
A4: PlannedExisting | C4: NA | D4: 1971 | E4: 2 | F4: Owned | G4: Sierra | H4: Sierra Placer | I4: AmadorCounty | J4: 1&2 | K4: firm_ZE_&_firm_ZE_ext | L4: CapacityOnly | M4: ExistingBiomassNewStorage | N4: Imported Hydro (GWh) | O4: 1Axis | P4: PSH | R4: VAMO | T4: in_state_wind_north | U4: 0.2368271 | V4: 0.27272141 | W4: 0.30861573 | X4: 0.21387318 | Y4: 0.11913064 | Z4: 0.15440289 | AA4: 0.18967513 | AB4: 0.16928951 | AC4: 0.14890389 | AD4: 0.12851826 | AE4: 0.10813264 | AF4: 0.087747021 | AH4: in_state_wind_north | AI4: 0.30205883 | AJ4: 0.30357694 | AK4: 0.30509505 | AL4: 0.23696652 | AM4: 0.168838 | AN4: 0.16683377 | AO4: 0.16482953 | AP4: 0.14965938 | AQ4: 0.13448923 | AR4: 0.11931908 | AS4: 0.10414893 | AT4: 0.088978775
A5: Development | D5: 1972 | E5: 3 | G5: Stockton | H5: Sierra Pease | I5: AlamedaCounty | J5: 2 | K5: firm_ZE_ext | M5: ExistingGeothermalExistingStorage | N5: Asset Controlling Supplier (GWh) | O5: 2Axis | P5: Other | R5: GHG-free PCIA | T5: out_of_state_wind_WYID | U5: 0.46897828 | V5: 0.45359083 | W5: 0.43820339 | X5: 0.38080451 | Y5: 0.32340563 | Z5: 0.32954852 | AA5: 0.33569142 | AB5: 0.32866161 | AC5: 0.3216318 | AD5: 0.31460199 | AE5: 0.30757218 | AF5: 0.30054237 | AH5: out_of_state_wind_WYID | AI5: 0.42559322 | AJ5: 0.39180371 | AK5: 0.3580142 | AL5: 0.37372283 | AM5: 0.38943146 | AN5: 0.31241065 | AO5: 0.23538983 | AP5: 0.24842034 | AQ5: 0.26145085 | AR5: 0.27448136 | AS5: 0.28751186 | AT5: 0.30054237
A6: PlannedNew | D6: 1973 | E6: 4 | G6: GreaterBay | H6: Sierra Gold Hill-Drum | I6: ButteCounty | J6: 2&3 | K6: general | M6: ExistingGeothermalNewStorage | N6: Nuclear (GWh) | T6: out_of_state_wind_WAOR | U6: 0.2874383 | V6: 0.27800728 | W6: 0.26857627 | X6: 0.23339631 | Y6: 0.19821636 | Z6: 0.20198135 | AA6: 0.20574635 | AB6: 0.20143776 | AC6: 0.19712917 | AD6: 0.19282057 | AE6: 0.18851198 | AF6: 0.18420339 | AH6: out_of_state_wind_WAOR | AI6: 0.26084746 | AJ6: 0.24013776 | AK6: 0.21942806 | AL6: 0.22905593 | AM6: 0.2386838 | AN6: 0.19147749 | AO6: 0.14427119 | AP6: 0.15225763 | AQ6: 0.16024407 | AR6: 0.16823051 | AS6: 0.17621695 | AT6: 0.18420339
D7: 1974 | E7: 5 | G7: GreaterFresno | H7: Stockton Lockeford | I7: CalaverasCounty | J7: 1&3 | K7: general_&_firm_ZE | M7: ExistingSolarExistingStorage | N7: Biogas (GWh) | T7: out_of_state_wind_AZNM | U7: 0.42359328 | V7: 0.40969495 | W7: 0.39579661 | X7: 0.34395246 | Y7: 0.29210831 | Z7: 0.29765673 | AA7: 0.30320515 | AB7: 0.29685565 | AC7: 0.29050614 | AD7: 0.28415664 | AE7: 0.27780713 | AF7: 0.27145763 | AH7: out_of_state_wind_AZNM | AI7: 0.38440678 | AJ7: 0.35388722 | AK7: 0.32336766 | AL7: 0.3375561 | AM7: 0.35174455 | AN7: 0.28217736 | AO7: 0.21261017 | AP7: 0.22437966 | AQ7: 0.23614915 | AR7: 0.24791864 | AS7: 0.25968814 | AT7: 0.27145763
D8: 1975 | E8: 6 | G8: Kern | H8: Stockton Tesla-Bellota | I8: ColusaCounty | J8: 3 | K8: general_&_firm_ZE_ext | M8: ExistingSolarNewStorage | N8: Biomass (GWh) | T8: offshore_wind | U8: 0.66745108 | V8: 0.6158071 | W8: 0.56416313 | X8: 0.55718196 | Y8: 0.55020079 | Z8: 0.58030351 | AA8: 0.61040623 | AB8: 0.55232498 | AC8: 0.49424374 | AD8: 0.43616249 | AE8: 0.37808125 | AF8: 0.32 | AH8: offshore_wind | AI8: 0.549 | AJ8: 0.50668405 | AK8: 0.4643681 | AL8: 0.48659667 | AM8: 0.50882524 | AN8: 0.46741262 | AO8: 0.426 | AP8: 0.4048 | AQ8: 0.3836 | AR8: 0.3624 | AS8: 0.3412 | AT8: 0.32
D9: 1976 | E9: 7 | G9: BigCreekVentura | H9: Greater Bay Llagas | I9: ContraCostaCounty | J9: 1&2&3 | K9: general_&_long_duration_storage | M9: ExistingThermalExistingStorage | N9: Geothermal (GWh) | T9: utility_pv | U9: 0.12434584 | V9: 0.12102944 | W9: 0.11771304 | X9: 0.10016205 | Y9: 0.08261105 | Z9: 0.076604613 | AA9: 0.070598175 | AB9: 0.06927854 | AC9: 0.067958905 | AD9: 0.06663927 | AE9: 0.065319635 | AF9: 0.064 | AH9: utility_pv | AI9: 0.096 | AJ9: 0.10220064 | AK9: 0.10840129 | AL9: 0.10168032 | AM9: 0.094959357 | AN9: 0.077479679 | AO9: 0.06 | AP9: 0.0608 | AQ9: 0.0616 | AR9: 0.0624 | AS9: 0.0632 | AT9: 0.064
D10: 1977 | E10: 8 | G10: LABasin | H10: Greater Bay San Jose | I10: DelNorteCounty | K10: general_&_long_duration_storage_ext | M10: ExistingThermalNewStorage | N10: Small Hydro (GWh) | T10: btm_pv | U10: 0.053182101 | V10: 0.048650453 | W10: 0.044118805 | X10: 0.052547949 | Y10: 0.060977094 | Z10: 0.054040408 | AA10: 0.047103722 | AB10: 0.048882977 | AC10: 0.050662233 | AD10: 0.052441489 | AE10: 0.054220744 | AF10: 0.056 | AH10: btm_pv | AI10: 0.089 | AJ10: 0.093703365 | AK10: 0.098406731 | AL10: 0.082703365 | AM10: 0.067 | AN10: 0.056 | AO10: 0.045 | AP10: 0.0472 | AQ10: 0.0494 | AR10: 0.0516 | AS10: 0.0538 | AT10: 0.056
D11: 1978 | E11: 9 | G11: SanDiegoImperialValley | H11: Greater Bay South Bay Moss Landing | I11: ElDoradoCounty | K11: general_&_ZE_gen_paired_dr | M11: ExistingWindExistingStorage | N11: Wind Existing California (GWh) | T11: 4hr_batteries | U11: 0.854 | V11: 0.864 | W11: 0.874 | X11: 0.845 | Y11: 0.816 | Z11: 0.853 | AA11: 0.89 | AB11: 0.7922 | AC11: 0.6944 | AD11: 0.5966 | AE11: 0.4988 | AF11: 0.401 | AH11: 4hr_batteries | AI11: 0.885 | AJ11: 0.9015 | AK11: 0.918 | AL11: 0.8455 | AM11: 0.773 | AN11: 0.759 | AO11: 0.745 | AP11: 0.6762 | AQ11: 0.6074 | AR11: 0.5386 | AS11: 0.4698 | AT11: 0.401
D12: 1979 | E12: 10 | G12: PacGE | H12: Greater Bay Oakland | I12: FresnoCounty | K12: long_duration_storage | M12: ExistingWindNewStorage | N12: Wind New PG&E (GWh) | T12: 5hr_batteries | U12: 0.864 | V12: 0.869625 | W12: 0.87525 | X12: 0.850875 | Y12: 0.8265 | Z12: 0.85825 | AA12: 0.89 | AB12: 0.80695 | AC12: 0.7239 | AD12: 0.64085 | AE12: 0.5578 | AF12: 0.47475 | AH12: 5hr_batteries | AI12: 0.88675 | AJ12: 0.903875 | AK12: 0.921 | AL12: 0.858875 | AM12: 0.79675 | AN12: 0.783625 | AO12: 0.7705 | AP12: 0.71135 | AQ12: 0.6522 | AR12: 0.59305 | AS12: 0.5339 | AT12: 0.47475
D13: 1980 | E13: 11 | G13: SCE | H13: Greater Fresno Panoche | I13: GlennCounty | K13: long_duration_storage_&_firm_ZE | M13: NewBiomassExistingStorage | N13: Wind New SCE SDG&E (GWh) | T13: 6hr_batteries | U13: 0.874 | V13: 0.87525 | W13: 0.8765 | X13: 0.85675 | Y13: 0.837 | Z13: 0.8635 | AA13: 0.89 | AB13: 0.8217 | AC13: 0.7534 | AD13: 0.6851 | AE13: 0.6168 | AF13: 0.5485 | AH13: 6hr_batteries | AI13: 0.8885 | AJ13: 0.90625 | AK13: 0.924 | AL13: 0.87225 | AM13: 0.8205 | AN13: 0.80825 | AO13: 0.796 | AP13: 0.7465 | AQ13: 0.697 | AR13: 0.6475 | AS13: 0.598 | AT13: 0.5485
D14: 1981 | E14: 12 | G14: SDGE | H14: Greater Fresno Herndon | I14: HumboldtCounty | K14: long_duration_storage_&_firm_ZE_ext | M14: NewBiomassNewStorage | N14: Wind Pacific Northwest (GWh) | T14: 7hr_batteries | U14: 0.884 | V14: 0.880875 | W14: 0.87775 | X14: 0.862625 | Y14: 0.8475 | Z14: 0.86875 | AA14: 0.89 | AB14: 0.83645 | AC14: 0.7829 | AD14: 0.72935 | AE14: 0.6758 | AF14: 0.62225 | AH14: 7hr_batteries | AI14: 0.89025 | AJ14: 0.908625 | AK14: 0.927 | AL14: 0.885625 | AM14: 0.84425 | AN14: 0.832875 | AO14: 0.8215 | AP14: 0.78165 | AQ14: 0.7418 | AR14: 0.70195 | AS14: 0.6621 | AT14: 0.62225
D15: 1982 | E15: 13 | G15: AVA | H15: Greater Fresno Hanford | I15: ImperialCounty | K15: long_duration_storage_&_long_duration_storage_ext | M15: NewGeothermalExistingStorage | N15: Wind Wyoming (GWh) | T15: 8hr_batteries | U15: 0.894 | V15: 0.8865 | W15: 0.879 | X15: 0.8685 | Y15: 0.858 | Z15: 0.874 | AA15: 0.89 | AB15: 0.8512 | AC15: 0.8124 | AD15: 0.7736 | AE15: 0.7348 | AF15: 0.696 | AH15: 8hr_batteries | AI15: 0.892 | AJ15: 0.911 | AK15: 0.93 | AL15: 0.899 | AM15: 0.868 | AN15: 0.8575 | AO15: 0.847 | AP15: 0.8168 | AQ15: 0.7866 | AR15: 0.7564 | AS15: 0.7262 | AT15: 0.696
D16: 1983 | E16: 14 | G16: AVRN | H16: Greater Fresno Coalinga | I16: InyoCounty | K16: long_duration_storage_ext | M16: NewGeothermalNewStorage | N16: Wind New Mexico (GWh) | T16: pumped_storage | U16: 0.901 | V16: 0.89 | W16: 0.879 | X16: 0.8685 | Y16: 0.858 | Z16: 0.874 | AA16: 0.89 | AB16: 0.8586 | AC16: 0.8272 | AD16: 0.7958 | AE16: 0.7644 | AF16: 0.733 | AH16: pumped_storage | AI16: 0.894 | AJ16: 0.914 | AK16: 0.934 | AL16: 0.913 | AM16: 0.892 | AN16: 0.8905 | AO16: 0.889 | AP16: 0.8578 | AQ16: 0.8266 | AR16: 0.7954 | AS16: 0.7642 | AT16: 0.733
D17: 1984 | E17: 15 | G17: AZPS | H17: Greater Fresno Borden | I17: KernCounty | K17: long_duration_storage_ext_&_firm_ZE | M17: NewSolarExistingStorage | N17: Wind Offshore Morro Bay (GWh) | T17: demand_response | U17: 0.77240396 | V17: 0.79750142 | W17: 0.82259888 | X17: 0.77486012 | Y17: 0.72712135 | Z17: 0.79507733 | AA17: 0.86303331 | AB17: 0.71922664 | AC17: 0.57541998 | AD17: 0.43161332 | AE17: 0.28780666 | AF17: 0.144 | AH17: demand_response | AI17: 0.893 | AJ17: 0.90835126 | AK17: 0.92370252 | AL17: 0.77235126 | AM17: 0.621 | AN17: 0.606 | AO17: 0.591 | AP17: 0.5016 | AQ17: 0.4122 | AR17: 0.3228 | AS17: 0.2334 | AT17: 0.144
D18: 1985 | E18: 16 | G18: BANC | H18: Greater Fresno Reedley | I18: KingsCounty | K18: long_duration_storage_ext_&_firm_ZE_ext | M18: NewSolarNewStorage | N18: Wind Offshore Humboldt (GWh) | T18: hydro | U18: 0.50808543 | V18: 0.52136584 | W18: 0.53464625 | X18: 0.52463422 | Y18: 0.51462218 | Z18: 0.52965939 | AA18: 0.54469659 | AB18: 0.52172491 | AC18: 0.49875324 | AD18: 0.47578156 | AE18: 0.45280989 | AF18: 0.42983821 | AH18: hydro | AI18: 0.56660492 | AJ18: 0.5639186 | AK18: 0.56123229 | AL18: 0.53191654 | AM18: 0.50260079 | AN18: 0.49249488 | AO18: 0.48238897 | AP18: 0.47187882 | AQ18: 0.46136866 | AR18: 0.45085851 | AS18: 0.44034836 | AT18: 0.42983821
D19: 1986 | E19: 17 | G19: BPAT | H19: Kern Westpark | I19: LakeCounty | K19: ZE_gen_paired_dr | M19: NewThermalExistingStorage | N19: Solar Existing California (GWh) | T19: small_hydro | U19: 0.36439596 | V19: 0.3739206 | W19: 0.38344523 | X19: 0.37626466 | Y19: 0.36908408 | Z19: 0.37986868 | AA19: 0.39065328 | AB19: 0.37417812 | AC19: 0.35770297 | AD19: 0.34122781 | AE19: 0.32475266 | AF19: 0.30827751 | AH19: small_hydro | AI19: 0.4063658 | AJ19: 0.40443919 | AK19: 0.40251259 | AL19: 0.3814875 | AM19: 0.36046241 | AN19: 0.35321451 | AO19: 0.34596661 | AP19: 0.33842879 | AQ19: 0.33089097 | AR19: 0.32335315 | AS19: 0.31581533 | AT19: 0.30827751
D20: 1987 | E20: 18 | G20: CHPD | H20: Kern Kern Power-Tevis | I20: LassenCounty | K20: ZE_gen_paired_dr_&_firm_ZE | M20: NewThermalNewStorage | N20: Solar New PG&E (GWh) | T20: geothermal | U20: 0.86035735 | V20: 0.88845422 | W20: 0.91655109 | X20: 0.92141545 | Y20: 0.92627981 | Z20: 0.91906618 | AA20: 0.91185256 | AB20: 0.91955797 | AC20: 0.92726338 | AD20: 0.93496879 | AE20: 0.94267421 | AF20: 0.95037962 | AH20: geothermal | AI20: 0.86400366 | AJ20: 0.87826204 | AK20: 0.89252043 | AL20: 0.91001836 | AM20: 0.92751629 | AN20: 0.9228059 | AO20: 0.91809551 | AP20: 0.92538472 | AQ20: 0.93267393 | AR20: 0.93996315 | AS20: 0.94725236 | AT20: 0.95454157
D21: 1988 | E21: 19 | G21: CSTO | H21: Kern Kern Oil | I21: LosAngelesCounty | K21: ZE_gen_paired_dr_&_firm_ZE_ext | M21: NewWindExistingStorage | N21: Solar New SCE SDG&E (GWh) | T21: biomass_wood | U21: 0.77607963 | V21: 0.79410596 | W21: 0.81213228 | X21: 0.81927788 | Y21: 0.82642348 | Z21: 0.8149879 | AA21: 0.80355232 | AB21: 0.81956505 | AC21: 0.83557778 | AD21: 0.8515905 | AE21: 0.86760323 | AF21: 0.88361596 | AH21: biomass_wood | AI21: 0.78777252 | AJ21: 0.80873519 | AK21: 0.82969786 | AL21: 0.8302846 | AM21: 0.83087135 | AN21: 0.82344593 | AO21: 0.81602051 | AP21: 0.83149916 | AQ21: 0.84697781 | AR21: 0.86245646 | AS21: 0.87793511 | AT21: 0.89341376
D22: 1989 | E22: 20 | G22: DEAA | H22: Kern South Kern PP | I22: MaderaCounty | K22: ZE_gen_paired_dr_&_long_duration_storage | M22: NewWindNewStorage | N22: Solar Distributed (GWh) | T22: biogas | U22: 0.74993509 | V22: 0.76621477 | W22: 0.78249446 | X22: 0.78556571 | Y22: 0.78863696 | Z22: 0.77725397 | AA22: 0.76587098 | AB22: 0.78423035 | AC22: 0.80258973 | AD22: 0.8209491 | AE22: 0.83930848 | AF22: 0.85766785 | AH22: biogas | AI22: 0.75849977 | AJ22: 0.7783301 | AK22: 0.79816043 | AL22: 0.7951338 | AM22: 0.79210717 | AN22: 0.78251807 | AO22: 0.77292897 | AP22: 0.79192907 | AQ22: 0.81092918 | AR22: 0.82992928 | AS22: 0.84892938 | AT22: 0.86792949
D23: 1990 | E23: 21 | G23: DOPD | H23: Big Creek/Ventura - Vesta | I23: MarinCounty | K23: ZE_gen_paired_dr_&_long_duration_storage_ext | N23: Hybrid_or_Paired_Solar_and_Battery (GWh) | T23: nuclear | U23: 0.93356209 | V23: 0.93542041 | W23: 0.93727873 | X23: 0.93803959 | Y23: 0.93880045 | Z23: 0.93205532 | AA23: 0.92531018 | AB23: 0.93233873 | AC23: 0.93936728 | AD23: 0.94639583 | AE23: 0.95342438 | AF23: 0.96045293 | AH23: nuclear | AI23: 0.93139198 | AJ23: 0.93996144 | AK23: 0.94853091 | AL23: 0.94333376 | AM23: 0.93813662 | AN23: 0.93575641 | AO23: 0.9333762 | AP23: 0.93933118 | AQ23: 0.94528617 | AR23: 0.95124115 | AS23: 0.95719614 | AT23: 0.96315112
D24: 1991 | E24: 22 | G24: EPE | H24: Big Creek/Ventura - Santa Clara | I24: MariposaCounty | N24: Shed DR (MW) | T24: gas_cc | U24: 0.84405546 | V24: 0.85378806 | W24: 0.86352066 | X24: 0.8663498 | Y24: 0.86917894 | Z24: 0.85956321 | AA24: 0.84994749 | AB24: 0.86140444 | AC24: 0.8728614 | AD24: 0.88431836 | AE24: 0.89577531 | AF24: 0.90723227 | AH24: gas_cc | AI24: 0.84814758 | AJ24: 0.86263887 | AK24: 0.87713016 | AL24: 0.87417937 | AM24: 0.87122858 | AN24: 0.86089172 | AO24: 0.85055487 | AP24: 0.86298372 | AQ24: 0.87541258 | AR24: 0.88784144 | AS24: 0.90027029 | AT24: 0.91269915
D25: 1992 | E25: 23 | G25: GCPD | H25: LA Basin Eastern | I25: MendocinoCounty | N25: Pumped Storage (MW) | T25: gas_ct | U25: 0.81237442 | V25: 0.83458266 | W25: 0.85679091 | X25: 0.84024564 | Y25: 0.82370038 | Z25: 0.80688072 | AA25: 0.79006106 | AB25: 0.80257508 | AC25: 0.81508911 | AD25: 0.82760314 | AE25: 0.84011717 | AF25: 0.8526312 | AH25: gas_ct | AI25: 0.80210397 | AJ25: 0.81640552 | AK25: 0.83070706 | AL25: 0.82614281 | AM25: 0.82157857 | AN25: 0.80581095 | AO25: 0.79004334 | AP25: 0.79962832 | AQ25: 0.8092133 | AR25: 0.81879829 | AS25: 0.82838327 | AT25: 0.83796825
D26: 1993 | E26: 24 | G26: GRIF | H26: LA Basin Western | I26: MercedCounty | N26: Battery Storage (MWh Energy Capacity) | T26: cogen | U26: 0.93171659 | V26: 0.92982721 | W26: 0.92793783 | X26: 0.93426748 | Y26: 0.94059713 | Z26: 0.93177612 | AA26: 0.9229551 | AB26: 0.92509716 | AC26: 0.92723921 | AD26: 0.92938127 | AE26: 0.93152333 | AF26: 0.93366539 | AH26: cogen | AI26: 0.89510596 | AJ26: 0.92080924 | AK26: 0.94651251 | AL26: 0.91922536 | AM26: 0.89193821 | AN26: 0.8903474 | AO26: 0.88875659 | AP26: 0.89657566 | AQ26: 0.90439474 | AR26: 0.91221381 | AS26: 0.92003289 | AT26: 0.92785196
D27: 1994 | E27: 25 | G27: GRIS | H27: LA Basin El Nido | I27: ModocCounty | N27: Storage Resource Custom Profile (MW) | T27: ice | U27: 0.93417725 | V27: 0.93953703 | W27: 0.9448968 | X27: 0.94420958 | Y27: 0.94352236 | Z27: 0.94551881 | AA27: 0.94751526 | AB27: 0.93432128 | AC27: 0.92112729 | AD27: 0.9079333 | AE27: 0.89473932 | AF27: 0.88154533 | AH27: ice | AI27: 0.92925751 | AJ27: 0.90155389 | AK27: 0.87385027 | AL27: 0.8980282 | AM27: 0.92220613 | AN27: 0.91831714 | AO27: 0.91442815 | AP27: 0.9043019 | AQ27: 0.89417565 | AR27: 0.8840494 | AS27: 0.87392315 | AT27: 0.8637969
D28: 1995 | E28: 26 | G28: GRMA | H28: San Diego/Imperial Valley San Diego | I28: MonoCounty | N28: RPS Resource Custom Profile (GWh) | T28: coal | U28: 0.68780334 | V28: 0.70728773 | W28: 0.72677213 | X28: 0.72091463 | Y28: 0.71505714 | Z28: 0.68678496 | AA28: 0.65851278 | AB28: 0.68894203 | AC28: 0.71937129 | AD28: 0.74980055 | AE28: 0.78022981 | AF28: 0.81065907 | AH28: coal | AI28: 0.69050159 | AJ28: 0.71720882 | AK28: 0.74391604 | AL28: 0.73721267 | AM28: 0.73050929 | AN28: 0.71015566 | AO28: 0.68980203 | AP28: 0.71688684 | AQ28: 0.74397166 | AR28: 0.77105648 | AS28: 0.7981413 | AT28: 0.82522611
D29: 1996 | E29: 27 | G29: GWA | H29: San Diego/Imperial Valley El Cajon | I29: MontereyCounty | N29: GHG-free non-RPS Resource Custom Profile (GWh) | T29: steam | U29: 0.7785403 | V29: 0.79236174 | W29: 0.80618319 | X29: 0.80202811 | Y29: 0.79787304 | Z29: 0.7778179 | AA29: 0.75776276 | AB29: 0.77934804 | AC29: 0.80093333 | AD29: 0.82251862 | AE29: 0.84410391 | AF29: 0.86568919 | AH29: steam | AI29: 0.78045433 | AJ29: 0.79939936 | AK29: 0.81834439 | AL29: 0.81358928 | AM29: 0.80883418 | AN29: 0.79439613 | AO29: 0.77995809 | AP29: 0.79917096 | AQ29: 0.81838384 | AR29: 0.83759671 | AS29: 0.85680959 | AT29: 0.87602246
D30: 1997 | E30: 28 | G30: HGMA | H30: San Diego/Imperial Valley Border | I30: NapaCounty | N30: Coal (GWh) | T30: unspecified_import | U30: 1 | V30: 1 | W30: 1 | X30: 1 | Y30: 1 | Z30: 1 | AA30: 1 | AB30: 1 | AC30: 1 | AD30: 1 | AE30: 1 | AF30: 1 | AH30: unspecified_import | AI30: 1 | AJ30: 1 | AK30: 1 | AL30: 1 | AM30: 1 | AN30: 1 | AO30: 1 | AP30: 1 | AQ30: 1 | AR30: 1 | AS30: 1 | AT30: 1
D31: 1998 | E31: 29 | G31: IID | H31: No_sub_area | I31: NevadaCounty
D32: 1999 | E32: 30 | G32: IPCO | I32: OrangeCounty
D33: 2000 | E33: 31 | G33: LDWP | I33: PlacerCounty
D34: 2001 | G34: NEVP | I34: PlumasCounty
D35: 2002 | G35: NWMT | I35: RiversideCounty
D36: 2003 | G36: PACE | I36: SacramentoCounty
D37: 2004 | G37: PACW | I37: SanBenitoCounty
D38: 2005 | G38: PortGE | I38: SanBernardinoCounty
D39: 2006 | G39: PNM | I39: SanDiegoCounty
D40: 2007 | G40: PSCO | I40: SanFrancisco
D41: 2008 | G41: PSEI | I41: SanJoaquinCounty
D42: 2009 | G42: SCL | I42: SanLuisObispoCounty
D43: 2010 | G43: SRP | I43: SanMateoCounty
D44: 2011 | G44: SWPP | I44: SantaBarbaraCounty
D45: 2012 | G45: TEPC | I45: SantaClaraCounty
... D51: 2018 | G51: WWA | I51: SonomaCounty
D52: 2019 | I52: StanislausCounty
D53: 2020 | I53: SutterCounty
D54: 2021 | I54: TehamaCounty
D55: 2022 | I55: TrinityCounty
D56: 2023 | I56: TulareCounty
D57: 2024 | I57: TuolumneCounty
D58: 2025 | I58: VenturaCounty
D59: 2026 | I59: YoloCounty
D60: 2027 | I60: YubaCounty
D61: 2028 | I61: Washington
D62: 2029 | I62: Oregon
D63: 2030 | I63: California
... D76: 2043 | I76: BajaCaliforniaMexico
D77: 2044
D78: 2045
D79: 2046
D80: 2047
D81: 2048
D82: 2049
D83: 2050
D84: 2051
D85: 2052
D86: 2053
D87: 2054
D88: 2055
... D93: 2060

Sheet btm_pv_forecast
F2: Capacity (MW)
B3: Service Area | C3: Type | D3: LSE CPUC ID | E3: LSE Name | F3: 2024 | G3: 2025 | H3: 2026 | I3: 2027 | J3: 2028 | K3: 2029 | L3: 2030 | M3: 2031 | N3: 2032 | O3: 2033 | P3: 2034 | Q3: 2035
B5: PGE | C5: IOU | D5: PGE | E5: Pacific Gas and Electric (Bundled) | F5: 2483.8069 | G5: 2670.6038 | H5: 2858.9074 | I5: 3056.0036 | J5: 3256.6374 | K5: 3468.7628 | L5: 3666.9481 | M5: 3882.9316 | N5: 4089.878 | O5: 4313.371 | P5: 4525.971 | Q5: 4733.5943
B6: PGE | C6: ESP | E6: Pacific Gas and Electric (Direct Access) | F6: 1044.2813 | G6: 1116.2857 | H6: 1188.7877 | I6: 1263.8031 | J6: 1341.8643 | K6: 1417.5187 | L6: 1491.0135 | M6: 1560.1181 | N6: 1628.5101 | O6: 1691.9805 | P6: 1751.8541 | Q6: 1806.5954
B7: PGE | C7: CCA | D7: 3CE | E7: Central Coast Community Energy | F7: 421.15159 | G7: 452.41756 | H7: 484.24657 | I7: 518.26132 | J7: 553.24667 | K7: 588.40651 | L7: 623.01932 | M7: 657.26666 | N7: 690.27502 | O7: 722.39238 | P7: 753.19576 | Q7: 782.63021
B8: PGE | C8: CCA | D8: CPSF | E8: CleanPowerSF | F8: 272.19416 | G8: 293.24422 | H8: 314.64319 | I8: 337.11584 | J8: 360.59438 | K8: 384.43336 | L8: 408.20764 | M8: 431.73765 | N8: 454.71496 | O8: 477.48365 | P8: 499.30993 | Q8: 522.15571
B9: PGE | C9: CCA | D9: EBCE | E9: East Bay Community Energy | F9: 617.76959 | G9: 667.81996 | H9: 718.63309 | I9: 771.46593 | J9: 827.57954 | K9: 883.45522 | L9: 939.61924 | M9: 994.04975 | N9: 1047.1904 | O9: 1098.025 | P9: 1147.2771 | Q9: 1195.6178
B10: PGE | C10: CCA | D10: KCCP | E10: King City Community Power | F10: 3.1274359 | G10: 3.363652 | H10: 3.6050747 | I10: 3.8602956 | J10: 4.1281791 | K10: 4.4032289 | L10: 4.6760214 | M10: 4.9529948 | N10: 5.2230106 | O10: 5.4948898 | P10: 5.7600679 | Q10: 6.0177562
B11: PGE | C11: CCA | D11: MCE | E11: Marin Clean Energy | F11: 527.86388 | G11: 563.93443 | H11: 600.94247 | I11: 639.69313 | J11: 682.5582 | K11: 725.04098 | L11: 779.38139 | M11: 819.26259 | N11: 863.34478 | O11: 897.03186 | P11: 932.88805 | Q11: 967.05581
B12: PGE | C12: CCA | D12: PCEA | E12: Peninsula Clean Energy Authority | F12: 316.75083 | G12: 339.10983 | H12: 364.76233 | I12: 394.23905 | J12: 426.38293 | K12: 456.14532 | L12: 487.03462 | M12: 517.71009 | N12: 550.01922 | O12: 578.78887 | P12: 609.02186 | Q12: 639.46893
B13: PGE | C13: CCA | D13: PIONEER | E13: Pioneer Community Energy | F13: 174.5837 | G13: 187.74626 | H13: 201.05465 | I13: 215.08391 | J13: 229.8695 | K13: 244.86258 | L13: 259.97135 | M13: 274.72347 | N13: 289.20527 | O13: 303.56593 | P13: 317.5372 | Q13: 331.39998
B14: PGE | C14: CCA | D14: RCEA | E14: Redwood Coast Energy Authority | F14: 62.138081 | G14: 66.496059 | H14: 71.017362 | I14: 75.665121 | J14: 80.482414 | K14: 85.149415 | L14: 89.681981 | M14: 93.946686 | N14: 98.166584 | O14: 102.08317 | P14: 105.78474 | Q14: 109.17589
B15: PGE | C15: CCA | D15: SJCE | E15: San José Clean Energy | F15: 350.21324 | G15: 376.68297 | H15: 403.56176 | I15: 432.00923 | J15: 461.88965 | K15: 492.40268 | L15: 522.92262 | M15: 553.27568 | N15: 583.10754 | O15: 612.88219 | P15: 641.84778 | Q15: 670.34157
B16: PGE | C16: CCA | D16: SVCEA | E16: Silicon Valley Clean Energy Authority | F16: 337.44318 | G16: 362.59052 | H16: 388.24515 | I16: 415.37113 | J16: 443.77395 | K16: 472.77167 | L16: 501.68488 | M16: 530.54969 | N16: 558.89072 | O16: 587.07255 | P16: 614.43748 | Q16: 641.20263
B17: PGE | C17: CCA | D17: SOMA | E17: Sonoma Clean Power | F17: 204.13485 | G17: 219.59562 | H17: 235.2439 | I17: 251.77558 | J17: 269.18201 | K17: 286.89668 | L17: 304.6939 | M17: 322.21443 | N17: 339.42851 | O17: 356.56934 | P17: 373.24963 | Q17: 389.75398
B18: PGE | C18: CCA | D18: VCEA | E18: Valley Clean Energy Alliance | F18: 65.848531 | G18: 71.437151 | H18: 77.281774 | I18: 83.386449 | J18: 90.055276 | K18: 96.315829 | L18: 102.91329 | M18: 109.38631 | N18: 116.13319 | O18: 122.13663 | P18: 128.23331 | Q18: 134.24818
B20: SCE | C20: IOU | D20: SCE | E20: Southern California Edison (Bundled) | F20: 3045.6553 | G20: 3285.9746 | H20: 3536.196 | I20: 3798.279 | J20: 4067.7244 | K20: 4348.1989 | L20: 4638.7566 | M20: 4940.7489 | N20: 5249.1654 | O20: 5563.6356 | P20: 5882.733 | Q20: 6204.3137
B21: SCE | C21: ESP | E21: Southern California Edison (Direct Access) | F21: 258.95906 | G21: 277.626 | H21: 297.02639 | I21: 316.37785 | J21: 336.86391 | K21: 357.73704 | L21: 379.46588 | M21: 401.3106 | N21: 424.5473 | O21: 447.79512 | P21: 471.39999 | Q21: 494.9852
B22: SCE | C22: CCA | D22: AVCE | E22: Apple Valley Choice Energy | F22: 30.105811 | G22: 32.504099 | H22: 34.999641 | I22: 37.614739 | J22: 40.333183 | K22: 43.123109 | L22: 46.028781 | M22: 48.950928 | N22: 51.950231 | O22: 54.992954 | P22: 58.077081 | Q22: 61.221541
B23: SCE | C23: CCA | D23: COBP | E23: Baldwin Park, City of | F23: 0 | G23: 0 | H23: 0 | I23: 0 | J23: 0 | K23: 0 | L23: 0 | M23: 0 | N23: 0 | O23: 0 | P23: 0 | Q23: 0
B24: SCE | C24: CCA | D24: 3CE | E24: Central Coast Community Energy | F24: 32.356122 | G24: 34.517262 | H24: 36.745437 | I24: 38.944289 | J24: 41.258232 | K24: 43.594884 | L24: 46.011356 | M24: 48.418939 | N24: 50.967378 | O24: 54.121825 | P24: 57.344634 | Q24: 60.639115
B25: SCE | C25: CCA | D25: CPASC | E25: Clean Power Alliance | F25: 450.60008 | G25: 486.24333 | H25: 523.36965 | I25: 562.17382 | J25: 602.42079 | K25: 644.08973 | L25: 687.34816 | M25: 731.74793 | N25: 777.23741 | O25: 823.60382 | P25: 870.65874 | Q25: 918.28722
B26: SCE | C26: CCA | D26: DCE | E26: Desert Community Energy | F26: 40.155912 | G26: 43.376865 | H26: 46.551309 | I26: 49.762575 | J26: 53.202233 | K26: 56.7601 | L26: 60.514505 | M26: 64.356705 | N26: 68.498466 | O26: 72.722493 | P26: 77.094043 | Q26: 81.556601
B27: SCE | C27: CCA | D27: PALMDALE | E27: Energy for Palmdale’s Independent Choice | F27: 35.840654 | G27: 38.717774 | H27: 41.714924 | I27: 44.850036 | J27: 48.132407 | K27: 51.552255 | L27: 55.097842 | M27: 58.736857 | N27: 62.472701 | O27: 66.296201 | P27: 70.178962 | Q27: 74.10787
B28: SCE | C28: CCA | D28: LCE | E28: Lancaster Choice Energy | F28: 73.470263 | G28: 79.311062 | H28: 85.390814 | I28: 91.755651 | J28: 98.367589 | K28: 105.19022 | L28: 112.28423 | M28: 119.49347 | N28: 126.88752 | O28: 134.41156 | P28: 142.0424 | Q28: 149.795
B29: SCE | C29: CCA | D29: OCPA | E29: Orange County Power Authority | F29: 231.53585 | G29: 250.12237 | H29: 269.48588 | I29: 289.73592 | J29: 310.94494 | K29: 333.03473 | L29: 355.94026 | M29: 379.44347 | N29: 403.57844 | O29: 428.28266 | P29: 453.36048 | Q29: 478.74445
B30: SCE | C30: CCA | D30: PRIME | E30: Pico Rivera Innovative Municipal Energy | F30: 8.8923953 | G30: 9.5957721 | H30: 10.329021 | I30: 11.094986 | J30: 11.890105 | K30: 12.715854 | L30: 13.572319 | M30: 14.456504 | N30: 15.36206 | O30: 16.286996 | P30: 17.22586 | Q30: 18.174285
B31: SCE | C31: CCA | D31: POMONA | E31: Pomona Choice Energy | F31: 7.2880578 | G31: 7.8695953 | H31: 8.4749206 | I31: 9.1074952 | J31: 9.7690307 | K31: 10.455502 | L31: 11.168176 | M31: 11.894906 | N31: 12.641736 | O31: 13.40461 | P31: 14.178771 | Q31: 14.963381
B32: SCE | C32: CCA | D32: RMEA | E32: Rancho Mirage Energy Authority | F32: 44.304687 | G32: 47.783424 | H32: 51.405954 | I32: 55.192668 | J32: 59.098132 | K32: 63.110058 | L32: 67.284833 | M32: 71.541182 | N32: 75.896386 | O32: 80.314746 | P32: 84.796122 | Q32: 89.343601
B33: SCE | C33: CCA | D33: SJP | E33: San Jacinto Power | F33: 23.281495 | G33: 25.128685 | H33: 27.048137 | I33: 29.059803 | J33: 31.144703 | K33: 33.28466 | L33: 35.513194 | M33: 37.763581 | N33: 40.069242 | O33: 42.410318 | P33: 44.78312 | Q33: 47.199221
... B37: SDGE | C37: IOU | D37: SDGE | E37: San Diego Gas and Electric (Bundled) | F37: 437.7814 | G37: 467.84549 | H37: 499.564 | I37: 532.59835 | J37: 565.47146 | K37: 599.19857 | L37: 633.04841 | M37: 667.18813 | N37: 701.33796 | O37: 735.50607 | P37: 769.2268 | Q37: 801.97028
B38: SDGE | C38: ESP | E38: San Diego Gas and Electric (Direct Access) | F38: 474.14912 | G38: 506.55514 | H38: 539.92689 | I38: 573.93568 | J38: 608.14132 | K38: 641.91352 | L38: 675.20239 | M38: 707.35053 | N38: 740.0285 | O38: 771.59934 | P38: 803.32713 | Q38: 834.28002
B39: SDGE | C39: CCA | D39: CEA | E39: Clean Energy Alliance | F39: 178.97204 | G39: 192.34464 | H39: 206.13389 | I39: 220.27452 | J39: 234.63608 | K39: 249.07499 | L39: 263.71028 | M39: 278.52036 | N39: 293.15367 | O39: 307.76428 | P39: 322.15944 | Q39: 336.5378
B40: SDGE | C40: CCA | D40: OCPA | E40: Orange County Power Authority | F40: 20.39347 | G40: 21.917224 | H40: 23.488452 | I40: 25.099861 | J40: 26.736216 | K40: 28.381537 | L40: 30.049136 | M40: 31.736836 | N40: 33.404204 | O40: 35.069106 | P40: 36.709328 | Q40: 38.347654
B41: SDGE | C41: CCA | D41: SDCP | E41: San Diego Community Power | F41: 954.55604 | G41: 1025.8783 | H41: 1099.4227 | I41: 1174.8478 | J41: 1251.4406 | K41: 1328.4531 | L41: 1406.5083 | M41: 1485.5043 | N41: 1563.5488 | O41: 1641.4777 | P41: 1718.2515 | Q41: 1794.9365
B43: BEAR | C43: SMJ | D43: BEAR | E43: Bear Valley Electric Services | F43: 6.7720884 | G43: 7.3201909 | H43: 7.8906317 | I43: 8.4904644 | J43: 9.1160488 | K43: 9.763914 | L43: 10.437313 | M43: 11.121489 | N43: 11.821897 | O43: 12.537238 | P43: 13.262848 | Q43: 14.00125

Sheet Reliability
A1: LSE Input
C2: 30 | D2: MMT
C5: Reliability Need
E6: 2024 | F6: 2025 | G6: 2026 | H6: 2027 | I6: 2028 | J6: 2029 | K6: 2030 | L6: 2031 | M6: 2032 | N6: 2033 | O6: 2034 | P6: 2035
C7: CAISO gross peak (MW) | E7: 53530 | F7: 54113 | G7: 54769 | H7: 55494 | I7: 56125 | J7: 56797 | K7: 57454 | L7: 58178 | M7: 58827 | N7: 59511 | O7: 60161 | P7: 60803
C8: PRM (%) | E8: 0.14 | F8: 0.14 | G8: 0.14 | H8: 0.14 | I8: 0.14 | J8: 0.14 | K8: 0.14 | L8: 0.14 | M8: 0.14 | N8: 0.14 | O8: 0.14 | P8: 0.14
C9: CAISO total reliability need (TRN) (MW) | E9: =E7*(1+E8) -> 61024.2 | F9: =F7*(1+F8) -> 61688.82 | G9: =G7*(1+G8) -> 62436.66 | H9: =H7*(1+H8) -> 63263.16 | I9: =I7*(1+I8) -> 63982.5 | J9: =J7*(1+J8) -> 64748.58 | K9: =K7*(1+K8) -> 65497.56 | L9: =L7*(1+L8) -> 66322.92 | ... P9: =P7*(1+P8) -> 69315.42
C10: MRN/TRN ratio | E10: =IF($C$2=25,misc!AW3,misc!BK3) -> 0.80029848 | F10: =IF($C$2=25,misc!AX3,misc!BL3) -> 0.81896334 | G10: =IF($C$2=25,misc!AY3,misc!BM3) -> 0.83611438 | H10: =IF($C$2=25,misc!AZ3,misc!BN3) -> 0.79544567 | I10: =IF($C$2=25,misc!BA3,misc!BO3) -> 0.75709177 | J10: =IF($C$2=25,misc!BB3,misc!BP3) -> 0.73673304 | K10: =IF($C$2=25,misc!BC3,misc!BQ3) -> 0.71703757 | L10: =IF($C$2=25,misc!BD3,misc!BR3) -> 0.69918926 | ... P10: =IF($C$2=25,misc!BH3,misc!BV3) -> 0.6348446
C11: CAISO marginal reliability need (MRN) (MW) | E11: =E9*E10 -> 48837.575 | F11: =F9*F10 -> 50520.882 | G11: =G9*G10 -> 52204.189 | H11: =H9*H10 -> 50322.407 | I11: =I9*I10 -> 48440.624 | J11: =J9*J10 -> 47702.418 | K11: =K9*K10 -> 46964.212 | L11: =L9*L10 -> 46372.273 | ... P11: =P9*P10 -> 44004.52
C12: LSE managed peak share (%) | E12: 0.004363068 | F12: 0.0043996603 | G12: 0.0044470833 | H12: 0.0044805967 | I12: 0.0045463512 | J12: 0.0045609455 | K12: 0.0045971456 | L12: 0.0046226673 | M12: 0.0046772744 | N12: 0.0046942105 | O12: 0.004739177 | P12: 0.0047443407
C13: LSE MRN (MW) | E13: =E11*E12 -> 213.08166 | F13: =F11*F12 -> 222.27472 | G13: =G11*G12 -> 232.15638 | H13: =H11*H12 -> 225.47441 | I13: =I11*I12 -> 220.22809 | J13: =J11*J12 -> 217.56813 | K13: =K11*K12 -> 215.90132 | L13: =L11*L12 -> 214.36359 | ... P13: =P11*P12 -> 208.77243
C16: BTM PV
E17: 2024 | F17: 2025 | G17: 2026 | H17: 2027 | I17: 2028 | J17: 2029 | K17: 2030 | L17: 2031 | M17: 2032 | N17: 2033 | O17: 2034 | P17: 2035
C18: Capacity (MW) | E18: 65.848531 | F18: 71.437151 | G18: 77.281774 | H18: 83.386449 | I18: 90.055276 | J18: 96.315829 | K18: 102.91329 | L18: 109.38631 | M18: 116.13319 | N18: 122.13663 | O18: 128.23331 | P18: 134.24818
C21: ELCC (%)
C22: Resource Type | E22: 2024 | F22: 2025 | G22: 2026 | H22: 2027 | I22: 2028 | J22: 2029 | K22: 2030 | L22: 2031 | M22: 2032 | N22: 2033 | O22: 2034 | P22: 2035
C23: in_state_wind_south | E23: =IF($C$2=25,misc!U3,misc!AI3) -> 0.15102941 | F23: =IF($C$2=25,misc!V3,misc!AJ3) -> 0.15178847 | G23: =IF($C$2=25,misc!W3,misc!AK3) -> 0.15254752 | H23: =IF($C$2=25,misc!X3,misc!AL3) -> 0.11848326 | I23: =IF($C$2=25,misc!Y3,misc!AM3) -> 0.084418998 | J23: =IF($C$2=25,misc!Z3,misc!AN3) -> 0.083416883 | K23: =IF($C$2=25,misc!AA3,misc!AO3) -> 0.082414767 | L23: =IF($C$2=25,misc!AB3,misc!AP3) -> 0.074829691 | ... P23: =IF($C$2=25,misc!AF3,misc!AT3) -> 0.044489388
C24: in_state_wind_north | E24: =IF($C$2=25,misc!U4,misc!AI4) -> 0.30205883 | F24: =IF($C$2=25,misc!V4,misc!AJ4) -> 0.30357694 | G24: =IF($C$2=25,misc!W4,misc!AK4) -> 0.30509505 | H24: =IF($C$2=25,misc!X4,misc!AL4) -> 0.23696652 | I24: =IF($C$2=25,misc!Y4,misc!AM4) -> 0.168838 | J24: =IF($C$2=25,misc!Z4,misc!AN4) -> 0.16683377 | K24: =IF($C$2=25,misc!AA4,misc!AO4) -> 0.16482953 | L24: =IF($C$2=25,misc!AB4,misc!AP4) -> 0.14965938 | ... P24: =IF($C$2=25,misc!AF4,misc!AT4) -> 0.088978775
C25: out_of_state_wind_WYID | E25: =IF($C$2=25,misc!U5,misc!AI5) -> 0.42559322 | F25: =IF($C$2=25,misc!V5,misc!AJ5) -> 0.39180371 | G25: =IF($C$2=25,misc!W5,misc!AK5) -> 0.3580142 | H25: =IF($C$2=25,misc!X5,misc!AL5) -> 0.37372283 | I25: =IF($C$2=25,misc!Y5,misc!AM5) -> 0.38943146 | J25: =IF($C$2=25,misc!Z5,misc!AN5) -> 0.31241065 | K25: =IF($C$2=25,misc!AA5,misc!AO5) -> 0.23538983 | L25: =IF($C$2=25,misc!AB5,misc!AP5) -> 0.24842034 | ... P25: =IF($C$2=25,misc!AF5,misc!AT5) -> 0.30054237
C26: out_of_state_wind_WAOR | E26: =IF($C$2=25,misc!U6,misc!AI6) -> 0.26084746 | F26: =IF($C$2=25,misc!V6,misc!AJ6) -> 0.24013776 | G26: =IF($C$2=25,misc!W6,misc!AK6) -> 0.21942806 | H26: =IF($C$2=25,misc!X6,misc!AL6) -> 0.22905593 | I26: =IF($C$2=25,misc!Y6,misc!AM6) -> 0.2386838 | J26: =IF($C$2=25,misc!Z6,misc!AN6) -> 0.19147749 | K26: =IF($C$2=25,misc!AA6,misc!AO6) -> 0.14427119 | L26: =IF($C$2=25,misc!AB6,misc!AP6) -> 0.15225763 | ... P26: =IF($C$2=25,misc!AF6,misc!AT6) -> 0.18420339
C27: out_of_state_wind_AZNM | E27: =IF($C$2=25,misc!U7,misc!AI7) -> 0.38440678 | F27: =IF($C$2=25,misc!V7,misc!AJ7) -> 0.35388722 | G27: =IF($C$2=25,misc!W7,misc!AK7) -> 0.32336766 | H27: =IF($C$2=25,misc!X7,misc!AL7) -> 0.3375561 | I27: =IF($C$2=25,misc!Y7,misc!AM7) -> 0.35174455 | J27: =IF($C$2=25,misc!Z7,misc!AN7) -> 0.28217736 | K27: =IF($C$2=25,misc!AA7,misc!AO7) -> 0.21261017 | L27: =IF($C$2=25,misc!AB7,misc!AP7) -> 0.22437966 | ... P27: =IF($C$2=25,misc!AF7,misc!AT7) -> 0.27145763
C28: offshore_wind | E28: =IF($C$2=25,misc!U8,misc!AI8) -> 0.549 | F28: =IF($C$2=25,misc!V8,misc!AJ8) -> 0.50668405 | G28: =IF($C$2=25,misc!W8,misc!AK8) -> 0.4643681 | H28: =IF($C$2=25,misc!X8,misc!AL8) -> 0.48659667 | I28: =IF($C$2=25,misc!Y8,misc!AM8) -> 0.50882524 | J28: =IF($C$2=25,misc!Z8,misc!AN8) -> 0.46741262 | K28: =IF($C$2=25,misc!AA8,misc!AO8) -> 0.426 | L28: =IF($C$2=25,misc!AB8,misc!AP8) -> 0.4048 | ... P28: =IF($C$2=25,misc!AF8,misc!AT8) -> 0.32
C29: utility_pv | E29: =IF($C$2=25,misc!U9,misc!AI9) -> 0.096 | F29: =IF($C$2=25,misc!V9,misc!AJ9) -> 0.10220064 | G29: =IF($C$2=25,misc!W9,misc!AK9) -> 0.10840129 | H29: =IF($C$2=25,misc!X9,misc!AL9) -> 0.10168032 | I29: =IF($C$2=25,misc!Y9,misc!AM9) -> 0.094959357 | J29: =IF($C$2=25,misc!Z9,misc!AN9) -> 0.077479679 | K29: =IF($C$2=25,misc!AA9,misc!AO9) -> 0.06 | L29: =IF($C$2=25,misc!AB9,misc!AP9) -> 0.0608 | ... P29: =IF($C$2=25,misc!AF9,misc!AT9) -> 0.064
C30: btm_pv | E30: =IF($C$2=25,misc!U10,misc!AI10) -> 0.089 | F30: =IF($C$2=25,misc!V10,misc!AJ10) -> 0.093703365 | G30: =IF($C$2=25,misc!W10,misc!AK10) -> 0.098406731 | H30: =IF($C$2=25,misc!X10,misc!AL10) -> 0.082703365 | I30: =IF($C$2=25,misc!Y10,misc!AM10) -> 0.067 | J30: =IF($C$2=25,misc!Z10,misc!AN10) -> 0.056 | K30: =IF($C$2=25,misc!AA10,misc!AO10) -> 0.045 | L30: =IF($C$2=25,misc!AB10,misc!AP10) -> 0.0472 | ... P30: =IF($C$2=25,misc!AF10,misc!AT10) -> 0.056
C31: 4hr_batteries | E31: =IF($C$2=25,misc!U11,misc!AI11) -> 0.885 | F31: =IF($C$2=25,misc!V11,misc!AJ11) -> 0.9015 | G31: =IF($C$2=25,misc!W11,misc!AK11) -> 0.918 | H31: =IF($C$2=25,misc!X11,misc!AL11) -> 0.8455 | I31: =IF($C$2=25,misc!Y11,misc!AM11) -> 0.773 | J31: =IF($C$2=25,misc!Z11,misc!AN11) -> 0.759 | K31: =IF($C$2=25,misc!AA11,misc!AO11) -> 0.745 | L31: =IF($C$2=25,misc!AB11,misc!AP11) -> 0.6762 | ... P31: =IF($C$2=25,misc!AF11,misc!AT11) -> 0.401
C32: 5hr_batteries | E32: =IF($C$2=25,misc!U12,misc!AI12) -> 0.88675 | F32: =IF($C$2=25,misc!V12,misc!AJ12) -> 0.903875 | G32: =IF($C$2=25,misc!W12,misc!AK12) -> 0.921 | H32: =IF($C$2=25,misc!X12,misc!AL12) -> 0.858875 | I32: =IF($C$2=25,misc!Y12,misc!AM12) -> 0.79675 | J32: =IF($C$2=25,misc!Z12,misc!AN12) -> 0.783625 | K32: =IF($C$2=25,misc!AA12,misc!AO12) -> 0.7705 | L32: =IF($C$2=25,misc!AB12,misc!AP12) -> 0.71135 | ... P32: =IF($C$2=25,misc!AF12,misc!AT12) -> 0.47475
C33: 6hr_batteries | E33: =IF($C$2=25,misc!U13,misc!AI13) -> 0.8885 | F33: =IF($C$2=25,misc!V13,misc!AJ13) -> 0.90625 | G33: =IF($C$2=25,misc!W13,misc!AK13) -> 0.924 | H33: =IF($C$2=25,misc!X13,misc!AL13) -> 0.87225 | I33: =IF($C$2=25,misc!Y13,misc!AM13) -> 0.8205 | J33: =IF($C$2=25,misc!Z13,misc!AN13) -> 0.80825 | K33: =IF($C$2=25,misc!AA13,misc!AO13) -> 0.796 | L33: =IF($C$2=25,misc!AB13,misc!AP13) -> 0.7465 | ... P33: =IF($C$2=25,misc!AF13,misc!AT13) -> 0.5485
C34: 7hr_batteries | E34: =IF($C$2=25,misc!U14,misc!AI14) -> 0.89025 | F34: =IF($C$2=25,misc!V14,misc!AJ14) -> 0.908625 | G34: =IF($C$2=25,misc!W14,misc!AK14) -> 0.927 | H34: =IF($C$2=25,misc!X14,misc!AL14) -> 0.885625 | I34: =IF($C$2=25,misc!Y14,misc!AM14) -> 0.84425 | J34: =IF($C$2=25,misc!Z14,misc!AN14) -> 0.832875 | K34: =IF($C$2=25,misc!AA14,misc!AO14) -> 0.8215 | L34: =IF($C$2=25,misc!AB14,misc!AP14) -> 0.78165 | ... P34: =IF($C$2=25,misc!AF14,misc!AT14) -> 0.62225
... C50: unspecified_import | E50: =IF($C$2=25,misc!U30,misc!AI30) -> 1 | F50: =IF($C$2=25,misc!V30,misc!AJ30) -> 1 | G50: =IF($C$2=25,misc!W30,misc!AK30) -> 1 | H50: =IF($C$2=25,misc!X30,misc!AL30) -> 1 | I50: =IF($C$2=25,misc!Y30,misc!AM30) -> 1 | J50: =IF($C$2=25,misc!Z30,misc!AN30) -> 1 | K50: =IF($C$2=25,misc!AA30,misc!AO30) -> 1 | L50: =IF($C$2=25,misc!AB30,misc!AP30) -> 1 | ... P50: =IF($C$2=25,misc!AF30,misc!AT30) -> 1
C54: Contract ELCC (effective MW)
C55: Resource Type | D55: Conrtact Status | E55: 2024 | F55: 2025 | G55: 2026 | H55: 2027 | I55: 2028 | J55: 2029 | K55: 2030 | L55: 2031 | M55: 2032 | N55: 2033 | O55: 2034 | P55: 2035
C56: hybrid | D56: Online | E56: =SUMIFS(Calcs!Z:Z,Calcs!$U:$U,$C56,Calcs!$C:$C,$D56) -> 0 | F56: =SUMIFS(Calcs!AA:AA,Calcs!$U:$U,$C56,Calcs!$C:$C,$D56) -> 0 | G56: =SUMIFS(Calcs!AB:AB,Calcs!$U:$U,$C56,Calcs!$C:$C,$D56) -> 0 | H56: =SUMIFS(Calcs!AC:AC,Calcs!$U:$U,$C56,Calcs!$C:$C,$D56) -> 0 | I56: =SUMIFS(Calcs!AD:AD,Calcs!$U:$U,$C56,Calcs!$C:$C,$D56) -> 0 | J56: =SUMIFS(Calcs!AE:AE,Calcs!$U:$U,$C56,Calcs!$C:$C,$D56) -> 0 | K56: =SUMIFS(Calcs!AF:AF,Calcs!$U:$U,$C56,Calcs!$C:$C,$D56) -> 0 | L56: =SUMIFS(Calcs!AG:AG,Calcs!$U:$U,$C56,Calcs!$C:$C,$D56) -> 0 | M56: =SUMIFS(Calcs!AH:AH,Calcs!$U:$U,$C56,Calcs!$C:$C,$D56) -> 0 | N56: =SUMIFS(Calcs!AI:AI,Calcs!$U:$U,$C56,Calcs!$C:$C,$D56) -> 0 | O56: =SUMIFS(Calcs!AJ:AJ,Calcs!$U:$U,$C56,Calcs!$C:$C,$D56) -> 0 | P56: =SUMIFS(Calcs!AK:AK,Calcs!$U:$U,$C56,Calcs!$C:$C,$D56) -> 0
C57: in_state_wind_south | D57: Online | E57: =SUMIFS(Calcs!Z:Z,Calcs!$U:$U,$C57,Calcs!$C:$C,$D57) -> 0 | F57: =SUMIFS(Calcs!AA:AA,Calcs!$U:$U,$C57,Calcs!$C:$C,$D57) -> 0 | G57: =SUMIFS(Calcs!AB:AB,Calcs!$U:$U,$C57,Calcs!$C:$C,$D57) -> 0 | H57: =SUMIFS(Calcs!AC:AC,Calcs!$U:$U,$C57,Calcs!$C:$C,$D57) -> 0 | I57: =SUMIFS(Calcs!AD:AD,Calcs!$U:$U,$C57,Calcs!$C:$C,$D57) -> 0 | J57: =SUMIFS(Calcs!AE:AE,Calcs!$U:$U,$C57,Calcs!$C:$C,$D57) -> 0 | K57: =SUMIFS(Calcs!AF:AF,Calcs!$U:$U,$C57,Calcs!$C:$C,$D57) -> 0 | L57: =SUMIFS(Calcs!AG:AG,Calcs!$U:$U,$C57,Calcs!$C:$C,$D57) -> 0 | M57: =SUMIFS(Calcs!AH:AH,Calcs!$U:$U,$C57,Calcs!$C:$C,$D57) -> 0 | N57: =SUMIFS(Calcs!AI:AI,Calcs!$U:$U,$C57,Calcs!$C:$C,$D57) -> 0 | O57: =SUMIFS(Calcs!AJ:AJ,Calcs!$U:$U,$C57,Calcs!$C:$C,$D57) -> 0 | P57: =SUMIFS(Calcs!AK:AK,Calcs!$U:$U,$C57,Calcs!$C:$C,$D57) -> 0
C58: in_state_wind_north | D58: Online | E58: =SUMIFS(Calcs!Z:Z,Calcs!$U:$U,$C58,Calcs!$C:$C,$D58) -> 0 | F58: =SUMIFS(Calcs!AA:AA,Calcs!$U:$U,$C58,Calcs!$C:$C,$D58) -> 0 | G58: =SUMIFS(Calcs!AB:AB,Calcs!$U:$U,$C58,Calcs!$C:$C,$D58) -> 0 | H58: =SUMIFS(Calcs!AC:AC,Calcs!$U:$U,$C58,Calcs!$C:$C,$D58) -> 0 | I58: =SUMIFS(Calcs!AD:AD,Calcs!$U:$U,$C58,Calcs!$C:$C,$D58) -> 0 | J58: =SUMIFS(Calcs!AE:AE,Calcs!$U:$U,$C58,Calcs!$C:$C,$D58) -> 0 | K58: =SUMIFS(Calcs!AF:AF,Calcs!$U:$U,$C58,Calcs!$C:$C,$D58) -> 0 | L58: =SUMIFS(Calcs!AG:AG,Calcs!$U:$U,$C58,Calcs!$C:$C,$D58) -> 0 | M58: =SUMIFS(Calcs!AH:AH,Calcs!$U:$U,$C58,Calcs!$C:$C,$D58) -> 0 | N58: =SUMIFS(Calcs!AI:AI,Calcs!$U:$U,$C58,Calcs!$C:$C,$D58) -> 0 | O58: =SUMIFS(Calcs!AJ:AJ,Calcs!$U:$U,$C58,Calcs!$C:$C,$D58) -> 0 | P58: =SUMIFS(Calcs!AK:AK,Calcs!$U:$U,$C58,Calcs!$C:$C,$D58) -> 0
C59: out_of_state_wind_WYID | D59: Online | E59: =SUMIFS(Calcs!Z:Z,Calcs!$U:$U,$C59,Calcs!$C:$C,$D59) -> 0 | F59: =SUMIFS(Calcs!AA:AA,Calcs!$U:$U,$C59,Calcs!$C:$C,$D59) -> 0 | G59: =SUMIFS(Calcs!AB:AB,Calcs!$U:$U,$C59,Calcs!$C:$C,$D59) -> 0 | H59: =SUMIFS(Calcs!AC:AC,Calcs!$U:$U,$C59,Calcs!$C:$C,$D59) -> 0 | I59: =SUMIFS(Calcs!AD:AD,Calcs!$U:$U,$C59,Calcs!$C:$C,$D59) -> 0 | J59: =SUMIFS(Calcs!AE:AE,Calcs!$U:$U,$C59,Calcs!$C:$C,$D59) -> 0 | K59: =SUMIFS(Calcs!AF:AF,Calcs!$U:$U,$C59,Calcs!$C:$C,$D59) -> 0 | L59: =SUMIFS(Calcs!AG:AG,Calcs!$U:$U,$C59,Calcs!$C:$C,$D59) -> 0 | M59: =SUMIFS(Calcs!AH:AH,Calcs!$U:$U,$C59,Calcs!$C:$C,$D59) -> 0 | N59: =SUMIFS(Calcs!AI:AI,Calcs!$U:$U,$C59,Calcs!$C:$C,$D59) -> 0 | O59: =SUMIFS(Calcs!AJ:AJ,Calcs!$U:$U,$C59,Calcs!$C:$C,$D59) -> 0 | P59: =SUMIFS(Calcs!AK:AK,Calcs!$U:$U,$C59,Calcs!$C:$C,$D59) -> 0
C60: out_of_state_wind_WAOR | D60: Online | E60: =SUMIFS(Calcs!Z:Z,Calcs!$U:$U,$C60,Calcs!$C:$C,$D60) -> 0 | F60: =SUMIFS(Calcs!AA:AA,Calcs!$U:$U,$C60,Calcs!$C:$C,$D60) -> 0 | G60: =SUMIFS(Calcs!AB:AB,Calcs!$U:$U,$C60,Calcs!$C:$C,$D60) -> 0 | H60: =SUMIFS(Calcs!AC:AC,Calcs!$U:$U,$C60,Calcs!$C:$C,$D60) -> 0 | I60: =SUMIFS(Calcs!AD:AD,Calcs!$U:$U,$C60,Calcs!$C:$C,$D60) -> 0 | J60: =SUMIFS(Calcs!AE:AE,Calcs!$U:$U,$C60,Calcs!$C:$C,$D60) -> 0 | K60: =SUMIFS(Calcs!AF:AF,Calcs!$U:$U,$C60,Calcs!$C:$C,$D60) -> 0 | L60: =SUMIFS(Calcs!AG:AG,Calcs!$U:$U,$C60,Calcs!$C:$C,$D60) -> 0 | M60: =SUMIFS(Calcs!AH:AH,Calcs!$U:$U,$C60,Calcs!$C:$C,$D60) -> 0 | N60: =SUMIFS(Calcs!AI:AI,Calcs!$U:$U,$C60,Calcs!$C:$C,$D60) -> 0 | O60: =SUMIFS(Calcs!AJ:AJ,Calcs!$U:$U,$C60,Calcs!$C:$C,$D60) -> 0 | P60: =SUMIFS(Calcs!AK:AK,Calcs!$U:$U,$C60,Calcs!$C:$C,$D60) -> 0
C61: out_of_state_wind_AZNM | D61: Online | E61: =SUMIFS(Calcs!Z:Z,Calcs!$U:$U,$C61,Calcs!$C:$C,$D61) -> 0 | F61: =SUMIFS(Calcs!AA:AA,Calcs!$U:$U,$C61,Calcs!$C:$C,$D61) -> 0 | G61: =SUMIFS(Calcs!AB:AB,Calcs!$U:$U,$C61,Calcs!$C:$C,$D61) -> 0 | H61: =SUMIFS(Calcs!AC:AC,Calcs!$U:$U,$C61,Calcs!$C:$C,$D61) -> 0 | I61: =SUMIFS(Calcs!AD:AD,Calcs!$U:$U,$C61,Calcs!$C:$C,$D61) -> 0 | J61: =SUMIFS(Calcs!AE:AE,Calcs!$U:$U,$C61,Calcs!$C:$C,$D61) -> 0 | K61: =SUMIFS(Calcs!AF:AF,Calcs!$U:$U,$C61,Calcs!$C:$C,$D61) -> 0 | L61: =SUMIFS(Calcs!AG:AG,Calcs!$U:$U,$C61,Calcs!$C:$C,$D61) -> 0 | M61: =SUMIFS(Calcs!AH:AH,Calcs!$U:$U,$C61,Calcs!$C:$C,$D61) -> 0 | N61: =SUMIFS(Calcs!AI:AI,Calcs!$U:$U,$C61,Calcs!$C:$C,$D61) -> 0 | O61: =SUMIFS(Calcs!AJ:AJ,Calcs!$U:$U,$C61,Calcs!$C:$C,$D61) -> 0 | P61: =SUMIFS(Calcs!AK:AK,Calcs!$U:$U,$C61,Calcs!$C:$C,$D61) -> 0
C62: offshore_wind | D62: Online | E62: =SUMIFS(Calcs!Z:Z,Calcs!$U:$U,$C62,Calcs!$C:$C,$D62) -> 0 | F62: =SUMIFS(Calcs!AA:AA,Calcs!$U:$U,$C62,Calcs!$C:$C,$D62) -> 0 | G62: =SUMIFS(Calcs!AB:AB,Calcs!$U:$U,$C62,Calcs!$C:$C,$D62) -> 0 | H62: =SUMIFS(Calcs!AC:AC,Calcs!$U:$U,$C62,Calcs!$C:$C,$D62) -> 0 | I62: =SUMIFS(Calcs!AD:AD,Calcs!$U:$U,$C62,Calcs!$C:$C,$D62) -> 0 | J62: =SUMIFS(Calcs!AE:AE,Calcs!$U:$U,$C62,Calcs!$C:$C,$D62) -> 0 | K62: =SUMIFS(Calcs!AF:AF,Calcs!$U:$U,$C62,Calcs!$C:$C,$D62) -> 0 | L62: =SUMIFS(Calcs!AG:AG,Calcs!$U:$U,$C62,Calcs!$C:$C,$D62) -> 0 | M62: =SUMIFS(Calcs!AH:AH,Calcs!$U:$U,$C62,Calcs!$C:$C,$D62) -> 0 | N62: =SUMIFS(Calcs!AI:AI,Calcs!$U:$U,$C62,Calcs!$C:$C,$D62) -> 0 | O62: =SUMIFS(Calcs!AJ:AJ,Calcs!$U:$U,$C62,Calcs!$C:$C,$D62) -> 0 | P62: =SUMIFS(Calcs!AK:AK,Calcs!$U:$U,$C62,Calcs!$C:$C,$D62) -> 0
C63: utility_pv | D63: Online | E63: =SUMIFS(Calcs!Z:Z,Calcs!$U:$U,$C63,Calcs!$C:$C,$D63) -> 4.8 | F63: =SUMIFS(Calcs!AA:AA,Calcs!$U:$U,$C63,Calcs!$C:$C,$D63) -> 5.1100322 | G63: =SUMIFS(Calcs!AB:AB,Calcs!$U:$U,$C63,Calcs!$C:$C,$D63) -> 5.4200644 | H63: =SUMIFS(Calcs!AC:AC,Calcs!$U:$U,$C63,Calcs!$C:$C,$D63) -> 5.0840161 | I63: =SUMIFS(Calcs!AD:AD,Calcs!$U:$U,$C63,Calcs!$C:$C,$D63) -> 4.7479679 | J63: =SUMIFS(Calcs!AE:AE,Calcs!$U:$U,$C63,Calcs!$C:$C,$D63) -> 3.8739839 | K63: =SUMIFS(Calcs!AF:AF,Calcs!$U:$U,$C63,Calcs!$C:$C,$D63) -> 3 | L63: =SUMIFS(Calcs!AG:AG,Calcs!$U:$U,$C63,Calcs!$C:$C,$D63) -> 3.04 | M63: =SUMIFS(Calcs!AH:AH,Calcs!$U:$U,$C63,Calcs!$C:$C,$D63) -> 3.08 | N63: =SUMIFS(Calcs!AI:AI,Calcs!$U:$U,$C63,Calcs!$C:$C,$D63) -> 3.12 | O63: =SUMIFS(Calcs!AJ:AJ,Calcs!$U:$U,$C63,Calcs!$C:$C,$D63) -> 3.16 | P63: =SUMIFS(Calcs!AK:AK,Calcs!$U:$U,$C63,Calcs!$C:$C,$D63) -> 3.2
C64: btm_pv | D64: Online | E64: =SUMIFS(Calcs!Z:Z,Calcs!$U:$U,$C64,Calcs!$C:$C,$D64) -> 0 | F64: =SUMIFS(Calcs!AA:AA,Calcs!$U:$U,$C64,Calcs!$C:$C,$D64) -> 0 | G64: =SUMIFS(Calcs!AB:AB,Calcs!$U:$U,$C64,Calcs!$C:$C,$D64) -> 0 | H64: =SUMIFS(Calcs!AC:AC,Calcs!$U:$U,$C64,Calcs!$C:$C,$D64) -> 0 | I64: =SUMIFS(Calcs!AD:AD,Calcs!$U:$U,$C64,Calcs!$C:$C,$D64) -> 0 | J64: =SUMIFS(Calcs!AE:AE,Calcs!$U:$U,$C64,Calcs!$C:$C,$D64) -> 0 | K64: =SUMIFS(Calcs!AF:AF,Calcs!$U:$U,$C64,Calcs!$C:$C,$D64) -> 0 | L64: =SUMIFS(Calcs!AG:AG,Calcs!$U:$U,$C64,Calcs!$C:$C,$D64) -> 0 | M64: =SUMIFS(Calcs!AH:AH,Calcs!$U:$U,$C64,Calcs!$C:$C,$D64) -> 0 | N64: =SUMIFS(Calcs!AI:AI,Calcs!$U:$U,$C64,Calcs!$C:$C,$D64) -> 0 | O64: =SUMIFS(Calcs!AJ:AJ,Calcs!$U:$U,$C64,Calcs!$C:$C,$D64) -> 0 | P64: =SUMIFS(Calcs!AK:AK,Calcs!$U:$U,$C64,Calcs!$C:$C,$D64) -> 0
C65: 4hr_batteries | D65: Online | E65: =SUMIFS(Calcs!Z:Z,Calcs!$U:$U,$C65,Calcs!$C:$C,$D65) -> 5.024145 | F65: =SUMIFS(Calcs!AA:AA,Calcs!$U:$U,$C65,Calcs!$C:$C,$D65) -> 5.1178155 | G65: =SUMIFS(Calcs!AB:AB,Calcs!$U:$U,$C65,Calcs!$C:$C,$D65) -> 5.211486 | H65: =SUMIFS(Calcs!AC:AC,Calcs!$U:$U,$C65,Calcs!$C:$C,$D65) -> 4.7999035 | I65: =SUMIFS(Calcs!AD:AD,Calcs!$U:$U,$C65,Calcs!$C:$C,$D65) -> 4.388321 | J65: =SUMIFS(Calcs!AE:AE,Calcs!$U:$U,$C65,Calcs!$C:$C,$D65) -> 4.308843 | K65: =SUMIFS(Calcs!AF:AF,Calcs!$U:$U,$C65,Calcs!$C:$C,$D65) -> 4.229365 | L65: =SUMIFS(Calcs!AG:AG,Calcs!$U:$U,$C65,Calcs!$C:$C,$D65) -> 3.8387874 | M65: =SUMIFS(Calcs!AH:AH,Calcs!$U:$U,$C65,Calcs!$C:$C,$D65) -> 1.9297098 | N65: =SUMIFS(Calcs!AI:AI,Calcs!$U:$U,$C65,Calcs!$C:$C,$D65) -> 1.7111322 | O65: =SUMIFS(Calcs!AJ:AJ,Calcs!$U:$U,$C65,Calcs!$C:$C,$D65) -> 1.4925546 | P65: =SUMIFS(Calcs!AK:AK,Calcs!$U:$U,$C65,Calcs!$C:$C,$D65) -> 1.273977
C66: 5hr_batteries | D66: Online | E66: =SUMIFS(Calcs!Z:Z,Calcs!$U:$U,$C66,Calcs!$C:$C,$D66) -> 0 | F66: =SUMIFS(Calcs!AA:AA,Calcs!$U:$U,$C66,Calcs!$C:$C,$D66) -> 0 | G66: =SUMIFS(Calcs!AB:AB,Calcs!$U:$U,$C66,Calcs!$C:$C,$D66) -> 0 | H66: =SUMIFS(Calcs!AC:AC,Calcs!$U:$U,$C66,Calcs!$C:$C,$D66) -> 0 | I66: =SUMIFS(Calcs!AD:AD,Calcs!$U:$U,$C66,Calcs!$C:$C,$D66) -> 0 | J66: =SUMIFS(Calcs!AE:AE,Calcs!$U:$U,$C66,Calcs!$C:$C,$D66) -> 0 | K66: =SUMIFS(Calcs!AF:AF,Calcs!$U:$U,$C66,Calcs!$C:$C,$D66) -> 0 | L66: =SUMIFS(Calcs!AG:AG,Calcs!$U:$U,$C66,Calcs!$C:$C,$D66) -> 0 | M66: =SUMIFS(Calcs!AH:AH,Calcs!$U:$U,$C66,Calcs!$C:$C,$D66) -> 0 | N66: =SUMIFS(Calcs!AI:AI,Calcs!$U:$U,$C66,Calcs!$C:$C,$D66) -> 0 | O66: =SUMIFS(Calcs!AJ:AJ,Calcs!$U:$U,$C66,Calcs!$C:$C,$D66) -> 0 | P66: =SUMIFS(Calcs!AK:AK,Calcs!$U:$U,$C66,Calcs!$C:$C,$D66) -> 0
C67: 6hr_batteries | D67: Online | E67: =SUMIFS(Calcs!Z:Z,Calcs!$U:$U,$C67,Calcs!$C:$C,$D67) -> 0 | F67: =SUMIFS(Calcs!AA:AA,Calcs!$U:$U,$C67,Calcs!$C:$C,$D67) -> 0 | G67: =SUMIFS(Calcs!AB:AB,Calcs!$U:$U,$C67,Calcs!$C:$C,$D67) -> 0 | H67: =SUMIFS(Calcs!AC:AC,Calcs!$U:$U,$C67,Calcs!$C:$C,$D67) -> 0 | I67: =SUMIFS(Calcs!AD:AD,Calcs!$U:$U,$C67,Calcs!$C:$C,$D67) -> 0 | J67: =SUMIFS(Calcs!AE:AE,Calcs!$U:$U,$C67,Calcs!$C:$C,$D67) -> 0 | K67: =SUMIFS(Calcs!AF:AF,Calcs!$U:$U,$C67,Calcs!$C:$C,$D67) -> 0 | L67: =SUMIFS(Calcs!AG:AG,Calcs!$U:$U,$C67,Calcs!$C:$C,$D67) -> 0 | M67: =SUMIFS(Calcs!AH:AH,Calcs!$U:$U,$C67,Calcs!$C:$C,$D67) -> 0 | N67: =SUMIFS(Calcs!AI:AI,Calcs!$U:$U,$C67,Calcs!$C:$C,$D67) -> 0 | O67: =SUMIFS(Calcs!AJ:AJ,Calcs!$U:$U,$C67,Calcs!$C:$C,$D67) -> 0 | P67: =SUMIFS(Calcs!AK:AK,Calcs!$U:$U,$C67,Calcs!$C:$C,$D67) -> 0
... C200: unspecified_import | D200: PlannedNew | E200: =SUMIFS(Calcs!Z:Z,Calcs!$U:$U,$C200,Calcs!$C:$C,$D200) -> 0 | F200: =SUMIFS(Calcs!AA:AA,Calcs!$U:$U,$C200,Calcs!$C:$C,$D200) -> 0 | G200: =SUMIFS(Calcs!AB:AB,Calcs!$U:$U,$C200,Calcs!$C:$C,$D200) -> 0 | H200: =SUMIFS(Calcs!AC:AC,Calcs!$U:$U,$C200,Calcs!$C:$C,$D200) -> 0 | I200: =SUMIFS(Calcs!AD:AD,Calcs!$U:$U,$C200,Calcs!$C:$C,$D200) -> 0 | J200: =SUMIFS(Calcs!AE:AE,Calcs!$U:$U,$C200,Calcs!$C:$C,$D200) -> 0 | K200: =SUMIFS(Calcs!AF:AF,Calcs!$U:$U,$C200,Calcs!$C:$C,$D200) -> 0 | L200: =SUMIFS(Calcs!AG:AG,Calcs!$U:$U,$C200,Calcs!$C:$C,$D200) -> 0 | M200: =SUMIFS(Calcs!AH:AH,Calcs!$U:$U,$C200,Calcs!$C:$C,$D200) -> 0 | N200: =SUMIFS(Calcs!AI:AI,Calcs!$U:$U,$C200,Calcs!$C:$C,$D200) -> 0 | O200: =SUMIFS(Calcs!AJ:AJ,Calcs!$U:$U,$C200,Calcs!$C:$C,$D200) -> 0 | P200: =SUMIFS(Calcs!AK:AK,Calcs!$U:$U,$C200,Calcs!$C:$C,$D200) -> 0
C201: LSE total supply (effective MW) | E201: =SUM(E56:E200) -> 207.40219 | F201: =SUM(F56:F200) -> 215.97081 | G201: =SUM(G56:G200) -> 225.7974 | H201: =SUM(H56:H200) -> 219.07188 | I201: =SUM(I56:I200) -> 214.8755 | J201: =SUM(J56:J200) -> 213.06454 | K201: =SUM(K56:K200) -> 212.94831 | L201: =SUM(L56:L200) -> 210.57574 | ... P201: =SUM(P56:P200) -> 201.88389
C205: Load and Resource Table by Resource Type
E206: 2024 | F206: 2025 | G206: 2026 | H206: 2027 | I206: 2028 | J206: 2029 | K206: 2030 | L206: 2031 | M206: 2032 | N206: 2033 | O206: 2034 | P206: 2035
C207: LSE reliability need (MW) | E207: =E13 -> 213.08166 | F207: =F13 -> 222.27472 | G207: =G13 -> 232.15638 | H207: =H13 -> 225.47441 | I207: =I13 -> 220.22809 | J207: =J13 -> 217.56813 | K207: =K13 -> 215.90132 | L207: =L13 -> 214.36359 | ... P207: =P13 -> 208.77243
C208: ELCC by resource type (effective MW)
C209: hybrid | E209: =SUMIFS(E$56:E$200,$C$56:$C$200,$C209)+IF($C209="btm_pv",E$18*E$30,0) -> 124.4025 | F209: =SUMIFS(F$56:F$200,$C$56:$C$200,$C209)+IF($C209="btm_pv",F$18*F$30,0) -> 127.52677 | G209: =SUMIFS(G$56:G$200,$C$56:$C$200,$C209)+IF($C209="btm_pv",G$18*G$30,0) -> 130.59403 | H209: =SUMIFS(H$56:H$200,$C$56:$C$200,$C209)+IF($C209="btm_pv",H$18*H$30,0) -> 120.69361 | I209: =SUMIFS(I$56:I$200,$C$56:$C$200,$C209)+IF($C209="btm_pv",I$18*I$30,0) -> 110.71398 | J209: =SUMIFS(J$56:J$200,$C$56:$C$200,$C209)+IF($C209="btm_pv",J$18*J$30,0) -> 105.79324 | K209: =SUMIFS(K$56:K$200,$C$56:$C$200,$C209)+IF($C209="btm_pv",K$18*K$30,0) -> 100.8725 | L209: =SUMIFS(L$56:L$200,$C$56:$C$200,$C209)+IF($C209="btm_pv",L$18*L$30,0) -> 92.7301 | ... P209: =SUMIFS(P$56:P$200,$C$56:$C$200,$C209)+IF($C209="btm_pv",P$18*P$30,0) -> 60.1605
C210: in_state_wind_south | E210: =SUMIFS(E$56:E$200,$C$56:$C$200,$C210)+IF($C210="btm_pv",E$18*E$30,0) -> 0 | F210: =SUMIFS(F$56:F$200,$C$56:$C$200,$C210)+IF($C210="btm_pv",F$18*F$30,0) -> 0 | G210: =SUMIFS(G$56:G$200,$C$56:$C$200,$C210)+IF($C210="btm_pv",G$18*G$30,0) -> 0 | H210: =SUMIFS(H$56:H$200,$C$56:$C$200,$C210)+IF($C210="btm_pv",H$18*H$30,0) -> 0 | I210: =SUMIFS(I$56:I$200,$C$56:$C$200,$C210)+IF($C210="btm_pv",I$18*I$30,0) -> 0 | J210: =SUMIFS(J$56:J$200,$C$56:$C$200,$C210)+IF($C210="btm_pv",J$18*J$30,0) -> 0 | K210: =SUMIFS(K$56:K$200,$C$56:$C$200,$C210)+IF($C210="btm_pv",K$18*K$30,0) -> 0 | L210: =SUMIFS(L$56:L$200,$C$56:$C$200,$C210)+IF($C210="btm_pv",L$18*L$30,0) -> 0 | ... P210: =SUMIFS(P$56:P$200,$C$56:$C$200,$C210)+IF($C210="btm_pv",P$18*P$30,0) -> 0
C211: in_state_wind_north | E211: =SUMIFS(E$56:E$200,$C$56:$C$200,$C211)+IF($C211="btm_pv",E$18*E$30,0) -> 0 | F211: =SUMIFS(F$56:F$200,$C$56:$C$200,$C211)+IF($C211="btm_pv",F$18*F$30,0) -> 0 | G211: =SUMIFS(G$56:G$200,$C$56:$C$200,$C211)+IF($C211="btm_pv",G$18*G$30,0) -> 6.101901 | H211: =SUMIFS(H$56:H$200,$C$56:$C$200,$C211)+IF($C211="btm_pv",H$18*H$30,0) -> 4.7393304 | I211: =SUMIFS(I$56:I$200,$C$56:$C$200,$C211)+IF($C211="btm_pv",I$18*I$30,0) -> 3.3767599 | J211: =SUMIFS(J$56:J$200,$C$56:$C$200,$C211)+IF($C211="btm_pv",J$18*J$30,0) -> 3.3366753 | K211: =SUMIFS(K$56:K$200,$C$56:$C$200,$C211)+IF($C211="btm_pv",K$18*K$30,0) -> 6.4283518 | L211: =SUMIFS(L$56:L$200,$C$56:$C$200,$C211)+IF($C211="btm_pv",L$18*L$30,0) -> 5.8367159 | ... P211: =SUMIFS(P$56:P$200,$C$56:$C$200,$C211)+IF($C211="btm_pv",P$18*P$30,0) -> 3.4701722
C212: out_of_state_wind_WYID | E212: =SUMIFS(E$56:E$200,$C$56:$C$200,$C212)+IF($C212="btm_pv",E$18*E$30,0) -> 0 | F212: =SUMIFS(F$56:F$200,$C$56:$C$200,$C212)+IF($C212="btm_pv",F$18*F$30,0) -> 0 | G212: =SUMIFS(G$56:G$200,$C$56:$C$200,$C212)+IF($C212="btm_pv",G$18*G$30,0) -> 0 | H212: =SUMIFS(H$56:H$200,$C$56:$C$200,$C212)+IF($C212="btm_pv",H$18*H$30,0) -> 0 | I212: =SUMIFS(I$56:I$200,$C$56:$C$200,$C212)+IF($C212="btm_pv",I$18*I$30,0) -> 0 | J212: =SUMIFS(J$56:J$200,$C$56:$C$200,$C212)+IF($C212="btm_pv",J$18*J$30,0) -> 0 | K212: =SUMIFS(K$56:K$200,$C$56:$C$200,$C212)+IF($C212="btm_pv",K$18*K$30,0) -> 0 | L212: =SUMIFS(L$56:L$200,$C$56:$C$200,$C212)+IF($C212="btm_pv",L$18*L$30,0) -> 0 | ... P212: =SUMIFS(P$56:P$200,$C$56:$C$200,$C212)+IF($C212="btm_pv",P$18*P$30,0) -> 0
C213: out_of_state_wind_WAOR | E213: =SUMIFS(E$56:E$200,$C$56:$C$200,$C213)+IF($C213="btm_pv",E$18*E$30,0) -> 0 | F213: =SUMIFS(F$56:F$200,$C$56:$C$200,$C213)+IF($C213="btm_pv",F$18*F$30,0) -> 0 | G213: =SUMIFS(G$56:G$200,$C$56:$C$200,$C213)+IF($C213="btm_pv",G$18*G$30,0) -> 0 | H213: =SUMIFS(H$56:H$200,$C$56:$C$200,$C213)+IF($C213="btm_pv",H$18*H$30,0) -> 0 | I213: =SUMIFS(I$56:I$200,$C$56:$C$200,$C213)+IF($C213="btm_pv",I$18*I$30,0) -> 0 | J213: =SUMIFS(J$56:J$200,$C$56:$C$200,$C213)+IF($C213="btm_pv",J$18*J$30,0) -> 0 | K213: =SUMIFS(K$56:K$200,$C$56:$C$200,$C213)+IF($C213="btm_pv",K$18*K$30,0) -> 0 | L213: =SUMIFS(L$56:L$200,$C$56:$C$200,$C213)+IF($C213="btm_pv",L$18*L$30,0) -> 0 | ... P213: =SUMIFS(P$56:P$200,$C$56:$C$200,$C213)+IF($C213="btm_pv",P$18*P$30,0) -> 0
C214: out_of_state_wind_AZNM | E214: =SUMIFS(E$56:E$200,$C$56:$C$200,$C214)+IF($C214="btm_pv",E$18*E$30,0) -> 0 | F214: =SUMIFS(F$56:F$200,$C$56:$C$200,$C214)+IF($C214="btm_pv",F$18*F$30,0) -> 0 | G214: =SUMIFS(G$56:G$200,$C$56:$C$200,$C214)+IF($C214="btm_pv",G$18*G$30,0) -> 0 | H214: =SUMIFS(H$56:H$200,$C$56:$C$200,$C214)+IF($C214="btm_pv",H$18*H$30,0) -> 0 | I214: =SUMIFS(I$56:I$200,$C$56:$C$200,$C214)+IF($C214="btm_pv",I$18*I$30,0) -> 0 | J214: =SUMIFS(J$56:J$200,$C$56:$C$200,$C214)+IF($C214="btm_pv",J$18*J$30,0) -> 0 | K214: =SUMIFS(K$56:K$200,$C$56:$C$200,$C214)+IF($C214="btm_pv",K$18*K$30,0) -> 0 | L214: =SUMIFS(L$56:L$200,$C$56:$C$200,$C214)+IF($C214="btm_pv",L$18*L$30,0) -> 0 | ... P214: =SUMIFS(P$56:P$200,$C$56:$C$200,$C214)+IF($C214="btm_pv",P$18*P$30,0) -> 0
C215: offshore_wind | E215: =SUMIFS(E$56:E$200,$C$56:$C$200,$C215)+IF($C215="btm_pv",E$18*E$30,0) -> 0 | F215: =SUMIFS(F$56:F$200,$C$56:$C$200,$C215)+IF($C215="btm_pv",F$18*F$30,0) -> 0 | G215: =SUMIFS(G$56:G$200,$C$56:$C$200,$C215)+IF($C215="btm_pv",G$18*G$30,0) -> 0 | H215: =SUMIFS(H$56:H$200,$C$56:$C$200,$C215)+IF($C215="btm_pv",H$18*H$30,0) -> 0 | I215: =SUMIFS(I$56:I$200,$C$56:$C$200,$C215)+IF($C215="btm_pv",I$18*I$30,0) -> 0 | J215: =SUMIFS(J$56:J$200,$C$56:$C$200,$C215)+IF($C215="btm_pv",J$18*J$30,0) -> 0 | K215: =SUMIFS(K$56:K$200,$C$56:$C$200,$C215)+IF($C215="btm_pv",K$18*K$30,0) -> 3.621 | L215: =SUMIFS(L$56:L$200,$C$56:$C$200,$C215)+IF($C215="btm_pv",L$18*L$30,0) -> 3.4408 | ... P215: =SUMIFS(P$56:P$200,$C$56:$C$200,$C215)+IF($C215="btm_pv",P$18*P$30,0) -> 11.2
C216: utility_pv | E216: =SUMIFS(E$56:E$200,$C$56:$C$200,$C216)+IF($C216="btm_pv",E$18*E$30,0) -> 4.8 | F216: =SUMIFS(F$56:F$200,$C$56:$C$200,$C216)+IF($C216="btm_pv",F$18*F$30,0) -> 5.1100322 | G216: =SUMIFS(G$56:G$200,$C$56:$C$200,$C216)+IF($C216="btm_pv",G$18*G$30,0) -> 5.4200644 | H216: =SUMIFS(H$56:H$200,$C$56:$C$200,$C216)+IF($C216="btm_pv",H$18*H$30,0) -> 5.0840161 | I216: =SUMIFS(I$56:I$200,$C$56:$C$200,$C216)+IF($C216="btm_pv",I$18*I$30,0) -> 4.7479679 | J216: =SUMIFS(J$56:J$200,$C$56:$C$200,$C216)+IF($C216="btm_pv",J$18*J$30,0) -> 3.8739839 | K216: =SUMIFS(K$56:K$200,$C$56:$C$200,$C216)+IF($C216="btm_pv",K$18*K$30,0) -> 3 | L216: =SUMIFS(L$56:L$200,$C$56:$C$200,$C216)+IF($C216="btm_pv",L$18*L$30,0) -> 3.04 | ... P216: =SUMIFS(P$56:P$200,$C$56:$C$200,$C216)+IF($C216="btm_pv",P$18*P$30,0) -> 3.2
C217: btm_pv | E217: =SUMIFS(E$56:E$200,$C$56:$C$200,$C217)+IF($C217="btm_pv",E$18*E$30,0) -> 5.8605193 | F217: =SUMIFS(F$56:F$200,$C$56:$C$200,$C217)+IF($C217="btm_pv",F$18*F$30,0) -> 6.6939015 | G217: =SUMIFS(G$56:G$200,$C$56:$C$200,$C217)+IF($C217="btm_pv",G$18*G$30,0) -> 7.6050467 | H217: =SUMIFS(H$56:H$200,$C$56:$C$200,$C217)+IF($C217="btm_pv",H$18*H$30,0) -> 6.8963399 | I217: =SUMIFS(I$56:I$200,$C$56:$C$200,$C217)+IF($C217="btm_pv",I$18*I$30,0) -> 6.0337035 | J217: =SUMIFS(J$56:J$200,$C$56:$C$200,$C217)+IF($C217="btm_pv",J$18*J$30,0) -> 5.3936864 | K217: =SUMIFS(K$56:K$200,$C$56:$C$200,$C217)+IF($C217="btm_pv",K$18*K$30,0) -> 4.6310979 | L217: =SUMIFS(L$56:L$200,$C$56:$C$200,$C217)+IF($C217="btm_pv",L$18*L$30,0) -> 5.1630337 | ... P217: =SUMIFS(P$56:P$200,$C$56:$C$200,$C217)+IF($C217="btm_pv",P$18*P$30,0) -> 7.5178981
C218: 4hr_batteries | E218: =SUMIFS(E$56:E$200,$C$56:$C$200,$C218)+IF($C218="btm_pv",E$18*E$30,0) -> 22.733517 | F218: =SUMIFS(F$56:F$200,$C$56:$C$200,$C218)+IF($C218="btm_pv",F$18*F$30,0) -> 23.873379 | G218: =SUMIFS(G$56:G$200,$C$56:$C$200,$C218)+IF($C218="btm_pv",G$18*G$30,0) -> 24.310329 | H218: =SUMIFS(H$56:H$200,$C$56:$C$200,$C218)+IF($C218="btm_pv",H$18*H$30,0) -> 22.390396 | I218: =SUMIFS(I$56:I$200,$C$56:$C$200,$C218)+IF($C218="btm_pv",I$18*I$30,0) -> 20.470462 | J218: =SUMIFS(J$56:J$200,$C$56:$C$200,$C218)+IF($C218="btm_pv",J$18*J$30,0) -> 20.099717 | K218: =SUMIFS(K$56:K$200,$C$56:$C$200,$C218)+IF($C218="btm_pv",K$18*K$30,0) -> 19.728971 | L218: =SUMIFS(L$56:L$200,$C$56:$C$200,$C218)+IF($C218="btm_pv",L$18*L$30,0) -> 17.90702 | ... P218: =SUMIFS(P$56:P$200,$C$56:$C$200,$C218)+IF($C218="btm_pv",P$18*P$30,0) -> 1.5967178
C219: 5hr_batteries | E219: =SUMIFS(E$56:E$200,$C$56:$C$200,$C219)+IF($C219="btm_pv",E$18*E$30,0) -> 0 | F219: =SUMIFS(F$56:F$200,$C$56:$C$200,$C219)+IF($C219="btm_pv",F$18*F$30,0) -> 0 | G219: =SUMIFS(G$56:G$200,$C$56:$C$200,$C219)+IF($C219="btm_pv",G$18*G$30,0) -> 0 | H219: =SUMIFS(H$56:H$200,$C$56:$C$200,$C219)+IF($C219="btm_pv",H$18*H$30,0) -> 0 | I219: =SUMIFS(I$56:I$200,$C$56:$C$200,$C219)+IF($C219="btm_pv",I$18*I$30,0) -> 0 | J219: =SUMIFS(J$56:J$200,$C$56:$C$200,$C219)+IF($C219="btm_pv",J$18*J$30,0) -> 0 | K219: =SUMIFS(K$56:K$200,$C$56:$C$200,$C219)+IF($C219="btm_pv",K$18*K$30,0) -> 0 | L219: =SUMIFS(L$56:L$200,$C$56:$C$200,$C219)+IF($C219="btm_pv",L$18*L$30,0) -> 0 | ... P219: =SUMIFS(P$56:P$200,$C$56:$C$200,$C219)+IF($C219="btm_pv",P$18*P$30,0) -> 0
C220: 6hr_batteries | E220: =SUMIFS(E$56:E$200,$C$56:$C$200,$C220)+IF($C220="btm_pv",E$18*E$30,0) -> 0 | F220: =SUMIFS(F$56:F$200,$C$56:$C$200,$C220)+IF($C220="btm_pv",F$18*F$30,0) -> 0 | G220: =SUMIFS(G$56:G$200,$C$56:$C$200,$C220)+IF($C220="btm_pv",G$18*G$30,0) -> 0 | H220: =SUMIFS(H$56:H$200,$C$56:$C$200,$C220)+IF($C220="btm_pv",H$18*H$30,0) -> 0 | I220: =SUMIFS(I$56:I$200,$C$56:$C$200,$C220)+IF($C220="btm_pv",I$18*I$30,0) -> 0 | J220: =SUMIFS(J$56:J$200,$C$56:$C$200,$C220)+IF($C220="btm_pv",J$18*J$30,0) -> 0 | K220: =SUMIFS(K$56:K$200,$C$56:$C$200,$C220)+IF($C220="btm_pv",K$18*K$30,0) -> 42.188 | L220: =SUMIFS(L$56:L$200,$C$56:$C$200,$C220)+IF($C220="btm_pv",L$18*L$30,0) -> 39.5645 | ... P220: =SUMIFS(P$56:P$200,$C$56:$C$200,$C220)+IF($C220="btm_pv",P$18*P$30,0) -> 29.0705
... C237: unspecified_import | E237: =SUMIFS(E$56:E$200,$C$56:$C$200,$C237)+IF($C237="btm_pv",E$18*E$30,0) -> 0 | F237: =SUMIFS(F$56:F$200,$C$56:$C$200,$C237)+IF($C237="btm_pv",F$18*F$30,0) -> 0 | G237: =SUMIFS(G$56:G$200,$C$56:$C$200,$C237)+IF($C237="btm_pv",G$18*G$30,0) -> 0 | H237: =SUMIFS(H$56:H$200,$C$56:$C$200,$C237)+IF($C237="btm_pv",H$18*H$30,0) -> 0 | I237: =SUMIFS(I$56:I$200,$C$56:$C$200,$C237)+IF($C237="btm_pv",I$18*I$30,0) -> 0 | J237: =SUMIFS(J$56:J$200,$C$56:$C$200,$C237)+IF($C237="btm_pv",J$18*J$30,0) -> 0 | K237: =SUMIFS(K$56:K$200,$C$56:$C$200,$C237)+IF($C237="btm_pv",K$18*K$30,0) -> 0 | L237: =SUMIFS(L$56:L$200,$C$56:$C$200,$C237)+IF($C237="btm_pv",L$18*L$30,0) -> 0 | ... P237: =SUMIFS(P$56:P$200,$C$56:$C$200,$C237)+IF($C237="btm_pv",P$18*P$30,0) -> 0
C238: LSE total supply (effective MW) | E238: =SUM(E209:E237) -> 213.26271 | F238: =SUM(F209:F237) -> 222.66471 | G238: =SUM(G209:G237) -> 233.40245 | H238: =SUM(H209:H237) -> 225.96822 | I238: =SUM(I209:I237) -> 220.9092 | J238: =SUM(J209:J237) -> 218.45823 | K238: =SUM(K209:K237) -> 217.57941 | L238: =SUM(L209:L237) -> 215.73877 | ... P238: =SUM(P209:P237) -> 209.40179
C239: Net capacity position (+ve = excess, -ve = shortfall) (effective MW) | E239: =E238-E207 -> 0.18105689 | F239: =F238-F207 -> 0.3899905 | G239: =G238-G207 -> 1.2460722 | H239: =H238-H207 -> 0.49381079 | I239: =I238-I207 -> 0.68111596 | J239: =J238-J207 -> 0.8901027 | K239: =K238-K207 -> 1.6780931 | L239: =L238-L207 -> 1.3751822 | ... P239: =P238-P207 -> 0.6293504
C246: Load and Resource Table by Contract Status
E247: 2024 | F247: 2025 | G247: 2026 | H247: 2027 | I247: 2028 | J247: 2029 | K247: 2030 | L247: 2031 | M247: 2032 | N247: 2033 | O247: 2034 | P247: 2035
C248: LSE reliability need (MW) | E248: =E13 -> 213.08166 | F248: =F13 -> 222.27472 | G248: =G13 -> 232.15638 | H248: =H13 -> 225.47441 | I248: =I13 -> 220.22809 | J248: =J13 -> 217.56813 | K248: =K13 -> 215.90132 | L248: =L13 -> 214.36359 | ... P248: =P13 -> 208.77243
C249: ELCC by contract status (effective MW)
C250: Online | E250: =IF($C250="BTM PV",E$18*E$30,SUMIFS(E$56:E$200,$D$56:$D$200,$C250)) -> 36.942027 | F250: =IF($C250="BTM PV",F$18*F$30,SUMIFS(F$56:F$200,$D$56:$D$200,$C250)) -> 28.96588 | G250: =IF($C250="BTM PV",G$18*G$30,SUMIFS(G$56:G$200,$D$56:$D$200,$C250)) -> 24.599647 | H250: =IF($C250="BTM PV",H$18*H$30,SUMIFS(H$56:H$200,$D$56:$D$200,$C250)) -> 16.989551 | I250: =IF($C250="BTM PV",I$18*I$30,SUMIFS(I$56:I$200,$D$56:$D$200,$C250)) -> 14.849489 | J250: =IF($C250="BTM PV",J$18*J$30,SUMIFS(J$56:J$200,$D$56:$D$200,$C250)) -> 13.758027 | K250: =IF($C250="BTM PV",K$18*K$30,SUMIFS(K$56:K$200,$D$56:$D$200,$C250)) -> 12.666565 | L250: =IF($C250="BTM PV",L$18*L$30,SUMIFS(L$56:L$200,$D$56:$D$200,$C250)) -> 7.9823074 | ... P250: =IF($C250="BTM PV",P$18*P$30,SUMIFS(P$56:P$200,$D$56:$D$200,$C250)) -> 4.790777
C251: Development | E251: =IF($C251="BTM PV",E$18*E$30,SUMIFS(E$56:E$200,$D$56:$D$200,$C251)) -> 124.7713 | F251: =IF($C251="BTM PV",F$18*F$30,SUMIFS(F$56:F$200,$D$56:$D$200,$C251)) -> 132.42762 | G251: =IF($C251="BTM PV",G$18*G$30,SUMIFS(G$56:G$200,$D$56:$D$200,$C251)) -> 139.89639 | H251: =IF($C251="BTM PV",H$18*H$30,SUMIFS(H$56:H$200,$D$56:$D$200,$C251)) -> 130.55539 | I251: =IF($C251="BTM PV",I$18*I$30,SUMIFS(I$56:I$200,$D$56:$D$200,$C251)) -> 120.44721 | J251: =IF($C251="BTM PV",J$18*J$30,SUMIFS(J$56:J$200,$D$56:$D$200,$C251)) -> 115.4378 | K251: =IF($C251="BTM PV",K$18*K$30,SUMIFS(K$56:K$200,$D$56:$D$200,$C251)) -> 110.4284 | L251: =IF($C251="BTM PV",L$18*L$30,SUMIFS(L$56:L$200,$D$56:$D$200,$C251)) -> 102.11305 | ... P251: =IF($C251="BTM PV",P$18*P$30,SUMIFS(P$56:P$200,$D$56:$D$200,$C251)) -> 68.851645
C252: Review | E252: =IF($C252="BTM PV",E$18*E$30,SUMIFS(E$56:E$200,$D$56:$D$200,$C252)) -> 0 | F252: =IF($C252="BTM PV",F$18*F$30,SUMIFS(F$56:F$200,$D$56:$D$200,$C252)) -> 0 | G252: =IF($C252="BTM PV",G$18*G$30,SUMIFS(G$56:G$200,$D$56:$D$200,$C252)) -> 0 | H252: =IF($C252="BTM PV",H$18*H$30,SUMIFS(H$56:H$200,$D$56:$D$200,$C252)) -> 0 | I252: =IF($C252="BTM PV",I$18*I$30,SUMIFS(I$56:I$200,$D$56:$D$200,$C252)) -> 0 | J252: =IF($C252="BTM PV",J$18*J$30,SUMIFS(J$56:J$200,$D$56:$D$200,$C252)) -> 0 | K252: =IF($C252="BTM PV",K$18*K$30,SUMIFS(K$56:K$200,$D$56:$D$200,$C252)) -> 0 | L252: =IF($C252="BTM PV",L$18*L$30,SUMIFS(L$56:L$200,$D$56:$D$200,$C252)) -> 0 | ... P252: =IF($C252="BTM PV",P$18*P$30,SUMIFS(P$56:P$200,$D$56:$D$200,$C252)) -> 0
C253: PlannedExisting | E253: =IF($C253="BTM PV",E$18*E$30,SUMIFS(E$56:E$200,$D$56:$D$200,$C253)) -> 27.98887 | F253: =IF($C253="BTM PV",F$18*F$30,SUMIFS(F$56:F$200,$D$56:$D$200,$C253)) -> 36.547306 | G253: =IF($C253="BTM PV",G$18*G$30,SUMIFS(G$56:G$200,$D$56:$D$200,$C253)) -> 36.839467 | H253: =IF($C253="BTM PV",H$18*H$30,SUMIFS(H$56:H$200,$D$56:$D$200,$C253)) -> 49.877607 | I253: =IF($C253="BTM PV",I$18*I$30,SUMIFS(I$56:I$200,$D$56:$D$200,$C253)) -> 60.74204 | J253: =IF($C253="BTM PV",J$18*J$30,SUMIFS(J$56:J$200,$D$56:$D$200,$C253)) -> 65.352037 | K253: =IF($C253="BTM PV",K$18*K$30,SUMIFS(K$56:K$200,$D$56:$D$200,$C253)) -> 22.716003 | L253: =IF($C253="BTM PV",L$18*L$30,SUMIFS(L$56:L$200,$D$56:$D$200,$C253)) -> 38.114372 | ... P253: =IF($C253="BTM PV",P$18*P$30,SUMIFS(P$56:P$200,$D$56:$D$200,$C253)) -> 72.668793
C254: PlannedNew | E254: =IF($C254="BTM PV",E$18*E$30,SUMIFS(E$56:E$200,$D$56:$D$200,$C254)) -> 17.7 | F254: =IF($C254="BTM PV",F$18*F$30,SUMIFS(F$56:F$200,$D$56:$D$200,$C254)) -> 18.03 | G254: =IF($C254="BTM PV",G$18*G$30,SUMIFS(G$56:G$200,$D$56:$D$200,$C254)) -> 24.461901 | H254: =IF($C254="BTM PV",H$18*H$30,SUMIFS(H$56:H$200,$D$56:$D$200,$C254)) -> 21.64933 | I254: =IF($C254="BTM PV",I$18*I$30,SUMIFS(I$56:I$200,$D$56:$D$200,$C254)) -> 18.83676 | J254: =IF($C254="BTM PV",J$18*J$30,SUMIFS(J$56:J$200,$D$56:$D$200,$C254)) -> 18.516675 | K254: =IF($C254="BTM PV",K$18*K$30,SUMIFS(K$56:K$200,$D$56:$D$200,$C254)) -> 67.137352 | L254: =IF($C254="BTM PV",L$18*L$30,SUMIFS(L$56:L$200,$D$56:$D$200,$C254)) -> 62.366016 | ... P254: =IF($C254="BTM PV",P$18*P$30,SUMIFS(P$56:P$200,$D$56:$D$200,$C254)) -> 55.572672
C255: BTM PV | E255: =IF($C255="BTM PV",E$18*E$30,SUMIFS(E$56:E$200,$D$56:$D$200,$C255)) -> 5.8605193 | F255: =IF($C255="BTM PV",F$18*F$30,SUMIFS(F$56:F$200,$D$56:$D$200,$C255)) -> 6.6939015 | G255: =IF($C255="BTM PV",G$18*G$30,SUMIFS(G$56:G$200,$D$56:$D$200,$C255)) -> 7.6050467 | H255: =IF($C255="BTM PV",H$18*H$30,SUMIFS(H$56:H$200,$D$56:$D$200,$C255)) -> 6.8963399 | I255: =IF($C255="BTM PV",I$18*I$30,SUMIFS(I$56:I$200,$D$56:$D$200,$C255)) -> 6.0337035 | J255: =IF($C255="BTM PV",J$18*J$30,SUMIFS(J$56:J$200,$D$56:$D$200,$C255)) -> 5.3936864 | K255: =IF($C255="BTM PV",K$18*K$30,SUMIFS(K$56:K$200,$D$56:$D$200,$C255)) -> 4.6310979 | L255: =IF($C255="BTM PV",L$18*L$30,SUMIFS(L$56:L$200,$D$56:$D$200,$C255)) -> 5.1630337 | ... P255: =IF($C255="BTM PV",P$18*P$30,SUMIFS(P$56:P$200,$D$56:$D$200,$C255)) -> 7.5178981
C256: LSE total supply (effective MW) | E256: =SUM(E250:E255) -> 213.26271 | F256: =SUM(F250:F255) -> 222.66471 | G256: =SUM(G250:G255) -> 233.40245 | H256: =SUM(H250:H255) -> 225.96822 | I256: =SUM(I250:I255) -> 220.9092 | J256: =SUM(J250:J255) -> 218.45823 | K256: =SUM(K250:K255) -> 217.57941 | L256: =SUM(L250:L255) -> 215.73877 | ... P256: =SUM(P250:P255) -> 209.40179
C257: Net capacity position (+ve = excess, -ve = shortfall) (effective MW) | E257: =E256-E248 -> 0.18105689 | F257: =F256-F248 -> 0.3899905 | G257: =G256-G248 -> 1.2460722 | H257: =H256-H248 -> 0.49381079 | I257: =I256-I248 -> 0.68111596 | J257: =J256-J248 -> 0.8901027 | K257: =K256-K248 -> 1.6780931 | L257: =L256-L248 -> 1.3751822 | ... P257: =P256-P248 -> 0.6293504

Sheet CSPReportSheet
K2: NOTE: the below data is provided for troubleshooting purposes only.
K3: Bought/Owned | O3: Sold | S3: Net (GWh, MW, or MWh Energy Capacity)
B4: Resource | C4: 2024 | D4: 2026 | E4: 2030 | F4: 2035 | G4: Units | H4: Type | K4: 2024 | L4: 2026 | M4: 2030 | N4: 2035 | O4: 2024 | P4: 2026 | Q4: 2030 | R4: 2035 | S4: 2024 | T4: 2026 | U4: 2030 | V4: 2035
B5: Large Hydro | C5: =S5 -> 0 | D5: =T5 -> 0 | E5: =U5 -> 0 | F5: =V5 -> 0 | G5: GWh | H5: GHG-Free | K5: {=SUM(SUMIFS(unique_contracts!BT:BT,unique_contracts!$AB:$AB,{"Buy","Owned"},unique_contracts!$BS:$BS,"="&$B5&" ("&$G5&")",unique_contracts!$AM:$AM,"<="&C$4,unique_contracts!$AP:$AP,">="&C$4), SUMIFS(unique_contracts!BT:BT,unique_contracts!$AB:$AB,"="&"",unique_contracts!$BS:$BS,"="&$B5&" ("&$G5&")",unique_contracts!$AM:$AM,"<="&C$4,unique_contracts!$AP:$AP,">="&C$4))} -> 0 | L5: {=SUM(SUMIFS(unique_contracts!BU:BU,unique_contracts!$AB:$AB,{"Buy","Owned"},unique_contracts!$BS:$BS,"="&$B5&" ("&$G5&")",unique_contracts!$AM:$AM,"<="&D$4,unique_contracts!$AP:$AP,">="&D$4), SUMIFS(unique_contracts!BU:BU,unique_contracts!$AB:$AB,"="&"",unique_contracts!$BS:$BS,"="&$B5&" ("&$G5&")",unique_contracts!$AM:$AM,"<="&D$4,unique_contracts!$AP:$AP,">="&D$4))} -> 0 | M5: {=SUM(SUMIFS(unique_contracts!BV:BV,unique_contracts!$AB:$AB,{"Buy","Owned"},unique_contracts!$BS:$BS,"="&$B5&" ("&$G5&")",unique_contracts!$AM:$AM,"<="&E$4,unique_contracts!$AP:$AP,">="&E$4), SUMIFS(unique_contracts!BV:BV,unique_contracts!$AB:$AB,"="&"",unique_contracts!$BS:$BS,"="&$B5&" ("&$G5&")",unique_contracts!$AM:$AM,"<="&E$4,unique_contracts!$AP:$AP,">="&E$4))} -> 0 | N5: {=SUM(SUMIFS(unique_contracts!BW:BW,unique_contracts!$AB:$AB,{"Buy","Owned"},unique_contracts!$BS:$BS,"="&$B5&" ("&$G5&")",unique_contracts!$AM:$AM,"<="&F$4,unique_contracts!$AP:$AP,">="&F$4), SUMIFS(unique_contracts!BW:BW,unique_contracts!$AB:$AB,"="&"",unique_contracts!$BS:$BS,"="&$B5&" ("&$G5&")",unique_contracts!$AM:$AM,"<="&F$4,unique_contracts!$AP:$AP,">="&F$4))} -> 0 | O5: =SUMIFS(unique_contracts!BT:BT,unique_contracts!$AB:$AB,"=Sell",unique_contracts!$BS:$BS,"="&$B5&" ("&$G5&")",unique_contracts!$AM:$AM,"<="&C$4,unique_contracts!$AP:$AP,">="&C$4) -> 0 | P5: =SUMIFS(unique_contracts!BU:BU,unique_contracts!$AB:$AB,"=Sell",unique_contracts!$BS:$BS,"="&$B5&" ("&$G5&")",unique_contracts!$AM:$AM,"<="&D$4,unique_contracts!$AP:$AP,">="&D$4) -> 0 | Q5: =SUMIFS(unique_contracts!BV:BV,unique_contracts!$AB:$AB,"=Sell",unique_contracts!$BS:$BS,"="&$B5&" ("&$G5&")",unique_contracts!$AM:$AM,"<="&E$4,unique_contracts!$AP:$AP,">="&E$4) -> 0 | R5: =SUMIFS(unique_contracts!BW:BW,unique_contracts!$AB:$AB,"=Sell",unique_contracts!$BS:$BS,"="&$B5&" ("&$G5&")",unique_contracts!$AM:$AM,"<="&F$4,unique_contracts!$AP:$AP,">="&F$4) -> 0 | S5: =K5-O5 -> 0 | T5: =L5-P5 -> 0 | U5: =M5-Q5 -> 0 | V5: =N5-R5 -> 0
B6: Imported Hydro | C6: =S6 -> 0 | D6: =T6 -> 0 | E6: =U6 -> 0 | F6: =V6 -> 0 | G6: GWh | H6: GHG-Free | K6: {=SUM(SUMIFS(unique_contracts!BT:BT,unique_contracts!$AB:$AB,{"Buy","Owned"},unique_contracts!$BS:$BS,"="&$B6&" ("&$G6&")",unique_contracts!$AM:$AM,"<="&C$4,unique_contracts!$AP:$AP,">="&C$4), SUMIFS(unique_contracts!BT:BT,unique_contracts!$AB:$AB,"="&"",unique_contracts!$BS:$BS,"="&$B6&" ("&$G6&")",unique_contracts!$AM:$AM,"<="&C$4,unique_contracts!$AP:$AP,">="&C$4))} -> 0 | L6: {=SUM(SUMIFS(unique_contracts!BU:BU,unique_contracts!$AB:$AB,{"Buy","Owned"},unique_contracts!$BS:$BS,"="&$B6&" ("&$G6&")",unique_contracts!$AM:$AM,"<="&D$4,unique_contracts!$AP:$AP,">="&D$4), SUMIFS(unique_contracts!BU:BU,unique_contracts!$AB:$AB,"="&"",unique_contracts!$BS:$BS,"="&$B6&" ("&$G6&")",unique_contracts!$AM:$AM,"<="&D$4,unique_contracts!$AP:$AP,">="&D$4))} -> 0 | M6: {=SUM(SUMIFS(unique_contracts!BV:BV,unique_contracts!$AB:$AB,{"Buy","Owned"},unique_contracts!$BS:$BS,"="&$B6&" ("&$G6&")",unique_contracts!$AM:$AM,"<="&E$4,unique_contracts!$AP:$AP,">="&E$4), SUMIFS(unique_contracts!BV:BV,unique_contracts!$AB:$AB,"="&"",unique_contracts!$BS:$BS,"="&$B6&" ("&$G6&")",unique_contracts!$AM:$AM,"<="&E$4,unique_contracts!$AP:$AP,">="&E$4))} -> 0 | N6: {=SUM(SUMIFS(unique_contracts!BW:BW,unique_contracts!$AB:$AB,{"Buy","Owned"},unique_contracts!$BS:$BS,"="&$B6&" ("&$G6&")",unique_contracts!$AM:$AM,"<="&F$4,unique_contracts!$AP:$AP,">="&F$4), SUMIFS(unique_contracts!BW:BW,unique_contracts!$AB:$AB,"="&"",unique_contracts!$BS:$BS,"="&$B6&" ("&$G6&")",unique_contracts!$AM:$AM,"<="&F$4,unique_contracts!$AP:$AP,">="&F$4))} -> 0 | O6: =SUMIFS(unique_contracts!BT:BT,unique_contracts!$AB:$AB,"=Sell",unique_contracts!$BS:$BS,"="&$B6&" ("&$G6&")",unique_contracts!$AM:$AM,"<="&C$4,unique_contracts!$AP:$AP,">="&C$4) -> 0 | P6: =SUMIFS(unique_contracts!BU:BU,unique_contracts!$AB:$AB,"=Sell",unique_contracts!$BS:$BS,"="&$B6&" ("&$G6&")",unique_contracts!$AM:$AM,"<="&D$4,unique_contracts!$AP:$AP,">="&D$4) -> 0 | Q6: =SUMIFS(unique_contracts!BV:BV,unique_contracts!$AB:$AB,"=Sell",unique_contracts!$BS:$BS,"="&$B6&" ("&$G6&")",unique_contracts!$AM:$AM,"<="&E$4,unique_contracts!$AP:$AP,">="&E$4) -> 0 | R6: =SUMIFS(unique_contracts!BW:BW,unique_contracts!$AB:$AB,"=Sell",unique_contracts!$BS:$BS,"="&$B6&" ("&$G6&")",unique_contracts!$AM:$AM,"<="&F$4,unique_contracts!$AP:$AP,">="&F$4) -> 0 | S6: =K6-O6 -> 0 | T6: =L6-P6 -> 0 | U6: =M6-Q6 -> 0 | V6: =N6-R6 -> 0
B7: Asset Controlling Supplier | C7: =S7 -> 0 | D7: =T7 -> 0 | E7: =U7 -> 0 | F7: =V7 -> 0 | G7: GWh | H7: GHG-Free (Partial) | K7: {=SUM(SUMIFS(unique_contracts!BT:BT,unique_contracts!$AB:$AB,{"Buy","Owned"},unique_contracts!$BS:$BS,"="&$B7&" ("&$G7&")",unique_contracts!$AM:$AM,"<="&C$4,unique_contracts!$AP:$AP,">="&C$4), SUMIFS(unique_contracts!BT:BT,unique_contracts!$AB:$AB,"="&"",unique_contracts!$BS:$BS,"="&$B7&" ("&$G7&")",unique_contracts!$AM:$AM,"<="&C$4,unique_contracts!$AP:$AP,">="&C$4))} -> 0 | L7: {=SUM(SUMIFS(unique_contracts!BU:BU,unique_contracts!$AB:$AB,{"Buy","Owned"},unique_contracts!$BS:$BS,"="&$B7&" ("&$G7&")",unique_contracts!$AM:$AM,"<="&D$4,unique_contracts!$AP:$AP,">="&D$4), SUMIFS(unique_contracts!BU:BU,unique_contracts!$AB:$AB,"="&"",unique_contracts!$BS:$BS,"="&$B7&" ("&$G7&")",unique_contracts!$AM:$AM,"<="&D$4,unique_contracts!$AP:$AP,">="&D$4))} -> 0 | M7: {=SUM(SUMIFS(unique_contracts!BV:BV,unique_contracts!$AB:$AB,{"Buy","Owned"},unique_contracts!$BS:$BS,"="&$B7&" ("&$G7&")",unique_contracts!$AM:$AM,"<="&E$4,unique_contracts!$AP:$AP,">="&E$4), SUMIFS(unique_contracts!BV:BV,unique_contracts!$AB:$AB,"="&"",unique_contracts!$BS:$BS,"="&$B7&" ("&$G7&")",unique_contracts!$AM:$AM,"<="&E$4,unique_contracts!$AP:$AP,">="&E$4))} -> 0 | N7: {=SUM(SUMIFS(unique_contracts!BW:BW,unique_contracts!$AB:$AB,{"Buy","Owned"},unique_contracts!$BS:$BS,"="&$B7&" ("&$G7&")",unique_contracts!$AM:$AM,"<="&F$4,unique_contracts!$AP:$AP,">="&F$4), SUMIFS(unique_contracts!BW:BW,unique_contracts!$AB:$AB,"="&"",unique_contracts!$BS:$BS,"="&$B7&" ("&$G7&")",unique_contracts!$AM:$AM,"<="&F$4,unique_contracts!$AP:$AP,">="&F$4))} -> 0 | O7: =SUMIFS(unique_contracts!BT:BT,unique_contracts!$AB:$AB,"=Sell",unique_contracts!$BS:$BS,"="&$B7&" ("&$G7&")",unique_contracts!$AM:$AM,"<="&C$4,unique_contracts!$AP:$AP,">="&C$4) -> 0 | P7: =SUMIFS(unique_contracts!BU:BU,unique_contracts!$AB:$AB,"=Sell",unique_contracts!$BS:$BS,"="&$B7&" ("&$G7&")",unique_contracts!$AM:$AM,"<="&D$4,unique_contracts!$AP:$AP,">="&D$4) -> 0 | Q7: =SUMIFS(unique_contracts!BV:BV,unique_contracts!$AB:$AB,"=Sell",unique_contracts!$BS:$BS,"="&$B7&" ("&$G7&")",unique_contracts!$AM:$AM,"<="&E$4,unique_contracts!$AP:$AP,">="&E$4) -> 0 | R7: =SUMIFS(unique_contracts!BW:BW,unique_contracts!$AB:$AB,"=Sell",unique_contracts!$BS:$BS,"="&$B7&" ("&$G7&")",unique_contracts!$AM:$AM,"<="&F$4,unique_contracts!$AP:$AP,">="&F$4) -> 0 | S7: =K7-O7 -> 0 | T7: =L7-P7 -> 0 | U7: =M7-Q7 -> 0 | V7: =N7-R7 -> 0
B8: Nuclear | C8: =S8 -> 0 | D8: =T8 -> 0 | E8: =U8 -> 0 | F8: =V8 -> 0 | G8: GWh | H8: GHG-Free | K8: {=SUM(SUMIFS(unique_contracts!BT:BT,unique_contracts!$AB:$AB,{"Buy","Owned"},unique_contracts!$BS:$BS,"="&$B8&" ("&$G8&")",unique_contracts!$AM:$AM,"<="&C$4,unique_contracts!$AP:$AP,">="&C$4), SUMIFS(unique_contracts!BT:BT,unique_contracts!$AB:$AB,"="&"",unique_contracts!$BS:$BS,"="&$B8&" ("&$G8&")",unique_contracts!$AM:$AM,"<="&C$4,unique_contracts!$AP:$AP,">="&C$4))} -> 0 | L8: {=SUM(SUMIFS(unique_contracts!BU:BU,unique_contracts!$AB:$AB,{"Buy","Owned"},unique_contracts!$BS:$BS,"="&$B8&" ("&$G8&")",unique_contracts!$AM:$AM,"<="&D$4,unique_contracts!$AP:$AP,">="&D$4), SUMIFS(unique_contracts!BU:BU,unique_contracts!$AB:$AB,"="&"",unique_contracts!$BS:$BS,"="&$B8&" ("&$G8&")",unique_contracts!$AM:$AM,"<="&D$4,unique_contracts!$AP:$AP,">="&D$4))} -> 0 | M8: {=SUM(SUMIFS(unique_contracts!BV:BV,unique_contracts!$AB:$AB,{"Buy","Owned"},unique_contracts!$BS:$BS,"="&$B8&" ("&$G8&")",unique_contracts!$AM:$AM,"<="&E$4,unique_contracts!$AP:$AP,">="&E$4), SUMIFS(unique_contracts!BV:BV,unique_contracts!$AB:$AB,"="&"",unique_contracts!$BS:$BS,"="&$B8&" ("&$G8&")",unique_contracts!$AM:$AM,"<="&E$4,unique_contracts!$AP:$AP,">="&E$4))} -> 0 | N8: {=SUM(SUMIFS(unique_contracts!BW:BW,unique_contracts!$AB:$AB,{"Buy","Owned"},unique_contracts!$BS:$BS,"="&$B8&" ("&$G8&")",unique_contracts!$AM:$AM,"<="&F$4,unique_contracts!$AP:$AP,">="&F$4), SUMIFS(unique_contracts!BW:BW,unique_contracts!$AB:$AB,"="&"",unique_contracts!$BS:$BS,"="&$B8&" ("&$G8&")",unique_contracts!$AM:$AM,"<="&F$4,unique_contracts!$AP:$AP,">="&F$4))} -> 0 | O8: =SUMIFS(unique_contracts!BT:BT,unique_contracts!$AB:$AB,"=Sell",unique_contracts!$BS:$BS,"="&$B8&" ("&$G8&")",unique_contracts!$AM:$AM,"<="&C$4,unique_contracts!$AP:$AP,">="&C$4) -> 0 | P8: =SUMIFS(unique_contracts!BU:BU,unique_contracts!$AB:$AB,"=Sell",unique_contracts!$BS:$BS,"="&$B8&" ("&$G8&")",unique_contracts!$AM:$AM,"<="&D$4,unique_contracts!$AP:$AP,">="&D$4) -> 0 | Q8: =SUMIFS(unique_contracts!BV:BV,unique_contracts!$AB:$AB,"=Sell",unique_contracts!$BS:$BS,"="&$B8&" ("&$G8&")",unique_contracts!$AM:$AM,"<="&E$4,unique_contracts!$AP:$AP,">="&E$4) -> 0 | R8: =SUMIFS(unique_contracts!BW:BW,unique_contracts!$AB:$AB,"=Sell",unique_contracts!$BS:$BS,"="&$B8&" ("&$G8&")",unique_contracts!$AM:$AM,"<="&F$4,unique_contracts!$AP:$AP,">="&F$4) -> 0 | S8: =K8-O8 -> 0 | T8: =L8-P8 -> 0 | U8: =M8-Q8 -> 0 | V8: =N8-R8 -> 0
B9: Biogas | C9: =S9 -> 0 | D9: =T9 -> 0 | E9: =U9 -> 0 | F9: =V9 -> 0 | G9: GWh | H9: RPS Eligible | K9: {=SUM(SUMIFS(unique_contracts!BT:BT,unique_contracts!$AB:$AB,{"Buy","Owned"},unique_contracts!$BS:$BS,"="&$B9&" ("&$G9&")",unique_contracts!$AM:$AM,"<="&C$4,unique_contracts!$AP:$AP,">="&C$4), SUMIFS(unique_contracts!BT:BT,unique_contracts!$AB:$AB,"="&"",unique_contracts!$BS:$BS,"="&$B9&" ("&$G9&")",unique_contracts!$AM:$AM,"<="&C$4,unique_contracts!$AP:$AP,">="&C$4))} -> 0 | L9: {=SUM(SUMIFS(unique_contracts!BU:BU,unique_contracts!$AB:$AB,{"Buy","Owned"},unique_contracts!$BS:$BS,"="&$B9&" ("&$G9&")",unique_contracts!$AM:$AM,"<="&D$4,unique_contracts!$AP:$AP,">="&D$4), SUMIFS(unique_contracts!BU:BU,unique_contracts!$AB:$AB,"="&"",unique_contracts!$BS:$BS,"="&$B9&" ("&$G9&")",unique_contracts!$AM:$AM,"<="&D$4,unique_contracts!$AP:$AP,">="&D$4))} -> 0 | M9: {=SUM(SUMIFS(unique_contracts!BV:BV,unique_contracts!$AB:$AB,{"Buy","Owned"},unique_contracts!$BS:$BS,"="&$B9&" ("&$G9&")",unique_contracts!$AM:$AM,"<="&E$4,unique_contracts!$AP:$AP,">="&E$4), SUMIFS(unique_contracts!BV:BV,unique_contracts!$AB:$AB,"="&"",unique_contracts!$BS:$BS,"="&$B9&" ("&$G9&")",unique_contracts!$AM:$AM,"<="&E$4,unique_contracts!$AP:$AP,">="&E$4))} -> 0 | N9: {=SUM(SUMIFS(unique_contracts!BW:BW,unique_contracts!$AB:$AB,{"Buy","Owned"},unique_contracts!$BS:$BS,"="&$B9&" ("&$G9&")",unique_contracts!$AM:$AM,"<="&F$4,unique_contracts!$AP:$AP,">="&F$4), SUMIFS(unique_contracts!BW:BW,unique_contracts!$AB:$AB,"="&"",unique_contracts!$BS:$BS,"="&$B9&" ("&$G9&")",unique_contracts!$AM:$AM,"<="&F$4,unique_contracts!$AP:$AP,">="&F$4))} -> 0 | O9: =SUMIFS(unique_contracts!BT:BT,unique_contracts!$AB:$AB,"=Sell",unique_contracts!$BS:$BS,"="&$B9&" ("&$G9&")",unique_contracts!$AM:$AM,"<="&C$4,unique_contracts!$AP:$AP,">="&C$4) -> 0 | P9: =SUMIFS(unique_contracts!BU:BU,unique_contracts!$AB:$AB,"=Sell",unique_contracts!$BS:$BS,"="&$B9&" ("&$G9&")",unique_contracts!$AM:$AM,"<="&D$4,unique_contracts!$AP:$AP,">="&D$4) -> 0 | Q9: =SUMIFS(unique_contracts!BV:BV,unique_contracts!$AB:$AB,"=Sell",unique_contracts!$BS:$BS,"="&$B9&" ("&$G9&")",unique_contracts!$AM:$AM,"<="&E$4,unique_contracts!$AP:$AP,">="&E$4) -> 0 | R9: =SUMIFS(unique_contracts!BW:BW,unique_contracts!$AB:$AB,"=Sell",unique_contracts!$BS:$BS,"="&$B9&" ("&$G9&")",unique_contracts!$AM:$AM,"<="&F$4,unique_contracts!$AP:$AP,">="&F$4) -> 0 | S9: =K9-O9 -> 0 | T9: =L9-P9 -> 0 | U9: =M9-Q9 -> 0 | V9: =N9-R9 -> 0
B10: Biomass | C10: =S10 -> 0 | D10: =T10 -> 0 | E10: =U10 -> 0 | F10: =V10 -> 0 | G10: GWh | H10: RPS Eligible | K10: {=SUM(SUMIFS(unique_contracts!BT:BT,unique_contracts!$AB:$AB,{"Buy","Owned"},unique_contracts!$BS:$BS,"="&$B10&" ("&$G10&")",unique_contracts!$AM:$AM,"<="&C$4,unique_contracts!$AP:$AP,">="&C$4), SUMIFS(unique_contracts!BT:BT,unique_contracts!$AB:$AB,"="&"",unique_contracts!$BS:$BS,"="&$B10&" ("&$G10&")",unique_contracts!$AM:$AM,"<="&C$4,unique_contracts!$AP:$AP,">="&C$4))} -> 0 | L10: {=SUM(SUMIFS(unique_contracts!BU:BU,unique_contracts!$AB:$AB,{"Buy","Owned"},unique_contracts!$BS:$BS,"="&$B10&" ("&$G10&")",unique_contracts!$AM:$AM,"<="&D$4,unique_contracts!$AP:$AP,">="&D$4), SUMIFS(unique_contracts!BU:BU,unique_contracts!$AB:$AB,"="&"",unique_contracts!$BS:$BS,"="&$B10&" ("&$G10&")",unique_contracts!$AM:$AM,"<="&D$4,unique_contracts!$AP:$AP,">="&D$4))} -> 0 | M10: {=SUM(SUMIFS(unique_contracts!BV:BV,unique_contracts!$AB:$AB,{"Buy","Owned"},unique_contracts!$BS:$BS,"="&$B10&" ("&$G10&")",unique_contracts!$AM:$AM,"<="&E$4,unique_contracts!$AP:$AP,">="&E$4), SUMIFS(unique_contracts!BV:BV,unique_contracts!$AB:$AB,"="&"",unique_contracts!$BS:$BS,"="&$B10&" ("&$G10&")",unique_contracts!$AM:$AM,"<="&E$4,unique_contracts!$AP:$AP,">="&E$4))} -> 0 | N10: {=SUM(SUMIFS(unique_contracts!BW:BW,unique_contracts!$AB:$AB,{"Buy","Owned"},unique_contracts!$BS:$BS,"="&$B10&" ("&$G10&")",unique_contracts!$AM:$AM,"<="&F$4,unique_contracts!$AP:$AP,">="&F$4), SUMIFS(unique_contracts!BW:BW,unique_contracts!$AB:$AB,"="&"",unique_contracts!$BS:$BS,"="&$B10&" ("&$G10&")",unique_contracts!$AM:$AM,"<="&F$4,unique_contracts!$AP:$AP,">="&F$4))} -> 0 | O10: =SUMIFS(unique_contracts!BT:BT,unique_contracts!$AB:$AB,"=Sell",unique_contracts!$BS:$BS,"="&$B10&" ("&$G10&")",unique_contracts!$AM:$AM,"<="&C$4,unique_contracts!$AP:$AP,">="&C$4) -> 0 | P10: =SUMIFS(unique_contracts!BU:BU,unique_contracts!$AB:$AB,"=Sell",unique_contracts!$BS:$BS,"="&$B10&" ("&$G10&")",unique_contracts!$AM:$AM,"<="&D$4,unique_contracts!$AP:$AP,">="&D$4) -> 0 | Q10: =SUMIFS(unique_contracts!BV:BV,unique_contracts!$AB:$AB,"=Sell",unique_contracts!$BS:$BS,"="&$B10&" ("&$G10&")",unique_contracts!$AM:$AM,"<="&E$4,unique_contracts!$AP:$AP,">="&E$4) -> 0 | R10: =SUMIFS(unique_contracts!BW:BW,unique_contracts!$AB:$AB,"=Sell",unique_contracts!$BS:$BS,"="&$B10&" ("&$G10&")",unique_contracts!$AM:$AM,"<="&F$4,unique_contracts!$AP:$AP,">="&F$4) -> 0 | S10: =K10-O10 -> 0 | T10: =L10-P10 -> 0 | U10: =M10-Q10 -> 0 | V10: =N10-R10 -> 0
B11: Geothermal | C11: =S11 -> 3.465997 | D11: =T11 -> 37.254824 | E11: =U11 -> 43.268524 | F11: =V11 -> 43.268524 | G11: GWh | H11: RPS Eligible | K11: {=SUM(SUMIFS(unique_contracts!BT:BT,unique_contracts!$AB:$AB,{"Buy","Owned"},unique_contracts!$BS:$BS,"="&$B11&" ("&$G11&")",unique_contracts!$AM:$AM,"<="&C$4,unique_contracts!$AP:$AP,">="&C$4), SUMIFS(unique_contracts!BT:BT,unique_contracts!$AB:$AB,"="&"",unique_contracts!$BS:$BS,"="&$B11&" ("&$G11&")",unique_contracts!$AM:$AM,"<="&C$4,unique_contracts!$AP:$AP,">="&C$4))} -> 3.465997 | L11: {=SUM(SUMIFS(unique_contracts!BU:BU,unique_contracts!$AB:$AB,{"Buy","Owned"},unique_contracts!$BS:$BS,"="&$B11&" ("&$G11&")",unique_contracts!$AM:$AM,"<="&D$4,unique_contracts!$AP:$AP,">="&D$4), SUMIFS(unique_contracts!BU:BU,unique_contracts!$AB:$AB,"="&"",unique_contracts!$BS:$BS,"="&$B11&" ("&$G11&")",unique_contracts!$AM:$AM,"<="&D$4,unique_contracts!$AP:$AP,">="&D$4))} -> 37.254824 | M11: {=SUM(SUMIFS(unique_contracts!BV:BV,unique_contracts!$AB:$AB,{"Buy","Owned"},unique_contracts!$BS:$BS,"="&$B11&" ("&$G11&")",unique_contracts!$AM:$AM,"<="&E$4,unique_contracts!$AP:$AP,">="&E$4), SUMIFS(unique_contracts!BV:BV,unique_contracts!$AB:$AB,"="&"",unique_contracts!$BS:$BS,"="&$B11&" ("&$G11&")",unique_contracts!$AM:$AM,"<="&E$4,unique_contracts!$AP:$AP,">="&E$4))} -> 43.268524 | N11: {=SUM(SUMIFS(unique_contracts!BW:BW,unique_contracts!$AB:$AB,{"Buy","Owned"},unique_contracts!$BS:$BS,"="&$B11&" ("&$G11&")",unique_contracts!$AM:$AM,"<="&F$4,unique_contracts!$AP:$AP,">="&F$4), SUMIFS(unique_contracts!BW:BW,unique_contracts!$AB:$AB,"="&"",unique_contracts!$BS:$BS,"="&$B11&" ("&$G11&")",unique_contracts!$AM:$AM,"<="&F$4,unique_contracts!$AP:$AP,">="&F$4))} -> 43.268524 | O11: =SUMIFS(unique_contracts!BT:BT,unique_contracts!$AB:$AB,"=Sell",unique_contracts!$BS:$BS,"="&$B11&" ("&$G11&")",unique_contracts!$AM:$AM,"<="&C$4,unique_contracts!$AP:$AP,">="&C$4) -> 0 | P11: =SUMIFS(unique_contracts!BU:BU,unique_contracts!$AB:$AB,"=Sell",unique_contracts!$BS:$BS,"="&$B11&" ("&$G11&")",unique_contracts!$AM:$AM,"<="&D$4,unique_contracts!$AP:$AP,">="&D$4) -> 0 | Q11: =SUMIFS(unique_contracts!BV:BV,unique_contracts!$AB:$AB,"=Sell",unique_contracts!$BS:$BS,"="&$B11&" ("&$G11&")",unique_contracts!$AM:$AM,"<="&E$4,unique_contracts!$AP:$AP,">="&E$4) -> 0 | R11: =SUMIFS(unique_contracts!BW:BW,unique_contracts!$AB:$AB,"=Sell",unique_contracts!$BS:$BS,"="&$B11&" ("&$G11&")",unique_contracts!$AM:$AM,"<="&F$4,unique_contracts!$AP:$AP,">="&F$4) -> 0 | S11: =K11-O11 -> 3.465997 | T11: =L11-P11 -> 37.254824 | U11: =M11-Q11 -> 43.268524 | V11: =N11-R11 -> 43.268524
B12: Small Hydro | C12: =S12 -> 6.448 | D12: =T12 -> 0 | E12: =U12 -> 0 | F12: =V12 -> 0 | G12: GWh | H12: RPS Eligible | K12: {=SUM(SUMIFS(unique_contracts!BT:BT,unique_contracts!$AB:$AB,{"Buy","Owned"},unique_contracts!$BS:$BS,"="&$B12&" ("&$G12&")",unique_contracts!$AM:$AM,"<="&C$4,unique_contracts!$AP:$AP,">="&C$4), SUMIFS(unique_contracts!BT:BT,unique_contracts!$AB:$AB,"="&"",unique_contracts!$BS:$BS,"="&$B12&" ("&$G12&")",unique_contracts!$AM:$AM,"<="&C$4,unique_contracts!$AP:$AP,">="&C$4))} -> 6.448 | L12: {=SUM(SUMIFS(unique_contracts!BU:BU,unique_contracts!$AB:$AB,{"Buy","Owned"},unique_contracts!$BS:$BS,"="&$B12&" ("&$G12&")",unique_contracts!$AM:$AM,"<="&D$4,unique_contracts!$AP:$AP,">="&D$4), SUMIFS(unique_contracts!BU:BU,unique_contracts!$AB:$AB,"="&"",unique_contracts!$BS:$BS,"="&$B12&" ("&$G12&")",unique_contracts!$AM:$AM,"<="&D$4,unique_contracts!$AP:$AP,">="&D$4))} -> 0 | M12: {=SUM(SUMIFS(unique_contracts!BV:BV,unique_contracts!$AB:$AB,{"Buy","Owned"},unique_contracts!$BS:$BS,"="&$B12&" ("&$G12&")",unique_contracts!$AM:$AM,"<="&E$4,unique_contracts!$AP:$AP,">="&E$4), SUMIFS(unique_contracts!BV:BV,unique_contracts!$AB:$AB,"="&"",unique_contracts!$BS:$BS,"="&$B12&" ("&$G12&")",unique_contracts!$AM:$AM,"<="&E$4,unique_contracts!$AP:$AP,">="&E$4))} -> 0 | N12: {=SUM(SUMIFS(unique_contracts!BW:BW,unique_contracts!$AB:$AB,{"Buy","Owned"},unique_contracts!$BS:$BS,"="&$B12&" ("&$G12&")",unique_contracts!$AM:$AM,"<="&F$4,unique_contracts!$AP:$AP,">="&F$4), SUMIFS(unique_contracts!BW:BW,unique_contracts!$AB:$AB,"="&"",unique_contracts!$BS:$BS,"="&$B12&" ("&$G12&")",unique_contracts!$AM:$AM,"<="&F$4,unique_contracts!$AP:$AP,">="&F$4))} -> 0 | O12: =SUMIFS(unique_contracts!BT:BT,unique_contracts!$AB:$AB,"=Sell",unique_contracts!$BS:$BS,"="&$B12&" ("&$G12&")",unique_contracts!$AM:$AM,"<="&C$4,unique_contracts!$AP:$AP,">="&C$4) -> 0 | P12: =SUMIFS(unique_contracts!BU:BU,unique_contracts!$AB:$AB,"=Sell",unique_contracts!$BS:$BS,"="&$B12&" ("&$G12&")",unique_contracts!$AM:$AM,"<="&D$4,unique_contracts!$AP:$AP,">="&D$4) -> 0 | Q12: =SUMIFS(unique_contracts!BV:BV,unique_contracts!$AB:$AB,"=Sell",unique_contracts!$BS:$BS,"="&$B12&" ("&$G12&")",unique_contracts!$AM:$AM,"<="&E$4,unique_contracts!$AP:$AP,">="&E$4) -> 0 | R12: =SUMIFS(unique_contracts!BW:BW,unique_contracts!$AB:$AB,"=Sell",unique_contracts!$BS:$BS,"="&$B12&" ("&$G12&")",unique_contracts!$AM:$AM,"<="&F$4,unique_contracts!$AP:$AP,">="&F$4) -> 0 | S12: =K12-O12 -> 6.448 | T12: =L12-P12 -> 0 | U12: =M12-Q12 -> 0 | V12: =N12-R12 -> 0
B13: Wind Resources
B14: Wind Existing California | C14: =S14 -> 0 | D14: =T14 -> 0 | E14: =U14 -> 0 | F14: =V14 -> 0 | G14: GWh | H14: RPS Eligible | K14: {=SUM(SUMIFS(unique_contracts!BT:BT,unique_contracts!$AB:$AB,{"Buy","Owned"},unique_contracts!$BS:$BS,"="&$B14&" ("&$G14&")",unique_contracts!$AM:$AM,"<="&C$4,unique_contracts!$AP:$AP,">="&C$4), SUMIFS(unique_contracts!BT:BT,unique_contracts!$AB:$AB,"="&"",unique_contracts!$BS:$BS,"="&$B14&" ("&$G14&")",unique_contracts!$AM:$AM,"<="&C$4,unique_contracts!$AP:$AP,">="&C$4))} -> 0 | L14: {=SUM(SUMIFS(unique_contracts!BU:BU,unique_contracts!$AB:$AB,{"Buy","Owned"},unique_contracts!$BS:$BS,"="&$B14&" ("&$G14&")",unique_contracts!$AM:$AM,"<="&D$4,unique_contracts!$AP:$AP,">="&D$4), SUMIFS(unique_contracts!BU:BU,unique_contracts!$AB:$AB,"="&"",unique_contracts!$BS:$BS,"="&$B14&" ("&$G14&")",unique_contracts!$AM:$AM,"<="&D$4,unique_contracts!$AP:$AP,">="&D$4))} -> 0 | M14: {=SUM(SUMIFS(unique_contracts!BV:BV,unique_contracts!$AB:$AB,{"Buy","Owned"},unique_contracts!$BS:$BS,"="&$B14&" ("&$G14&")",unique_contracts!$AM:$AM,"<="&E$4,unique_contracts!$AP:$AP,">="&E$4), SUMIFS(unique_contracts!BV:BV,unique_contracts!$AB:$AB,"="&"",unique_contracts!$BS:$BS,"="&$B14&" ("&$G14&")",unique_contracts!$AM:$AM,"<="&E$4,unique_contracts!$AP:$AP,">="&E$4))} -> 0 | N14: {=SUM(SUMIFS(unique_contracts!BW:BW,unique_contracts!$AB:$AB,{"Buy","Owned"},unique_contracts!$BS:$BS,"="&$B14&" ("&$G14&")",unique_contracts!$AM:$AM,"<="&F$4,unique_contracts!$AP:$AP,">="&F$4), SUMIFS(unique_contracts!BW:BW,unique_contracts!$AB:$AB,"="&"",unique_contracts!$BS:$BS,"="&$B14&" ("&$G14&")",unique_contracts!$AM:$AM,"<="&F$4,unique_contracts!$AP:$AP,">="&F$4))} -> 0 | O14: =SUMIFS(unique_contracts!BT:BT,unique_contracts!$AB:$AB,"=Sell",unique_contracts!$BS:$BS,"="&$B14&" ("&$G14&")",unique_contracts!$AM:$AM,"<="&C$4,unique_contracts!$AP:$AP,">="&C$4) -> 0 | P14: =SUMIFS(unique_contracts!BU:BU,unique_contracts!$AB:$AB,"=Sell",unique_contracts!$BS:$BS,"="&$B14&" ("&$G14&")",unique_contracts!$AM:$AM,"<="&D$4,unique_contracts!$AP:$AP,">="&D$4) -> 0 | Q14: =SUMIFS(unique_contracts!BV:BV,unique_contracts!$AB:$AB,"=Sell",unique_contracts!$BS:$BS,"="&$B14&" ("&$G14&")",unique_contracts!$AM:$AM,"<="&E$4,unique_contracts!$AP:$AP,">="&E$4) -> 0 | R14: =SUMIFS(unique_contracts!BW:BW,unique_contracts!$AB:$AB,"=Sell",unique_contracts!$BS:$BS,"="&$B14&" ("&$G14&")",unique_contracts!$AM:$AM,"<="&F$4,unique_contracts!$AP:$AP,">="&F$4) -> 0 | S14: =K14-O14 -> 0 | T14: =L14-P14 -> 0 | U14: =M14-Q14 -> 0 | V14: =N14-R14 -> 0
B15: Wind New PG&E | C15: =S15 -> 0 | D15: =T15 -> 51.4 | E15: =U15 -> 99.9 | F15: =V15 -> 99.9 | G15: GWh | H15: RPS Eligible | K15: {=SUM(SUMIFS(unique_contracts!BT:BT,unique_contracts!$AB:$AB,{"Buy","Owned"},unique_contracts!$BS:$BS,"="&$B15&" ("&$G15&")",unique_contracts!$AM:$AM,"<="&C$4,unique_contracts!$AP:$AP,">="&C$4), SUMIFS(unique_contracts!BT:BT,unique_contracts!$AB:$AB,"="&"",unique_contracts!$BS:$BS,"="&$B15&" ("&$G15&")",unique_contracts!$AM:$AM,"<="&C$4,unique_contracts!$AP:$AP,">="&C$4))} -> 0 | L15: {=SUM(SUMIFS(unique_contracts!BU:BU,unique_contracts!$AB:$AB,{"Buy","Owned"},unique_contracts!$BS:$BS,"="&$B15&" ("&$G15&")",unique_contracts!$AM:$AM,"<="&D$4,unique_contracts!$AP:$AP,">="&D$4), SUMIFS(unique_contracts!BU:BU,unique_contracts!$AB:$AB,"="&"",unique_contracts!$BS:$BS,"="&$B15&" ("&$G15&")",unique_contracts!$AM:$AM,"<="&D$4,unique_contracts!$AP:$AP,">="&D$4))} -> 51.4 | M15: {=SUM(SUMIFS(unique_contracts!BV:BV,unique_contracts!$AB:$AB,{"Buy","Owned"},unique_contracts!$BS:$BS,"="&$B15&" ("&$G15&")",unique_contracts!$AM:$AM,"<="&E$4,unique_contracts!$AP:$AP,">="&E$4), SUMIFS(unique_contracts!BV:BV,unique_contracts!$AB:$AB,"="&"",unique_contracts!$BS:$BS,"="&$B15&" ("&$G15&")",unique_contracts!$AM:$AM,"<="&E$4,unique_contracts!$AP:$AP,">="&E$4))} -> 99.9 | N15: {=SUM(SUMIFS(unique_contracts!BW:BW,unique_contracts!$AB:$AB,{"Buy","Owned"},unique_contracts!$BS:$BS,"="&$B15&" ("&$G15&")",unique_contracts!$AM:$AM,"<="&F$4,unique_contracts!$AP:$AP,">="&F$4), SUMIFS(unique_contracts!BW:BW,unique_contracts!$AB:$AB,"="&"",unique_contracts!$BS:$BS,"="&$B15&" ("&$G15&")",unique_contracts!$AM:$AM,"<="&F$4,unique_contracts!$AP:$AP,">="&F$4))} -> 99.9 | O15: =SUMIFS(unique_contracts!BT:BT,unique_contracts!$AB:$AB,"=Sell",unique_contracts!$BS:$BS,"="&$B15&" ("&$G15&")",unique_contracts!$AM:$AM,"<="&C$4,unique_contracts!$AP:$AP,">="&C$4) -> 0 | P15: =SUMIFS(unique_contracts!BU:BU,unique_contracts!$AB:$AB,"=Sell",unique_contracts!$BS:$BS,"="&$B15&" ("&$G15&")",unique_contracts!$AM:$AM,"<="&D$4,unique_contracts!$AP:$AP,">="&D$4) -> 0 | Q15: =SUMIFS(unique_contracts!BV:BV,unique_contracts!$AB:$AB,"=Sell",unique_contracts!$BS:$BS,"="&$B15&" ("&$G15&")",unique_contracts!$AM:$AM,"<="&E$4,unique_contracts!$AP:$AP,">="&E$4) -> 0 | R15: =SUMIFS(unique_contracts!BW:BW,unique_contracts!$AB:$AB,"=Sell",unique_contracts!$BS:$BS,"="&$B15&" ("&$G15&")",unique_contracts!$AM:$AM,"<="&F$4,unique_contracts!$AP:$AP,">="&F$4) -> 0 | S15: =K15-O15 -> 0 | T15: =L15-P15 -> 51.4 | U15: =M15-Q15 -> 99.9 | V15: =N15-R15 -> 99.9
B16: Wind New SCE SDG&E | C16: =S16 -> 0 | D16: =T16 -> 0 | E16: =U16 -> 0 | F16: =V16 -> 0 | G16: GWh | H16: RPS Eligible | K16: {=SUM(SUMIFS(unique_contracts!BT:BT,unique_contracts!$AB:$AB,{"Buy","Owned"},unique_contracts!$BS:$BS,"="&$B16&" ("&$G16&")",unique_contracts!$AM:$AM,"<="&C$4,unique_contracts!$AP:$AP,">="&C$4), SUMIFS(unique_contracts!BT:BT,unique_contracts!$AB:$AB,"="&"",unique_contracts!$BS:$BS,"="&$B16&" ("&$G16&")",unique_contracts!$AM:$AM,"<="&C$4,unique_contracts!$AP:$AP,">="&C$4))} -> 0 | L16: {=SUM(SUMIFS(unique_contracts!BU:BU,unique_contracts!$AB:$AB,{"Buy","Owned"},unique_contracts!$BS:$BS,"="&$B16&" ("&$G16&")",unique_contracts!$AM:$AM,"<="&D$4,unique_contracts!$AP:$AP,">="&D$4), SUMIFS(unique_contracts!BU:BU,unique_contracts!$AB:$AB,"="&"",unique_contracts!$BS:$BS,"="&$B16&" ("&$G16&")",unique_contracts!$AM:$AM,"<="&D$4,unique_contracts!$AP:$AP,">="&D$4))} -> 0 | M16: {=SUM(SUMIFS(unique_contracts!BV:BV,unique_contracts!$AB:$AB,{"Buy","Owned"},unique_contracts!$BS:$BS,"="&$B16&" ("&$G16&")",unique_contracts!$AM:$AM,"<="&E$4,unique_contracts!$AP:$AP,">="&E$4), SUMIFS(unique_contracts!BV:BV,unique_contracts!$AB:$AB,"="&"",unique_contracts!$BS:$BS,"="&$B16&" ("&$G16&")",unique_contracts!$AM:$AM,"<="&E$4,unique_contracts!$AP:$AP,">="&E$4))} -> 0 | N16: {=SUM(SUMIFS(unique_contracts!BW:BW,unique_contracts!$AB:$AB,{"Buy","Owned"},unique_contracts!$BS:$BS,"="&$B16&" ("&$G16&")",unique_contracts!$AM:$AM,"<="&F$4,unique_contracts!$AP:$AP,">="&F$4), SUMIFS(unique_contracts!BW:BW,unique_contracts!$AB:$AB,"="&"",unique_contracts!$BS:$BS,"="&$B16&" ("&$G16&")",unique_contracts!$AM:$AM,"<="&F$4,unique_contracts!$AP:$AP,">="&F$4))} -> 0 | O16: =SUMIFS(unique_contracts!BT:BT,unique_contracts!$AB:$AB,"=Sell",unique_contracts!$BS:$BS,"="&$B16&" ("&$G16&")",unique_contracts!$AM:$AM,"<="&C$4,unique_contracts!$AP:$AP,">="&C$4) -> 0 | P16: =SUMIFS(unique_contracts!BU:BU,unique_contracts!$AB:$AB,"=Sell",unique_contracts!$BS:$BS,"="&$B16&" ("&$G16&")",unique_contracts!$AM:$AM,"<="&D$4,unique_contracts!$AP:$AP,">="&D$4) -> 0 | Q16: =SUMIFS(unique_contracts!BV:BV,unique_contracts!$AB:$AB,"=Sell",unique_contracts!$BS:$BS,"="&$B16&" ("&$G16&")",unique_contracts!$AM:$AM,"<="&E$4,unique_contracts!$AP:$AP,">="&E$4) -> 0 | R16: =SUMIFS(unique_contracts!BW:BW,unique_contracts!$AB:$AB,"=Sell",unique_contracts!$BS:$BS,"="&$B16&" ("&$G16&")",unique_contracts!$AM:$AM,"<="&F$4,unique_contracts!$AP:$AP,">="&F$4) -> 0 | S16: =K16-O16 -> 0 | T16: =L16-P16 -> 0 | U16: =M16-Q16 -> 0 | V16: =N16-R16 -> 0
B17: Wind Pacific Northwest | C17: =S17 -> 0 | D17: =T17 -> 0 | E17: =U17 -> 0 | F17: =V17 -> 0 | G17: GWh | H17: RPS Eligible | K17: {=SUM(SUMIFS(unique_contracts!BT:BT,unique_contracts!$AB:$AB,{"Buy","Owned"},unique_contracts!$BS:$BS,"="&$B17&" ("&$G17&")",unique_contracts!$AM:$AM,"<="&C$4,unique_contracts!$AP:$AP,">="&C$4), SUMIFS(unique_contracts!BT:BT,unique_contracts!$AB:$AB,"="&"",unique_contracts!$BS:$BS,"="&$B17&" ("&$G17&")",unique_contracts!$AM:$AM,"<="&C$4,unique_contracts!$AP:$AP,">="&C$4))} -> 0 | L17: {=SUM(SUMIFS(unique_contracts!BU:BU,unique_contracts!$AB:$AB,{"Buy","Owned"},unique_contracts!$BS:$BS,"="&$B17&" ("&$G17&")",unique_contracts!$AM:$AM,"<="&D$4,unique_contracts!$AP:$AP,">="&D$4), SUMIFS(unique_contracts!BU:BU,unique_contracts!$AB:$AB,"="&"",unique_contracts!$BS:$BS,"="&$B17&" ("&$G17&")",unique_contracts!$AM:$AM,"<="&D$4,unique_contracts!$AP:$AP,">="&D$4))} -> 0 | M17: {=SUM(SUMIFS(unique_contracts!BV:BV,unique_contracts!$AB:$AB,{"Buy","Owned"},unique_contracts!$BS:$BS,"="&$B17&" ("&$G17&")",unique_contracts!$AM:$AM,"<="&E$4,unique_contracts!$AP:$AP,">="&E$4), SUMIFS(unique_contracts!BV:BV,unique_contracts!$AB:$AB,"="&"",unique_contracts!$BS:$BS,"="&$B17&" ("&$G17&")",unique_contracts!$AM:$AM,"<="&E$4,unique_contracts!$AP:$AP,">="&E$4))} -> 0 | N17: {=SUM(SUMIFS(unique_contracts!BW:BW,unique_contracts!$AB:$AB,{"Buy","Owned"},unique_contracts!$BS:$BS,"="&$B17&" ("&$G17&")",unique_contracts!$AM:$AM,"<="&F$4,unique_contracts!$AP:$AP,">="&F$4), SUMIFS(unique_contracts!BW:BW,unique_contracts!$AB:$AB,"="&"",unique_contracts!$BS:$BS,"="&$B17&" ("&$G17&")",unique_contracts!$AM:$AM,"<="&F$4,unique_contracts!$AP:$AP,">="&F$4))} -> 0 | O17: =SUMIFS(unique_contracts!BT:BT,unique_contracts!$AB:$AB,"=Sell",unique_contracts!$BS:$BS,"="&$B17&" ("&$G17&")",unique_contracts!$AM:$AM,"<="&C$4,unique_contracts!$AP:$AP,">="&C$4) -> 0 | P17: =SUMIFS(unique_contracts!BU:BU,unique_contracts!$AB:$AB,"=Sell",unique_contracts!$BS:$BS,"="&$B17&" ("&$G17&")",unique_contracts!$AM:$AM,"<="&D$4,unique_contracts!$AP:$AP,">="&D$4) -> 0 | Q17: =SUMIFS(unique_contracts!BV:BV,unique_contracts!$AB:$AB,"=Sell",unique_contracts!$BS:$BS,"="&$B17&" ("&$G17&")",unique_contracts!$AM:$AM,"<="&E$4,unique_contracts!$AP:$AP,">="&E$4) -> 0 | R17: =SUMIFS(unique_contracts!BW:BW,unique_contracts!$AB:$AB,"=Sell",unique_contracts!$BS:$BS,"="&$B17&" ("&$G17&")",unique_contracts!$AM:$AM,"<="&F$4,unique_contracts!$AP:$AP,">="&F$4) -> 0 | S17: =K17-O17 -> 0 | T17: =L17-P17 -> 0 | U17: =M17-Q17 -> 0 | V17: =N17-R17 -> 0
